Workbook

Sheet Daily Cost Calc
A1: DAILY COST OF CARE CALCULATIONS
A2: Total Institutional Costs | B2: ='BILLING RATE CALC'!F24 -> 2.6413967e+08
A3: Daily Cost (Divided by 365 days) | B3: =B2/365 -> 723670.34
A4: Average Daily Institutional Population for Fiscal Year 2018 | B4: ='Inmate Avg Daily Population'!N18 -> 4288.6917
A5: Annual Total Mandays for Fiscal Year 2018 | B5: =B4*365 -> 1565372.5
A6: Daily Cost per Institutional Prisoner | B6: ='BILLING RATE CALC'!G24 -> 168.73919
A9: Total Community Residential Centers Costs | B9: ='COST ALLOCATION'!J36 -> 18170910
A10: Daily Cost (Divided by 365 days) | B10: =B9/365 -> 49783.316
A11: Average Daily CRC Population for Fiscal Year 2018 | B11: ='Inmate Avg Daily Population'!N20+'Inmate Avg Daily Population'!N21 -> 324.485
A12: Annual Total Mandays for Fiscal Year 2018 | B12: =B11*365 -> 118437.02
A13: Daily Cost Per Community Residential Center Inmate | B13: =B10/B11 -> 153.42255
A16: Total Probation/Parole Costs | B16: ='COST ALLOCATION'!J33+'COST ALLOCATION'!J32 -> 17500171
A17: Daily Cost (Divided by 365 days) | B17: =B16/365 -> 47945.675
A18: Average Daily Probationers/Parole Served for Fiscal Year 2018 | B18: ='Monthly PO Workload Stats'!G314 -> 4302 | C18: ?
A19: Annual Total Mandays for Fiscal Year 2018 | B19: =B18*365 -> 1570230
A20: Daily Cost per Probationer/Parolee | B20: =B17/B18 -> 11.144973
A23: Total Community Jail Costs | B23: ='COST ALLOCATION'!J31 -> 7272057.6
A24: Daily Cost (Divided by 365 days) | B24: =B23/365 -> 19923.445
A25: Average Daily Community Jail Population for Fiscal Year 2018 | B25: ='Avg Daily Community Jails'!H41 -> 54.80411 | C25: ?
A26: Annual Total Mandays for Fiscal Year 2018 | B26: =B25*365 -> 20003.5
A27: Daily Cost per Prisoner | B27: =B24/B25 -> 363.53926
A30: Total Electronic Monitoring Costs | B30: ='COST ALLOCATION'!J35 -> 2651350.3
A31: Daily Cost (Divided by 365 days) | B31: =B30/365 -> 7263.9733
A32: Average Daily Electronic Monitoring Population for Fiscal Year 2018 | B32: ='Inmate Avg Daily Population'!N23 -> 217.41667 | C32: ?
A33: Annual Total Mandays for Fiscal Year 2018 | B33: =B32*365 -> 79357.083
A34: Daily Cost per Prisoner | B34: =B31/B32 -> 33.410379
A37: Total Out-of-State Contractual Costs | B37: ='COST ALLOCATION'!J34 -> 312161.04
A38: Daily Cost (Divided by 365 days) | B38: =B37/365 -> 855.23572
A39: Average Daily Out-of-State Population for Fiscal Year 2018 | B39: ='Inmate Avg Daily Population'!N24+'Inmate Avg Daily Population'!N25 -> 10.75
A40: Annual Total Mandays for Fiscal Year 2018 | B40: =B39*365 -> 3923.75
A41: Daily Cost Per Prisoner | B41: =B38/B39 -> 79.556811
A44: Revised 11/21/18 lj

Sheet Sched-A
A1: COST SHEET FOR DETENTION SERVICES
A2: Section I - General Information
A3: Name of Facility: | B3: Department of Corrections | E3: Physical Address of Facility: | H3: Juneau, Alaska
A4: Phone Number: | B4: (907) 465-3460
A5: Section II - Financial Data Summary
A6: Total Operating Cost for Jail:
A7: A. Time Frame | C7: From: | D7: 42917 | E7: To: | F7: 43281
D8: (month/year) | F8: (month/year) | H8: Annual Cost
A9: B. Total Personnel salary/wage costs (Schedule B - Part I) | H9: ='Sched-B1'!B17 -> 91270755
A10: C. Total Personnel Benefits/Other Personnel Services (Schedule B - Part II) | H10: ='Sched-B1'!C17+'Sched-B1'!D17 -> 54779071
A11: D. Total Consultants and Contract Services (Schedule C) | H11: ='Sched-C'!D24 -> 23573090
A12: E. Other Direct Operating costs (Schedule D1 and D2) | H12: ='Sched-D1'!F660+'Sched-D2'!F134 -> 76533266
A13: F. Indirect Costs (Schedule E)* | H13: ='Sched-E'!E3 -> 11288153
A14: G. Equipment Depreciation costs (Schedule F) | H14: ='Sched-F-G'!C18 -> 744789.69
A15: H. Building Depreciation Costs (Schedule G) | H15: ='Sched-F-G'!D38 -> 6668792.2
A16: I. Total Operating Costs (Sum of Schedules B-G) | H16: =SUM(H9:H15) -> 2.6485792e+08
A17: Total Actual Operating Cost for Prior Fiscal Year | H17: 2.6115356e+08
A19: COST SHEET FOR DETENTION SERVICES (continued)
A20: Section III - Prisoner Population Information
A21: Time Frame of Prisoner Information | E21: FROM: | F21: 42917 | G21: TO: | H21: 43281
A22: (must correspond with time frame on previous page) | F22: (month/year) | H22: (month/year)
A23: Inmate Capacity of Jail: | D23: MALE | F23: FEMALE | H23: TOTAL
D24: - | F24: - | H24: 4838
A25: Average Daily Population: | D25: MALE | F25: FEMALE | H25: TOTAL
A26: Type of Prisoner | C26: Federal | D26: - | F26: -
C27: Local | D27: - | F27: -
C28: State | D28: - | F28: -
C29: Total | D29: =H29-F29 -> 3899.6196 | F29: ='IADP-By Gender'!J19 -> 389.0721 | H29: ='Inmate Avg Daily Population'!N18 -> 4288.6917
A30: Section IV - Per Diem
A31: Proposed Per Diem Rate for Federal Prisoners: | F31: ='BILLING RATE CALC'!G24 -> 168.73919
A32: State Prisoner Per Diem Rate: | F32: ='BILLING RATE CALC'!G24 -> 168.73919
A33: Section V - Local Government Contact
A34: Please provide the name of the individual authorized to represent and to act for the Local Government in jail day rate negotiations.
A35: Name | B35: April Wilkerson | E35: Department/Office | G35: State of Alaska, Dept of Corrections
A36: Title | B36: Director, Admin. Services | E36: Street | G36: PO Box 112000
A37: Phone | B37: (907) 269-7397 | E37: City | F37: Juneau | G37: State/Zip | H37: AK, 99811
A38: Fax | B38: (907) 465-3315
A39: Section VI - Certification Statement
A40: This is to certify that, to the vest of my knowledge and belief, the data furnished in Schedules B through G are accurate, complete and current, and do not include any unallocable, or unallowable costs prohibited by OMB Circular No. A-87 (Cost Principles for State and Local Governments) or any cost not related to the jail facility as discussed on Form USM-243 (Cost Sheet for Detention Services.) The records of this agency are available for review and audit by the authorized representative of the U.S. Government to verify any jail per diem rate negotiated.
A41: Signature | F41: Date
A42: Name | B42: April Wilkerson | F42: Title | G42: Director, Administrative Services

Sheet Sched-B1
A1: TOTAL PERSONAL SERVICES
A2: BY INDIVIDUAL INSTITUTIONS
A3: Facility | B3: Total Wages | C3: Total Benefits | D3: Other Personal Services | E3: Total Personal Services | F3: Number of Employees | G3: General Capacity
A4: Anchorage Complex | B4: 17150339 | C4: 10324493 | D4: 18090.64 | E4: =SUM(B4:D4) -> 27492923 | F4: 248 | G4: 829
A5: Anvil Mtn. CC | B5: 3619767.9 | C5: 1996487.9 | D5: 3027.7 | E5: =SUM(B5:D5) -> 5619283.6 | F5: 40 | G5: 126
A6: Comb Hiland Mtn. CC | B6: 7349730 | C6: 4394977.1 | D6: 3588.19 | E6: =SUM(B6:D6) -> 11748295 | F6: 102 | G6: 395
A7: Fairbanks CC | B7: =6353529.25-200 -> 6353329.2 | C7: 3735100.4 | D7: 7570.19 | E7: =SUM(B7:D7) -> 10096000 | F7: 89 | G7: 248
A8: Goose Creek CC | B8: 18654225 | C8: 11986993 | D8: 23949.45 | E8: =SUM(B8:D8) -> 30665168 | F8: 329 | G8: 1408
A9: Ketchikan CC | B9: 2491717 | C9: 1515241.1 | D9: 2264.26 | E9: =SUM(B9:D9) -> 4009222.3 | F9: 35 | G9: 52
A10: Lemon Creek CC | B10: 5502645.7 | C10: 3244308.9 | D10: 6279.18 | E10: =SUM(B10:D10) -> 8753233.8 | F10: 75 | G10: 226
A11: Mat-Su CC | B11: 3584292.5 | C11: 2153388.4 | D11: 17180.96 | E11: =SUM(B11:D11) -> 5754861.8 | F11: 49 | G11: 98
A12: Palmer CC | B12: 67763.84 | C12: 42838.32 | D12: -15781.43 | E12: =SUM(B12:D12) -> 94820.73 | F12: 1 | G12: 0
A13: Spring Creek CC | B13: 11866090 | C13: 6920568.5 | D13: 12146.34 | E13: =SUM(B13:D13) -> 18798805 | F13: 169 | G13: 535
A14: Wildwood CC | B14: 7787243.4 | C14: 4725387.7 | D14: 5894.26 | E14: =SUM(B14:D14) -> 12518525 | F14: 116 | G14: =320+110 -> 430
A15: Yukon Kuskokwim CC | B15: 4996584.8 | C15: 2486369.6 | D15: 64584.89 | E15: =SUM(B15:D15) -> 7547539.3 | F15: 43 | G15: 189
A16: Pt. MacKenzie CF | B16: 1847025.2 | C16: 1094067.1 | D16: 10055.77 | E16: =SUM(B16:D16) -> 2951148 | F16: 27 | G16: 128
A17: Total | B17: =SUM(B4:B16) -> 91270755 | C17: =SUM(C4:C16) -> 54620221 | D17: =SUM(D4:D16) -> 158850.4 | E17: =SUM(E4:E16) -> 1.4604983e+08 | F17: =SUM(F4:F16) -> 1323 | G17: =SUM(G4:G16) -> 4664
A19: Revised 10/15/18 lj

Sheet Sched-B2
A1: PERSONAL SERVICES BENEFITS BY INDIVIDUAL INSTITUTIONS
A2: Institution | B2: Benefit | C2: %Employer Contribution | D2: Annual Cost | E2: Sub-Total | F2: IRIS Codes
A3: Anchorage Complex | B3: Annual Physical Reimbursement | C3: not a set $ | F3: 1027
B4: AK Supplemental Benefit (SBS) | C4: 0.0613 | F4: 1028
B5: Public Employee's Retirement System Defined Benefits | C5: 0.22 | F5: 1029
B6: Public Employee's Retirement System Defined Contribution | C6: - | F6: 1030
B7: Public Employee's Retirement System Defined Cont Health Reim | C7: - | F7: 1034
B8: Public Employee's Retiremnt Sys Defined Cont Retiree Medical | C8: - | F8: 1035
B9: Public Employee's Retiremnt Sys Defined Benefit Unfnd Liab | C9: - | F9: 1037
B10: Unemployment Insurance | C10: 0.004 | F10: 1039
B11: Group Health Insurance | C11: $1482.75/mo | F11: 1040
B12: Basic Life and Travel | C12: $0.00/mo.pp | F12: 1041
B13: Worker's Compensation Insurance | C13: 0.0412 | F13: 1042
B14: Leave Cash In Employer Charge | C14: 0.0231 | F14: 1047
B15: Terminal Leave Employer Charge | C15: 0.012 | F15: 1048
B16: ACOA Injury Leave Contribution | C16: $8.00/mo | F16: 1049
B17: Leave- Holiday
B18: Medicare Tax | C18: 0.0145 | F18: 1053
B19: Other Personal Services | F19: 1004 | G19: :Total Object Category
E20: 10342584 | G20: ='Sched-B1'!C4+'Sched-B1'!D4 -> 10342584 | H20: =E20-G20 -> 0
A21: Anvil Mtn. CC | B21: Annual Physical Reimbursement | C21: not a set $ | D21: 0
B22: AK Supplemental Benefit (SBS) | C22: 0.0613
B23: Public Employee's Retirement System Defined Benefits | C23: 0.22
B24: Public Employee's Retirement System Defined Contribution | C24: -
B25: Public Employee's Retirement System Defined Cont Health Reim | C25: -
B26: Public Employee's Retiremnt Sys Defined Cont Retiree Medical | C26: -
B27: Public Employee's Retiremnt Sys Defined Benefit Unfnd Liab | C27: -
B28: Unemployment Insurance | C28: =C10 -> 0.004
B29: Group Health Insurance | C29: =C11 -> $1482.75/mo
B30: Basic Life & Travel | C30: $0.00/mo.pp
B31: Workman's Compensation | C31: =C13 -> 0.0412
B32: Leave Cash-in/Payout | C32: =C14 -> 0.0231
B33: Terminal Leave Charge | C33: =C15 -> 0.012
B34: Injury Leave Contribution | C34: =C16 -> $8.00/mo
B35: Medicare Tax | C35: =C18 -> 0.0145
B36: Other Personal Services
E37: 1999515.6 | G37: ='Sched-B1'!C5+'Sched-B1'!D5 -> 1999515.6 | H37: =E37-G37 -> 0
A38: Comb Hiland Mt.CC | B38: Annual Physical Reimbursement | C38: not a set $
B39: AK Supplemental Benefit (SBS) | C39: 0.0613
B40: Public Employee's Retirement System Defined Benefits | C40: =C5 -> 0.22
B41: Public Employee's Retirement System Defined Contribution | C41: -
B42: Public Employee's Retirement System Defined Cont Health Reim | C42: -
B43: Public Employee's Retiremnt Sys Defined Cont Retiree Medical | C43: -
B44: Public Employee's Retiremnt Sys Defined Benefit Unfnd Liab | C44: -
B45: Unemployment Insurance | C45: =C10 -> 0.004
B46: Group Health Insurance | C46: =C11 -> $1482.75/mo
B47: Basic Life & Travel | C47: $0.00/mo.pp
B48: Workman's Compensation | C48: =C13 -> 0.0412
B49: Leave Cash-in/Payout | C49: =C14 -> 0.0231
B50: Terminal Leave Charge | C50: =C15 -> 0.012
B51: Injury Leave Contribution | C51: $8.00/mo
B52: Medicare Tax | C52: =C18 -> 0.0145
B53: Other Personal Services
E54: 4398565.3 | G54: ='Sched-B1'!C6+'Sched-B1'!D6 -> 4398565.3 | H54: =E54-G54 -> 0
A55: Fairbanks CC | B55: Annual Physical Reimbursement | C55: not a set $
B56: AK Supplemental Benefit (SBS) | C56: 0.0613
B57: Public Employee's Retirement System Defined Benefits | C57: 0.22
B58: Public Employee's Retirement System Defined Contribution | C58: -
B59: Public Employee's Retirement System Defined Cont Health Reim | C59: -
B60: Public Employee's Retiremnt Sys Defined Cont Retiree Medical | C60: -
B61: Public Employee's Retiremnt Sys Defined Benefit Unfnd Liab | C61: -
B62: Unemployment Insurance | C62: 0.0036
B63: Group Health Insurance | C63: =C11 -> $1482.75/mo
B64: Basic Life & Travel | C64: $0.00/mo.pp
B65: Workman's Compensation | C65: =C13 -> 0.0412
B66: Leave Cash-in/Payout | C66: =C14 -> 0.0231
B67: Terminal Leave Charge | C67: =C15 -> 0.012
B68: Injury Leave Contribution | C68: $8.00/mo
B69: Medicare Tax | C69: 0.0145
B70: Other Personal Services
E71: 3742670.6 | G71: ='Sched-B1'!C7+'Sched-B1'!D7 -> 3742670.6 | H71: =E71-G71 -> 0
A72: Goose Creek CC | B72: Annual Physical Reimbursement | C72: not a set $ | D72: 0
B73: AK Supplemental Benefit (SBS) | C73: 0.0613
B74: Public Employee's Retirement System Defined Benefits | C74: 0.22
B75: Public Employee's Retirement System Defined Contribution | C75: -
B76: Public Employee's Retirement System Defined Cont Health Reim | C76: -
B77: Public Employee's Retiremnt Sys Defined Cont Retiree Medical | C77: -
B78: Public Employee's Retiremnt Sys Defined Benefit Unfnd Liab | C78: -
B79: Unemployment Insurance | C79: 0.0036
B80: Group Health Insurance | C80: =C11 -> $1482.75/mo
B81: Basic Life & Travel | C81: $0.00/mo.pp
B82: Workman's Compensation | C82: =C13 -> 0.0412
B83: Leave Cash-in/Payout | C83: =C14 -> 0.0231
B84: Terminal Leave Charge | C84: =C15 -> 0.012
B85: Injury Leave Contribution | C85: $8.00/mo
B86: Medicare Tax | C86: 0.0145
B87: Other Personal Services
E88: 12010942 | G88: ='Sched-B1'!C8+'Sched-B1'!D8 -> 12010942 | H88: =E88-G88 -> 0
A89: Ketchikan CC | B89: Annual Physical Reimbursement | C89: not a set $ | D89: 0
B90: AK Supplemental Benefit (SBS) | C90: 0.0613
B91: Public Employee's Retirement System Defined Benefits | C91: 0.22
B92: Public Employee's Retirement System Defined Contribution | C92: -
B93: Public Employee's Retirement System Defined Cont Health Reim | C93: -
B94: Public Employee's Retiremnt Sys Defined Cont Retiree Medical | C94: -
B95: Public Employee's Retiremnt Sys Defined Benefit Unfnd Liab | C95: -
B96: Unemployment Insurance | C96: 0.0036
B97: Group Health Insurance | C97: =C11 -> $1482.75/mo
B98: Basic Life & Travel | C98: $0.00/mo.pp
B99: Workman's Compensation | C99: =C13 -> 0.0412
B100: Leave Cash-in/Payout | C100: =C14 -> 0.0231
...

Sheet Sched-C
A1: CONSULTANTS & CONTRACT SERVICES
A2: Type of Service | B2: Description of Service | C2: Number of Contracts | D2: DOC Annual Cost | E2: IRIS CODES
A3: MEDICAL | B3: Non-employee contracted | C3: =27+5+8 -> 40 | D3: 18708633 | E3: 3041
B4: physicians/nurses/PAs/X-ray
B5: Non-employee fee for services | C5: -
B6: physicians/nurses/PAs/X-ray
A8: DENTAL | B8: Non-employee contracted | C8: =6 -> 6 | D8: 331963.93 | E8: 3042
B9: dentist/hygienist/assistant
B10: Non-employee fee for service | C10: -
B11: dentist/hygienist/assistant
A13: SOCIAL COUNSELING | B13: Non-employee contracted | C13: =1+1+23 -> 25 | D13: =1471183.32+1890942.96+22078.83+101430.35 -> 3485635.5 | E13: 3040 | F13: Batterer's RSA | G13: Fixed Cost: (BIP $ 68,500 /PBP $ 106,200) @ DPS
B14: substance abuse,batterers & | G14: =68500+106200 -> 174700
B15: sex offender treatment
A17: PSYCHOLOGICAL | B17: Non-employee contracted | C17: =3+12+2 -> 17 | D17: =4408983.87-1471183.32-1890942.96 -> 1046857.6 | E17: 3040
A18: COUNSELING | B18: mental health,psychiatric &
B19: psychological services
B20: Non-employee fee for service | C20: -
B21: mental health,psychiatric &
B22: psychological services
A24: TOTAL | C24: =SUM(C3:C23) -> 88 | D24: =SUM(D3:D23) -> 23573090
A26: Revised 10/19/18 lj

Sheet Sched-D1
A1: OTHER DIRECT JAIL OPERATING COSTS
A2: Institution | B2: Description of Cost | D2: Annual Cost | F2: Total | G2: IRIS CODES | H2: ck
A3: Anchorage Complex | B3: Travel/Moving Cost | E3: 1723.13 | G3: 2000/2003
B4: Non-Interagency Svcs | D4: 388691.42 | E4: =SUM(D4:D33) -> 1938115.5
B5: Training/Conferences | G5: 3000
B6: Memberships | G6: 3002
B7: Penalties And Fines | G7: 3013
B8: Claim/Judgement Non-Taxable | G8: 3016
B9: Uncleared 1Card Transactions | G9: 3019
B10: Utilities | D10: 1549424.1 | G10: 2100 | H10: Utility Costs: Based on Alder Report Expenditures by Location
B11: Software Licensing | G11: 3032
B12: Software Maintenance | G12: 3033
B13: Long Distance | G13: 3035
B14: Local/Equipment Charges | G14: 3036
B15: Data/Network | G15: 3037
B16: Cellular Phones | G16: 3038
B17: Psychiatric | G17: 3040
B18: Medical | G18: 3041
B19: Freight | G19: 3043
B20: Courier | G20: 3044
B21: Postage | G21: 3045
B22: Water and Sewage | G22: 3049
... B32: Commission Sales | G32: 3069
B34: Interagency Services | D34: 571257.71 | E34: =SUM(D34) -> 571257.71 | G34: 3001
B35: Commodities / Supplies | E35: =SUM(D36:D41) -> 2626106.5
C36: Business | D36: 309946.69 | G36: 4000
C37: Agricultural | D37: 0
C38: Household/Institutional | D38: 1964915.8 | G38: 4002
C39: Scientific & Medical | D39: 10874.96 | G39: 4003
C40: Safety | D40: 136217.77 | G40: 4004
C41: Repair/Maintenance Supplies | D41: 204151.19 | G41: 4005
B42: Commodity/ Transfer | D42: -60000 | E42: =SUM(D42) -> -60000 | G42: 4970
B43: Equipment & Industrial | D43: 0 | E43: =D43 -> 0 | G43: 5000
F44: =SUM(E3:E43) -> 5077202.8 | H44: ='Sched-B1'!B4+'Sched-B2'!E20+'Sched-D1'!F44-31020701.91-1549424.09 -> 0
A45: Anvil Mtn. Correctional | B45: Travel/Moving Cost | E45: =14794.74+33 -> 14827.74
B46: Non-Interagency Svcs | D46: 144197.14 | E46: =SUM(D46:D78) -> 477209.86 | H46: =E46+31113 -> 508322.86
B47: Less: DHSS RSA Youth Meals | D47: -31113 | H47: =H46-E46 -> 31113 | I47: Budgeted
B48: Training/Conferences | G48: 3000
B49: Memberships | G49: 3002
B50: Penalties And Fines | G50: 3013
B51: Claim/Judgement Non-Taxable | G51: 3016
B52: Uncleared 1Card Transactions | G52: 3019
B53: Utilities | D53: 364125.72
B54: Software Licensing | G54: 3032
B55: Software Maintenance | G55: 3033
B56: Television | G56: 3034
B57: Long Distance | G57: 3035
B58: Local/Equipment Charges | G58: 3036
B59: Data/Network | G59: 3037
B60: Cellular Phones | G60: 3038
B61: Psychiatric | G61: 3040
B62: Medical | G62: 3041
B63: Freight | G63: 3043
B64: Courier | G64: 3044
B65: Postage | G65: 3045
B66: Electricity | G66: 3048
B67: Water and Sewage | G67: 3049
B68: Disposal | G68: 3050
B69: Inspections/Testing | G69: 3055
B70: Structure, Infrastructure and Land - Rentals/Leases | G70: 3057
B71: Equipment and Machinery - Repairs/Maintenance | G71: 3058
B72: Equipment and Machinery - Rentals/Leases | G72: 3059
B73: Conservation/Enviromental | G73: 3061
B74: Interpreter | G74: 3064
B75: Print/Copy/Graphics | G75: 3066
B76: Honorariums/Stipend | G76: 3067
B77: Laundry | G77: 3068
B78: Commission Sales | G78: 3069
B79: Interagency Services | D79: 102080.8 | E79: =SUM(D79) -> 102080.8
B80: Commodities / Supplies | E80: =SUM(D81:D87) -> 706274.39
C81: Business | D81: 106196.07
C82: Agricultural | D82: 623.77
C83: Household/Institutional | D83: 450345.55
C84: Scientific & Medical | D84: 434.3
C85: Safety | D85: 20825.77
C86: Repair/Maintenance Supplies | D86: 127848.93 | G86: 4005
B87: Capital Outlay | D87: 0
B88: Equipment & Industrial | D88: 0 | E88: =D88 -> 0
F89: =SUM(E45:E89) -> 1300392.8 | H89: ='Sched-B1'!B5+'Sched-B2'!E37+'Sched-D1'!F89-6586663.64-364125.72+31113 -> 6.9849193e-10
A90: Hiland Mtn. Correctional | B90: Travel/Moving Cost | E90: 1547.43 | G90: 2000
B91: Non-Interagency Svcs | D91: 329797.13 | E91: =SUM(D91:D127) -> 1121452.6
B92: Training/Conferences | G92: 3000
B93: Memberships | G93: 3002
B94: Employee Tuition | G94: 3003
B95: Penalties And Fines | G95: 3013
B96: Claim/Judgement Non-Taxable | G96: 3016
B97: Uncleared 1Card Transactions | G97: 3019
B98: Utilities | D98: 791655.45
B99: Software Licensing | G99: 3032
B100: Software Maintenance | G100: 3033
B101: Television | G101: 3034
B102: Long Distance | G102: 3035
B103: Local/Equipment Charges | G103: 3036
B104: Data/Network | G104: 3037
B105: Cellular Phones | G105: 3038
B106: Psychiatric | G106: 3040
B107: Medical | G107: 3041
B108: Freight | G108: 3043
B109: Courier | G109: 3044
B110: Postage | G110: 3045
...

Sheet Sched-D2
A1: OTHER DIRECT JAIL OPERATING COSTS
A2: Institution | B2: Description of Cost | D2: Annual Cost | F2: Total | G2: IRIS CODES
A3: Prison System | B3: Personnel Services | E3: 0
A4: Expansion | B4: Travel | E4: 0
B5: Other Services & Charges | E5: =SUM(D6:D10) -> 0
C6: Education Services | D6: 0
C7: Telecommunications | D7: 0
C8: Delivery Services | D8: 0
C9: Equipment/Machinery | D9: 0
C10: Other Services | D10: 0
C11: Interagency Services | D11: 0 | E11: =SUM(D11) -> 0
B12: Commodities / Supplies | E12: =SUM(D13:D15) -> 0
C13: Business | D13: 0
C14: Safety | D14: 0
C15: Repair/Maintenance Supplies | D15: 0
B16: Capital Outlay | D16: 0 | E16: =SUM(D16) -> 0
F17: =SUM(E3:E16) -> 0 | H17: =F17-0 -> 0
A18: Facility-CAP Imp Unit | B18: Personnel Services | E18: =331676.98+187047.53+667.22 -> 519391.73 | G18: 1001/1002/1004
B19: Travel | D19: 0
B20: Non-Interagency Svcs | D20: 4532.61 | E20: =SUM(D20:D23) -> 4532.61
B21: Uncleared 1Card Transactions | D21: 0 | G21: 3019
B22: Software Maintenance | D22: 0 | G22: 3033
B23: Commission Sales | D23: 0 | G23: 3069
B24: Interagency Services | D24: 36954.98 | E24: =SUM(D24) -> 36954.98
B25: Commodities / Supplies | E25: =D26+D27 -> 0
C26: Business | D26: 0
C27: Repair/Maintenance Supplies | D27: 0
F28: =SUM(E18:E27) -> 560879.32 | H28: =F28-560879.32 -> 0
A29: Health & Rehabilitation | B29: Personnel Services | E29: =18364334.87+9573066.29+41180.42 -> 27978582 | H29: Grand Total of 6 components $ 57,925,921.03 BHC, PHC, HRDirector,Domestic V, Substance, Sex Offender)
A30: Services | B30: Travel / Moving Costs | E30: =226369.63+22453.4+22968.98 -> 271792.01
B31: Non-Interagency Svcs | D31: 24055987 | E31: =D31 -> 24055987 | G31: 3000
B32: Interagency Services | D32: 1811583.5 | E32: =D32 -> 1811583.5
B33: Commodities / Supplies | E33: =SUM(D34:D38) -> 3807976.8
C34: Business | D34: 202034.94
C35: Household/Institutional | D35: 3408.36
C36: Scientific & Medical | D36: 3593194.8
C37: Safety | D37: 0
C38: Repair/Maintenance Supplies | D38: 9338.75
B39: Capital Outlay | D39: 0 | E39: =SUM(D39) -> 0
B40: Less: Reimb Courts (Mental Health Court) | E40: 0
B41: Less: JSAP FED Public Protection | E41: =-64559 -> -64559
B42: Less: JBHC Alcohol Tax RSA (SCCC Men's Sub-Acute JAS) | E42: -52400
B43: Less: JSAP RSAT & Vivitrol RSA's | E43: =-70800-45776.99 -> -116576.99
H44: =45776.99+70800+64559+52400 -> 233535.99 | I44: Total Alder Revenue Report (budgeted RSA's)
F45: =SUM(E29:E45) -> 57692385 | H45: =F45+H44 -> 57925921 | I45: Grand Total (HRS RDU) 6 components $ 57,925,921.03 ( BHC, PHC, HRDirector,Domestic V, Substance, Sex Offender) + RSA's
A46: Offender Habilitation | B46: Personnel Services | E46: =199373.6+122399.38+312.05 -> 322085.03
A47: Programs | B47: Travel / Moving Costs | E47: =3064.75 -> 3064.75
B48: Non-Interagency Svcs | D48: 671861.46 | E48: =D48 -> 671861.46 | G48: 3000
B49: Interagency Services | D49: 31512.52 | E49: =D49 -> 31512.52
B50: Commodities / Supplies | E50: =SUM(D51:D56) -> 308957.57
C51: Business | D51: 200573.1
C52: Agricultural | D52: 0 | G52: 4001
C53: Household/Institutional | D53: 3911.26
C54: Scientific & Medical | D54: 0 | G54: 4004
C55: Safety | D55: 9870.85 | G55: 4004
C56: Repair/Maintenance Supplies | D56: 94602.36
B57: Capital Outlay | D57: 160000 | E57: =SUM(D57) -> 160000
B58: Less: JVEP Unbudgeted Step Grant RS | E58: -51855.23
B59: Less: JEDP Carl Perkings RS | E59: -60000
B60: Less: JEDP MOS RS | E60: -3619 | H60: 51855.23 | I60: FY18 Unbudgeted RS Step C
B61: Less: JEDP ABE/GED RS | E61: -40000 | G61: 70200 | H61: =103619 -> 103619 | I61: Total Alder Revenue Report (3 budgeted RS)
F62: =SUM(E46:E62) -> 1342007.1 | G62: 70200 | H62: =F62+H61+H60 -> 1497481.3 | I62: Grand Total (OFH RDU) 2 components $ 1,497,481.33 ( Education Programs & Vocational Education Programs)
A63: Institutions Director's Office (IDO) | B63: Personnel Services | E63: =783796.53+469779.4-21649.35 -> 1231926.6
B64: Travel | E64: =33885.93+2955.37 -> 36841.3
B65: Non-Interagency Svcs | D65: 86386.99 | E65: =D65 -> 86386.99
B66: Interagency Services | D66: 321547.08 | E66: =D66 -> 321547.08
B67: Commodities / Supplies | E67: =SUM(D68:D70) -> 36252.49
C68: Business | D68: 36118.93 | G68: 4000
C69: Household/Institutional | D69: 112.8 | G69: 4002
C70: Repair/Maintenance Supplies | D70: 20.76 | G70: 4005
B71: Capital Outlay | D71: 0 | E71: =SUM(D71) -> 0
F72: =SUM(E63:E71) -> 1712954.4 | H72: =F72-1712954.44 -> 0
A73: Classification & Furlough | B73: Personnel Services | E73: =656006.53+396488.01+1845.25 -> 1054339.8
B74: Travel | E74: 933.99
B75: Non-Interagency Svcs | D75: 3808.65 | E75: =D75 -> 3808.65
B76: Interagency Services | D76: 23743.52 | E76: =D76 -> 23743.52
B77: Commodities / Supplies | E77: =SUM(D78:D80) -> 820.77
C78: Business | D78: 820.77 | G78: 4000
C79: Household/Institutional | D79: 0 | G79: 4002
C80: Scientific and Medical | D80: 0 | G80: 4005
B81: Capital Outlay | D81: 0 | E81: =SUM(D81) -> 0
F82: =SUM(E73:E81) -> 1083646.7 | H82: =F82-1083646.72 -> 0
A83: Transportation | B83: Personnel Services | E83: =1408628.06+718681.43+331.45 -> 2127640.9
B84: Travel | E84: =58403.1+30880.34 -> 89283.44
B85: Non-Interagency Svcs | D85: 185504.21 | E85: =D85 -> 185504.21
B86: Interagency Services | D86: 211360.21 | E86: =D86 -> 211360.21
B87: Commodities / Supplies | E87: =SUM(D88:D92) -> 16201.91
C88: Business | D88: 1437.52
C89: Household/Institutional | D89: 1628.18
C90: Scientific and Medical | D90: 0
C91: Safety | D91: 9033.25
C92: Repair/Maintenance Supplies | D92: 4102.96
B93: Capital Outlay | D93: 0 | E93: =SUM(D93) -> 0 | H93: 140000 | I93: Budgeted RSA
B94: Less: JTRN Inmate Transport RS | E94: -140000 | F94: =SUM(E83:E94) -> 2489990.7 | H94: =F94-2629990.71+140000 -> 4.6566129e-10
A95: Point of Arrest | B95: Personnel Services | E95: 0 | G95: 1000
B96: Travel | E96: 469807.24 | G96: 2000
B97: Non-Interagency Svcs | D97: 12536.78 | E97: =D97 -> 12536.78 | G97: 3000
B98: Interagency Services | D98: 0 | E98: =SUM(D98) -> 0
B99: Capital Outlay | D99: 0 | E99: =D99 -> 0
F100: =SUM(E96:E100) -> 482344.02 | H100: =F100-482344.02 -> 0
...

Sheet Sched-E
A1: COST ALLOCATION PLANS / INDIRECT COST PROPOSALS
A2: Organization Providing Service | B2: Appr Type | C2: Total Expenditures | D2: % of Time Spent in Support of Jail Operators | E2: Allowable Indirect Cost
A3: Administration & Support* | B3: JADS / JCOA JCOM / JINT JPAB / JREN JRRE | C3: ='Summary-Sched-E'!C10 -> 13244679 | D3: ='COST ALLOCATION'!H6 -> 0.85227836 | E3: =C3*D3 -> 11288153
A4: TOTAL | E4: =E3 -> 11288153
A6: Note*: Includes SF Rent, Correctional Academy, and Parole Board Expenditues
A7: Revised 11/28/18 lj

Sheet Summary-Sched-E
A2: BRU | B2: Appr Type | C2: Total Expenditures of FY2018
A3: Commissioner | B3: JCOM | C3: =2030051.39-97432 -> 1932619.4
A4: Admin Services | B4: JADS | C4: 4185509.4
A5: Info Tech MIS | B5: JINT | C5: 2745893.1
A6: Research & Rcrds | B6: JRRE | C6: 736583.07
A7: Facilities Rent | B7: JREN | C7: 289900
A8: Academy | B8: JCOA | C8: 1601820
A9: Parole Board | B9: JPAB | C9: 1752354.2
B10: Total | C10: =SUM(C3:C9) -> 13244679
A16: Revised: 11/28/18 lj
A18: Notes: FY2015: Total Exp AR less SB64 PACE RSA, less SB64 1st DUI (JCOM)
A19: FY2015: Total Exp AR less SB64 PACE RSA, less SB64 1st DUI (JCOM)
A20: FY2018: Total Exp AR less Unbudgeted RS (JCOM) Revenue 5200 - Statutory Designated Program ($97,432.00)

Sheet Sched-F-G
A1: EQUIPMENT COST | D1: SCHEDULE F
A2: By Individual Institution
A3: Institutions | B3: Cost of Equipment | C3: Equipment Allowance 6.666%
A4: Anchorage Complex | B4: ='Property Inventory'!D35+'Property Inventory'!F35 -> 2072699.1 | C4: =B4*0.06666 -> 138166.12
A5: Anvil Mtn. Correctional | B5: ='Property Inventory'!D26+'Property Inventory'!F26 -> 266075.24 | C5: =B5*0.06666 -> 17736.575
A6: Hiland Mtn. Correctional | B6: ='Property Inventory'!D34+'Property Inventory'!F34 -> 444820.55 | C6: =B6*0.06666 -> 29651.738
A7: Fairbanks Correctional | B7: ='Property Inventory'!D25+'Property Inventory'!F25 -> 442530.16 | C7: =B7*0.06666 -> 29499.06
A8: Goose Creek Correctional | B8: ='Property Inventory'!D38+'Property Inventory'!F38 -> 1717596 | C8: =B8*0.06666 -> 114494.95
A9: Ketchikan Correctional | B9: ='Property Inventory'!D47+'Property Inventory'!F47 -> 99018.96 | C9: =B9*0.06666 -> 6600.6039
A10: Lemon Creek Correctional | B10: ='Property Inventory'!D46+'Property Inventory'!F46 -> 775618.26 | C10: =B10*0.06666 -> 51702.713
A11: Mat-Su Correctional | B11: ='Property Inventory'!D33+'Property Inventory'!F33 -> 121882.88 | C11: =B11*0.06666 -> 8124.7128
A12: Palmer Correctional | B12: ='Property Inventory'!D32+'Property Inventory'!F32 -> 1100926.4 | C12: =B12*0.06666 -> 73387.752
A13: Pt. MacKenzie Correctional Farm | B13: ='Property Inventory'!D52+'Property Inventory'!F52 -> 682827 | C13: =B13*0.06666 -> 45517.248
A14: Spring Creek Correctional | B14: ='Property Inventory'!D37+'Property Inventory'!F37 -> 2075184 | C14: =B14*0.06666 -> 138331.77
A15: Wildwood Correctional | B15: ='Property Inventory'!D36+'Property Inventory'!F36 -> 1182580 | C15: =B15*0.06666 -> 78830.783
A16: Yukon Kuskokwim Correctional | B16: ='Property Inventory'!D27+'Property Inventory'!F27 -> 191204.14 | C16: =B16*0.06666 -> 12745.668
A18: Total Equipment Cost | B18: =SUM(B4:B17) -> 11172963 | C18: =SUM(C4:C17) -> 744789.69
A22: BUILDING DEPRECIATION | D22: SCHEDULE G
A23: By Individual Institution (Based on FY2018 Actuals)
A24: Institutions | B24: All Buildings Construction Cost | C24: Additional Construction Cost | D24: Annual Depreciation @ 2%
A25: Anchorage Complex | B25: 36522437 | C25: 0 | D25: =B25*0.02 -> 730448.74
A26: Anvil Mt. CC | B26: 16192923 | C26: 0 | D26: =B26*0.02 -> 323858.46
A27: Comb Hiland Mt.CC | B27: 45066600 | C27: 0 | D27: =B27*0.02 -> 901332
A28: Fairbanks CC | B28: 34112840 | C28: 0 | D28: =B28*0.02 -> 682256.8
A29: Ketchikan CC | B29: 7691306 | C29: 0 | D29: =B29*0.02 -> 153826.12
A30: Lemon Creek CC | B30: 28845762 | C30: 0 | D30: =B30*0.02 -> 576915.24
A31: Mat-Su Pre-Trial | B31: 10392719 | C31: 0 | D31: =B31*0.02 -> 207854.38
A32: Palmer CC | B32: =41211974*0 -> 0 | C32: 0 | D32: =B32*0.02 -> 0
A33: Pt. MacKenzie Correctional Farm | B33: 12269054 | C33: 0 | D33: =B33*0.02 -> 245381.08
A34: Spring Creek CC | B34: 78360986 | C34: 0 | D34: =B34*0.02 -> 1567219.7
A35: Wildwood CC | B35: 51709708 | C35: 0 | D35: =B35*0.02 -> 1034194.2
A36: Yukon Kuskokwim | B36: 12275277 | C36: 0 | D36: =B36*0.02 -> 245505.54
A38: Total Building Depreciation | B38: =SUM(B25:B37) -> 333439612 | C38: =SUM(C25:C37) -> 0 | D38: =SUM(D25:D37) -> 6668792.2
A40: Total Equipment Cost & Building Depreciation | B40: (Schedule F + Schedule G) | D40: =C18+D38 -> 7413581.9
A42: Revised 10/18/18 lj
A45: Notes:
A46: * FY18 PCC Removed - as PCC Closed $ 41,211,974

Sheet Property Inventory
A1: PROPERTY INVENTORY
A2: Division | B2: Division/Institution | C2: IRIS Unit | D2: Total as of 6/30/18 | E2: Aquired in FY2018 | F2: FY2018 Vehicle Inventory Total | G2: Grand Total
A3: 3 | B3: Commissioner's Office Jnu/Anch | C3: 1000 | D3: 50775.43 | F3: 27819 | G3: =SUM(D3:F3) -> 78594.43
B4: Human Resources | C4: 1400 | D4: 3044.6 | F4: 0 | G4: =SUM(D4:F4) -> 3044.6
B5: Procurement | C5: 1500 | D5: 13145.64 | F5: 0 | G5: =SUM(D5:F5) -> 13145.64
B6: Research & Records | C6: 1200 | D6: 500414.25 | F6: 806 | G6: =SUM(D6:F6) -> 501220.25
A7: 28A | B7: Parole Board | C7: 3000 | D7: 22837.78 | F7: 4433 | G7: =SUM(D7:F7) -> 27270.78
B8: Facility Cap Imp Unit | C8: 2250 | D8: 66251.49 | F8: 4615 | G8: =SUM(D8:F8) -> 70866.49
B9: Prison System Expansion | C9: 2230 | D9: 5450 | G9: =SUM(D9:F9) -> 5450
A10: 1 | B10: Juneau Admin Office / Anchorage | C10: 1100 | D10: 1328243.2 | F10: =15303+11154 -> 26457 | G10: =SUM(D10:F10) -> 1354700.2
B11: Information Technology | C11: 1300 | D11: 133179.14 | G11: =SUM(D11:F11) -> 133179.14
A12: 4 | B12: Training Academy | C12: 2260 | D12: 263815.95 | F12: 20442 | G12: =SUM(D12:F12) -> 284257.95
B13: Education Programs | C13: 2300 | D13: 16005.04 | F13: 2812 | G13: =SUM(D13:F13) -> 18817.04
B14: Institution Education Programs | D14: 0 | F14: 308 | G14: =SUM(D14:F14) -> 308
A15: 7 | B15: Inmate Transportation | C15: 2210 | D15: 34240 | F15: 91142 | G15: =SUM(D15:F15) -> 125382
B16: Classification & Furlough | C16: 2200 | D16: 709.07 | F16: 7745 | G16: =SUM(D16:F16) -> 8454.07
B17: Electronic Monitoring | C17: 2410 | D17: 0 | F17: 29365 | G17: =SUM(D17:F17) -> 29365
A18: 36B | B18: Laundry - Lemon Creek | D18: 0 | F18: 10573 | G18: =SUM(D18:F18) -> 10573
A19: 37 | B19: Out of State | C19: 2220 | D19: 31189 | F19: 0 | G19: =SUM(D19:F19) -> 31189
B20: Behavioral Health Care | C20: 4000 | D20: 709.07 | F20: 0 | G20: =SUM(D20:F20) -> 709.07
B21: Physical Health Care | C21: 4100 | D21: 55953.27 | F21: 0 | G21: =SUM(D21:F21) -> 55953.27
B22: Health & Rehabilitation Services | C22: 4001 | D22: 73557.24 | F22: 0 | G22: =SUM(D22:F22) -> 73557.24
B23: Sex Offender Managemnet Pr | C23: 4400 | D23: 709.07 | F23: 0 | G23: =SUM(D23:F23) -> 709.07
B24: Institution Director's Office (IDO) | C24: 2000 | D24: 15647 | F24: 12288 | G24: =SUM(D24:F24) -> 27935
A25: 14 | B25: Fairbanks Correctional | C25: 2103 | D25: 408026.16 | F25: 34504 | G25: =SUM(D25:F25) -> 442530.16
A26: 15 | B26: Anvil Mtn. Correctional | C26: 2101 | D26: 216990.24 | F26: 49085 | G26: =SUM(D26:F26) -> 266075.24
A27: 18 | B27: Yukon Kuskokwim Correctional | C27: 2110 | D27: 159718.14 | F27: 31486 | G27: =SUM(D27:F27) -> 191204.14
A28: 21A | B28: Fairbanks Probation | C28: 2441 | D28: 66306 | F28: 17737 | G28: =SUM(D28:F28) -> 84043
A29: 21C | B29: Nome Probation | C29: 2442 | D29: 24536 | F29: 12170 | G29: =SUM(D29:F29) -> 36706
A30: 21D | B30: Barrow Probation | C30: 2443 | D30: 28466 | F30: 2938 | G30: =SUM(D30:F30) -> 31404
A31: 21E | B31: Kotzebue Probation | C31: 2444 | D31: 17475 | F31: 5023 | G31: =SUM(D31:F31) -> 22498
A32: 13 | B32: Palmer Correctional | C32: 2107 | D32: 966960.38 | F32: 133966 | G32: =SUM(D32:F32) -> 1100926.4
A33: 10 | B33: Mat-Su Correctional | C33: 2106 | D33: 106775.88 | F33: 15107 | G33: =SUM(D33:F33) -> 121882.88
A34: 11 | B34: Hiland Mtn. Correctional | C34: 2102 | D34: 317423.55 | F34: 127397 | G34: =SUM(D34:F34) -> 444820.55
A35: 8/9 | B35: Anchorage Complex | C35: 2100 | D35: 2014721.1 | F35: 57978 | G35: =SUM(D35:F35) -> 2072699.1
A36: 30 | B36: Wildwood Correctional | C36: 2109 | D36: 980888 | F36: 201692 | G36: =SUM(D36:F36) -> 1182580
A37: 16 | B37: Spring Creek Correctional | C37: 2108 | D37: 1772569 | F37: 302615 | G37: =SUM(D37:F37) -> 2075184
A38: 39 | B38: Goose Creek Correctional | C38: 2112 | D38: 1400033 | F38: 317563 | G38: =SUM(D38:F38) -> 1717596
B39: Probation Region ONE | C39: 2420 | D39: 7063.56 | F39: 0 | G39: =SUM(D39:F39) -> 7063.56
A40: 19A | B40: Anchorage Probation | C40: 2421 | D40: 442011 | F40: 53074 | G40: =SUM(D40:F40) -> 495085
A41: 19C | B41: Kenai Probation | C41: 2422 | D41: 34749 | F41: 14450 | G41: =SUM(D41:F41) -> 49199
A42: 19B | B42: Kodiak Probation | C42: 2423 | D42: 5000 | F42: 2945 | G42: =SUM(D42:F42) -> 7945
A43: 19D | B43: Palmer Probation | C43: 2424 | D43: 66032 | F43: 34658 | G43: =SUM(D43:F43) -> 100690
A44: 19E | B44: Dillingham Probation | C44: 2425 | D44: 29926 | F44: 3642 | G44: =SUM(D44:F44) -> 33568
A45: 21B | B45: Bethel Probation | C45: 2426 | D45: 38553 | F45: 9385 | G45: =SUM(D45:F45) -> 47938
A46: 6 | B46: Lemon Creek Correctional | C46: 2105 | D46: 722459.26 | F46: 53159 | G46: =SUM(D46:F46) -> 775618.26
A47: 5 | B47: Ketchikan Correctional | C47: 2104 | D47: 86090.96 | F47: 12928 | G47: =SUM(D47:F47) -> 99018.96
A48: 20A | B48: Juneau Probation | C48: 2445 | D48: 87869.54 | F48: 4948 | G48: =SUM(D48:F48) -> 92817.54
A49: 20B | B49: Ketchikan Probation | C49: 2446 | D49: 22700.14 | F49: 2488 | G49: =SUM(D49:F49) -> 25188.14
A50: 20C | B50: Sitka Probation | C50: 2447 | D50: 37445.92 | F50: 2377 | G50: =SUM(D50:F50) -> 39822.92
B51: Probation & Parole Director Office | C51: 2400 | D51: 9518 | F51: 3195 | G51: =SUM(D51:F51) -> 12713
A52: 31 | B52: Pt. Mackenzie Correctional | C52: 2111 | D52: 515396 | F52: 167431 | G52: =SUM(D52:F52) -> 682827
B53: Wasilla Furniture GCCC | D53: 0 | F53: 7178 | G53: =SUM(D53:F53) -> 7178
B54: Probation Region TWO | C54: 2440 | D54: 4396.23 | F54: 0 | G54: =SUM(D54:F54) -> 4396.23
B55: Pre-Trial Services | C55: 2800 | D55: 17968.67 | F55: 119907 | G55: =SUM(D55:F55) -> 137875.67
B56: Garment Shop HMCC | D56: 0 | F56: 400 | G56: =SUM(D56:F56) -> 400
B57: Seward Furniture SCCC | D57: 0 | F57: 700 | G57: =SUM(D57:F57) -> 700
B58: Major Med/Guard Hire | D58: 0 | F58: 6687 | G58: =SUM(D58:F58) -> 6687
A59: UUU | B59: UUU (Unidentified)/IRIS CONV | C59: CONV | D59: 714991 | F59: 0 | G59: =SUM(D59:F59) -> 714991
A60: TOTAL | D60: =SUM(D3:D59) -> 13938935 | E60: =SUM(E3:E59) -> 0 | F60: =SUM(F3:F59) -> 2047618 | G60: =SUM(G3:G59) -> 15986553
D62: 13938935 | F62: 2047618
D63: =D60-D62 -> 0 | F63: =F60-F62 -> 0
A64: Updated: 10/18/18 lj

Sheet CostReim
A1: Budgeted Revenue Interagency Receipts (I/A)
A2: Division/Institution | B2: Appr Group | C2: ApprType | D2: Total Reimbursement | E2: Outstanding Balance of RSA | F2: Total | G2: Revenue Code
A3: Commissioner's Office | D3: 97432 | F3: =SUM(D3:E3) -> 97432 | G3: 5200 | H3: Statutory Designated CRJ
A4: Parole Board | D4: 0 | F4: =SUM(D4:E4) -> 0
A5: Correctional Academy | D5: 0 | F5: =SUM(D5:E5) -> 0
A6: Administrative Services | D6: 0 | F6: =SUM(D6:E6) -> 0
A7: Probation & Parole Director Office | B7: JPPD | D7: 119512.32 | F7: =SUM(D7:E7) -> 119512.32 | G7: 5002 | H7: Federal Receipts
A8: Facility-Capital Improvement | D8: 0 | F8: =SUM(D8:E8) -> 0
A9: Health & Rehabilitation Services | B9: JHRS | C9: JSAP | D9: =-'Sched-D2'!E41 -> 64559 | F9: =SUM(D9:E9) -> 64559 | G9: 5014
A10: Health & Rehabilitation Services | B10: JHRS | C10: JSAP | D10: =-'Sched-D2'!E43 -> 116576.99 | F10: =SUM(D10:E10) -> 116576.99 | G10: 5301
A11: Health & Rehabilitation Services | B11: JHRS | C11: JBHC | D11: =-'Sched-D2'!E42 -> 52400 | F11: =SUM(D11:E11) -> 52400 | G11: 5007
A12: Offender Habilitation Programs | B12: JOHP | C12: JEDP/JVEP | D12: =-'Sched-D2'!E59-'Sched-D2'!E60-'Sched-D2'!E61-'Sched-D2'!E58 -> 155474.23 | F12: =SUM(D12:E12) -> 155474.23 | G12: 5301 | H12: (3 budgeted RSA's) + Unbudgeted Step
A13: Correctional Academy | D13: 0 | F13: =SUM(D13:E13) -> 0
A14: Institution Director's Office | D14: 0 | F14: =SUM(D14:E14) -> 0
A15: Transportation Unit | B15: JPOP | C15: JTRN | D15: =-'Sched-D2'!E94 -> 140000 | F15: =SUM(D15:E15) -> 140000 | G15: 5301
A16: Out of State | D16: 0 | F16: =SUM(D16:E16) -> 0
A17: Anchorage Complex
A18: Anvil Mtn. Correctional | B18: JPOP | C18: JAMC | D18: =-'Sched-D1'!D47 -> 31113 | F18: =SUM(D18:E18) -> 31113 | G18: 5301
A19: Hiland Mtn. Correctional | D19: 0 | F19: =SUM(D19:E19) -> 0
A20: Fairbanks Correctional | D20: 0 | F20: =SUM(D20:E20) -> 0
A21: Goose Creek Correctional | B21: JPOP | C21: JGCC | D21: =-'Sched-D1'!D193 -> 7986 | F21: =SUM(D21:E21) -> 7986 | H21: Unbudgeted
A22: Ketchikan Correctional | D22: 0 | F22: =SUM(D22:E22) -> 0
A23: Lemon Creek Correctional | B23: JPOP | C23: JLCC | D23: =-'Sched-D1'!D300-'Sched-D1'!D299 -> 372870.5 | F23: =SUM(D23:E23) -> 372870.5 | G23: 5301 | H23: (2 budgeted RSA's)
A24: Mat-Su Correctional | D24: 0 | F24: =SUM(D24:E24) -> 0
A25: Palmer Correctional | D25: 0 | F25: =SUM(D25:E25) -> 0
A26: Spring Creek Correctional | D26: 0 | F26: =SUM(D26:E26) -> 0
A27: Wildwood Correctional | D27: 0 | F27: =SUM(D27:E27) -> 0
A28: Yukon Kuskokwim Correctional | B28: JPOP | C28: JYKC | D28: =-'Sched-D1'!D558 -> 51528 | F28: =SUM(D28:E28) -> 51528 | G28: 5301
A29: Out-of-State Contractual | D29: 0 | F29: =SUM(D29:E29) -> 0
A30: Point Mackenzie Correctional | D30: 0 | F30: =SUM(D30:E30) -> 0
A31: Totals | D31: =SUM(D3:D30) -> 1209452 | E31: =SUM(E3:E30) -> 0 | F31: =SUM(F3:F30) -> 1209452
A33: Revised: 11/29/18 lj

Sheet COST ALLOCATION
A1: COST ALLOCATION
A2: COMPONENT | E2: Appr Type | F2: TOTAL COSTS | H2: % OF TOTAL | I2: ADMIN & SUPPORT | J2: TOTAL ALL COSTS
A3: INDIRECT COST | I3: TOTAL
B4: Administration & Support RDU | E4: JCOM | I4: ='Sched-E'!C3 -> 13244679 | K4: Cost decreased by Statutory Designated Programs - CRJ
A5: DIRECT COST | I5: % by entity | K5: No RS in FY2018
H6: =G7/$G$37 -> 0.85227836 | I6: =SUM($I$4*H6) -> 11288153
B7: INSTITUTIONS | G7: =SUM(F4:F30) -> 2.5356976e+08 | J7: =SUM(I6+G7) -> 2.6485792e+08
C8: 13 Institutions | F8: ='Sched-B1'!E17+'Sched-D1'!F660+CostReim!D18+CostReim!D23+CostReim!D28+CostReim!D21 -> 1.8075417e+08 | K8: Decreased by RSAs
C9: Less: DOT/Laundry RSA | E9: JLCC | F9: ='Sched-D1'!D300 -> -302805.5
C10: Less: DNR/MMM&S RSA (Closed) | E10: JPCC | F10: 0
C11: Less: GCCC Security DPS RS (Unbudgeted) | E11: JGCCC | F11: ='Sched-D1'!D193 -> -7986
C12: Less: DHSS 3 RSAs Youth Meals | E12: JAMC /JLCC/ JYKC | F12: ='Sched-D1'!D47+'Sched-D1'!D558+'Sched-D1'!D299 -> -152706
C13: Facility Planning - Capital Improvement Program | E13: JCIM | F13: ='Sched-D2'!F28 -> 560879.32
C14: Pretrial Services Division | E14: JPTS | F14: ='Sched-D2'!F112 -> 0
B15: Health & Rehabilitation Services RDU | E15: JHRS | F15: ='Sched-D2'!F45+'Sched-D2'!H44 -> 57925921
C16: Less: Reimb. from Federal Public Protection: RSAT Grant | E16: JSAP | F16: ='Sched-D2'!E41 -> -64559
C17: Less: Alcohol Tax RSA (SCCC Men's Sub-Acute & Juvenile Offender Pgm) | E17: JBHC | F17: ='Sched-D2'!E42 -> -52400
C18: Less: DH&S/ RSAT RSA | E18: JSAP | F18: ='Sched-D2'!E43 -> -116576.99
B19: Offender Habilitation Programs RDU | E19: JOFH | F19: ='Sched-D2'!F62+'Sched-D2'!H61-'Sched-D2'!E58 -> 1497481.3 | K19: Decreased by 3 RSAs (ABE/CARL P/MOS)
C20: Less: 3 Education RSAs | E20: JEDP | F20: ='Sched-D2'!E59+'Sched-D2'!E60+'Sched-D2'!E61 -> -103619
C21: Less: 1 Voc Ed Programs RSA's (Unbudgeted) | E21: JVEP | F21: ='Sched-D2'!E58 -> -51855.23 | K21: Decreased by Unbud RSA's (Step C FY18
B22: Institutions Director's Office | E22: JIDO | F22: ='Sched-D2'!F72 -> 1712954.4
C23: Less: DPS PREA RSA | E23: JIDO | F23: 0 | K23: No RSA in FY2018
B24: Prison System Expansion | E24: JPSE | F24: ='Sched-D2'!F17 -> 0
B25: Classification & Furlough | E25: JCLF | F25: ='Sched-D2'!F82 -> 1083646.7
B26: Inmate Transportation Unit | E26: JTRN | F26: ='Sched-D2'!F94+'Sched-D2'!H93 -> 2629990.7 | K26: Decreased by RSA
C27: Less: DPS Transportation RSA | F27: ='Sched-D2'!E94 -> -140000
B28: Point of Arrest | E28: JPOA | F28: ='Sched-D2'!F100 -> 482344.02
B29: Recidivism Reduction Grant | E29: JRRG | F29: ='Sched-D2'!F124 -> 501300
B30: Equipment & Building Depreciation | F30: ='Sched-F-G'!D40 -> 7413581.9
B31: Regional & Community Jails | E31: JCOJ | G31: 6962125 | H31: =G31/$G$37 -> 0.023400536 | I31: =$I$4*H31 -> 309932.6 | J31: =SUM(I31+G31) -> 7272057.6
B32: Probation & Parole Director's Office | E32: JPPD | G32: =1023011.44-119512.32 -> 903499.12 | H32: =G32/$G$37 -> 0.0030367688 | I32: =$I$4*H32 -> 40221.028 | J32: =SUM(I32+G32) -> 943720.15 | K32: FY2018 Decreased by FED Receipts - Grants
B33: State-wide Probation & Parole | E33: JSPP | G33: 15850821 | H33: =G33/$G$37 -> 0.053276509 | I33: =$I$4*H33 -> 705630.26 | J33: =SUM(I33+G33) -> 16556451 | K33: No RSA in FY2018 | L33: SB64 PACE RSA
B34: Out of State Contractual | E34: JOOS | G34: 298856.84 | H34: =G34/$G$37 -> 0.0010044937 | I34: =$I$4*H34 -> 13304.196 | J34: =SUM(I34+G34) -> 312161.04
B35: Electronic Monitoring | E35: JELM | G35: 2538350.6 | H35: =G35/$G$37 -> 0.0085317006 | I35: =$I$4*H35 -> 112999.64 | J35: =SUM(I35+G35) -> 2651350.3 | K35: No RSA in FY2018 | L35: SB64 1st DUI
B36: Community Residential Centers | E36: JCRC | G36: 17396472 | H36: =G36/$G$37 -> 0.058471628 | I36: =$I$4*H36 -> 774437.95 | J36: =SUM(I36+G36) -> 18170910
A37: TOTAL: | G37: =SUM(G3:G36) -> 2.9751989e+08 | H37: =SUM(H3:H36) -> 1 | I37: =SUM(I6:I36) -> 13244679 | J37: =SUM(J7:J36) -> 3.1076457e+08
C38: Reconciliation to Actuals
C39: DOC Total Cost: ( By Appr Type Alder Report ) | F39: 3.1362087e+08
C40: Add: Depreciation Calculation | F40: =F30 -> 7413581.9
D41: Facilities Maintenance | E41: JFAC | F41: 0 | K41: FY2018 100% Restricted
C42: Subtract: | D42: Budgeted DPS Transport RSA | E42: JTRN | F42: =F27 -> -140000
D43: Youth Meals (3) Budgeted RSAs | E43: =E12 -> JAMC /JLCC/ JYKC | F43: =F12 -> -152706
D44: Budgeted DOT/LCCC Laundry RSA | E44: JLCC | F44: =F9 -> -302805.5
D45: Budgeted MMM&S/PCC | E45: JPCC | F45: =F10 -> 0
D46: Unbudgeted DPS/GCCC Security | E46: JGCCC | F46: =F11 -> -7986
D47: Statutory Designated Program Receipts | E47: JCOM | F47: -97432
D48: Federal Receipts - Grants | E48: JPPD | F48: -119512.32
D49: Unbudgeted Step C / Step H RSAs | E49: JVEP | F49: -51855.23
D50: Health & Rehab Svcs: RSAT GRANT | E50: JSAP | F50: =F16 -> -64559
D51: Health & Rehab Svcs: SCCC Men's RSA | E51: JBHC | F51: =F17 -> -52400
D52: Health & Rehab Svcs: RSAT RSA | E52: JSAP | F52: =F18 -> -116576.99
D53: Budg /Un-budg - Offender Programs (3) RSAs | E53: JEDP | F53: =F20 -> -103619
D54: Adjusted/PCC Due to Closure | E54: JPCC | F54: =-'Sched-D1'!H446 -> -712326.67
D55: Adjusted/SCCC BOA Leasing | E55: JSCC | F55: =-'Sched-D1'!H500 -> -947611.21
D56: Adjusted/ Pretrial Not Fully Implemented | E56: JPTS | F56: ='Sched-D2'!H112 -> -7400490.9
A57: TOTAL: | F57: =SUM(F39:F56) -> 3.1076457e+08
F59: =F57-J37 -> 0 | G59: ck
A60: Revised: 11/28/18 lj

Sheet BILLING RATE CALC
A1: BILLING RATE CALCULATION
A2: ANNUAL TOTAL MANDAYS | E2: ='Qtrly''s-Cntsht Book'!Y20 -> 1565372.5
A3: COMPONENT | C3: TOTAL EXPENSES | E3: LESS REIMB | F3: ADJUSTED COSTS | G3: BILLING RATE
A4: INSTITUTIONS | D4: =SUM(C5:C7) -> 1.8075417e+08 | F4: =SUM(D4+E6+E7) -> 1.8029067e+08 | G4: =F4/$E$2 -> 115.1743
B5: Institutions | C5: ='COST ALLOCATION'!F8 -> 1.8075417e+08
B6: Less: DHSS & DOT RSAs | E6: ='COST ALLOCATION'!F12+'COST ALLOCATION'!F9 -> -455511.5
B7: Less: GCCC Unbudgeted | C7: 0 | E7: ='COST ALLOCATION'!F11 -> -7986
A8: OFFENDER HABILITATION PROGRAMS | C8: ='COST ALLOCATION'!F19 -> 1497481.3 | D8: =SUM(C8:C8) -> 1497481.3 | F8: =SUM(D8,E9) -> 1342007.1 | G8: =F8/$E$2 -> 0.85730849
B9: Less: Education (3) RSAs , JVEP (unbudgeted) | E9: ='COST ALLOCATION'!F20+'COST ALLOCATION'!F21 -> -155474.23
A10: HEALTH & REHABILITATION SERVICES | C10: =D10 -> 57925921 | D10: ='COST ALLOCATION'!F15 -> 57925921 | E10: ='COST ALLOCATION'!F16+'COST ALLOCATION'!F17+'COST ALLOCATION'!F18 -> -233535.99 | F10: =SUM(D10:E10) -> 57692385 | G10: =F10/$E$2 -> 36.855372
A11: ADMIN & SUPPORT | D11: =SUM(C12) -> 11288153 | E11: ='COST ALLOCATION'!F47 -> -97432 | F11: =SUM(D11:E11) -> 11190721 | G11: =F11/$E$2 -> 7.1489193
B12: % for Institution Operations | C12: ='COST ALLOCATION'!I6 -> 11288153
A13: STATEWIDE DIRECT COSTS | D13: =SUM(C14:C23) -> 13883397 | E13: -119512.32 | F13: =SUM(D13+E13+E14+E15+E16+E17+E18+E19+E20+E22+E21+E23) -> 13623885 | G13: =F13/$E$2 -> 8.7032864
B14: Institutions Director's Office | C14: ='COST ALLOCATION'!F22 -> 1712954.4
B15: Prison System Expansion | C15: ='COST ALLOCATION'!F24 -> 0
B16: Equipment & Bldg. Depreciation | C16: ='COST ALLOCATION'!F30 -> 7413581.9
B17: Facility Planning - CIP | C17: ='COST ALLOCATION'!F13 -> 560879.32
B18: Pretrial Services Unit | C18: ='COST ALLOCATION'!F14 -> 0
B19: Classification & Furlough | C19: ='COST ALLOCATION'!F25 -> 1083646.7
B20: Transportation | C20: ='COST ALLOCATION'!F26 -> 2629990.7
B21: Less: DPS RSA Transport | E21: ='COST ALLOCATION'!F27 -> -140000
B22: Point of Arrest | C22: ='COST ALLOCATION'!F28 -> 482344.02
A24: BILLING RATE | D24: =SUM(D4:D17) -> 2.6534913e+08 | E24: =SUM(E4:E23) -> -1209452 | F24: =SUM(F4:F22) -> 2.6413967e+08 | G24: =SUM(G4:G22) -> 168.73919
A25: INDIVIDUAL INSTITUTION RATES
A26: Institutions | C26: Total Cost | D26: Mandays | E26: Inst. Cost | F26: Inmate Programs | G26: Inmate Health Care | H26: Div.of Admin.& Support Cost | I26: Statewide Direct Cost | J26: TOTAL
A27: Anchorage Complex | C27: ='Sched-B1'!E4+'Sched-D1'!F44 -> 32570126 | D27: ='Inmate Avg Daily Population'!O4 -> 310268.25 | E27: =C27/D27 -> 104.97409 | F27: =$G$8 -> 0.85730849 | G27: =$G$10 -> 36.855372 | H27: =$G$11 -> 7.1489193 | I27: =$G$13 -> 8.7032864 | J27: =SUM(E27:I27) -> 158.53897
A28: Anvil Mtn. Correctional | C28: ='Sched-B1'!E5+'Sched-D1'!F89 -> 6919676.4 | D28: ='Inmate Avg Daily Population'!O5 -> 45399.917 | E28: =C28/D28 -> 152.41606 | F28: =$G$8 -> 0.85730849 | G28: =$G$10 -> 36.855372 | H28: =$G$11 -> 7.1489193 | I28: =$G$13 -> 8.7032864 | J28: =SUM(E28:I28) -> 205.98095
A29: Fairbanks Correctional | C29: ='Sched-B1'!E7+'Sched-D1'!F190 -> 12690108 | D29: ='Inmate Avg Daily Population'!O6 -> 98385.75 | E29: =C29/D29 -> 128.98319 | F29: =$G$8 -> 0.85730849 | G29: =$G$10 -> 36.855372 | H29: =$G$11 -> 7.1489193 | I29: =$G$13 -> 8.7032864 | J29: =SUM(E29:I29) -> 182.54808
A30: Goose Creek Correctional | C30: ='Sched-B1'!E8+'Sched-D1'!F242 -> 40528060 | D30: ='Inmate Avg Daily Population'!O7 -> 486837 | E30: =C30/D30 -> 83.247698 | F30: =$G$8 -> 0.85730849 | G30: =$G$10 -> 36.855372 | H30: =$G$11 -> 7.1489193 | I30: =$G$13 -> 8.7032864 | J30: =SUM(E30:I30) -> 136.81258
A31: Hiland Mtn. Correctional | C31: ='Sched-B1'!E6+'Sched-D1'!F138 -> 14155037 | D31: ='Inmate Avg Daily Population'!O8 -> 113162.17 | E31: =C31/D31 -> 125.0863 | F31: =$G$8 -> 0.85730849 | G31: =$G$10 -> 36.855372 | H31: =$G$11 -> 7.1489193 | I31: =$G$13 -> 8.7032864 | J31: =SUM(E31:I31) -> 178.65119
A32: Ketchikan Correctional | C32: ='Sched-B1'!E9+'Sched-D1'!F296 -> 4602921.4 | D32: ='Inmate Avg Daily Population'!O9 -> 18922.208 | E32: =C32/D32 -> 243.25498 | F32: =$G$8 -> 0.85730849 | G32: =$G$10 -> 36.855372 | H32: =$G$11 -> 7.1489193 | I32: =$G$13 -> 8.7032864 | J32: =SUM(E32:I32) -> 296.81987
A33: Lemon Creek Correctional | C33: ='Sched-B1'!E10+'Sched-D1'!F345 -> 10625942 | D33: ='Inmate Avg Daily Population'!O10 -> 76084.25 | E33: =C33/D33 -> 139.6602 | F33: =$G$8 -> 0.85730849 | G33: =$G$10 -> 36.855372 | H33: =$G$11 -> 7.1489193 | I33: =$G$13 -> 8.7032864 | J33: =SUM(E33:I33) -> 193.22509
A34: Mat-Su Correctional | C34: ='Sched-B1'!E11+'Sched-D1'!F398 -> 6495487.2 | D34: ='Inmate Avg Daily Population'!O11 -> 31837.125 | E34: =C34/D34 -> 204.02242 | F34: =$G$8 -> 0.85730849 | G34: =$G$10 -> 36.855372 | H34: =$G$11 -> 7.1489193 | I34: =$G$13 -> 8.7032864 | J34: =SUM(E34:I34) -> 257.58731
A35: Palmer Correctional | C35: ='Sched-B1'!E12+'Sched-D1'!F447 -> 94820.73 | D35: ='Inmate Avg Daily Population'!O12 -> 0 | E35: 0 | F35: =$G$8*0 -> 0 | G35: =$G$10*0 -> 0 | H35: =$G$11*0 -> 0 | I35: =$G$13*0 -> 0 | J35: =SUM(E35:I35) -> 0
A36: Pt. MacKenzie Correctional Farm | C36: ='Sched-B1'!E16+'Sched-D1'!F659 -> 4294759 | D36: ='Inmate Avg Daily Population'!O13 -> 31824.958 | E36: =C36/D36 -> 134.9494 | F36: =$G$8 -> 0.85730849 | G36: =$G$10 -> 36.855372 | H36: =$G$11 -> 7.1489193 | I36: =$G$13 -> 8.7032864 | J36: =SUM(E36:I36) -> 188.51428
A37: Spring Creek Correctional | C37: ='Sched-B1'!E13+'Sched-D1'!F501 -> 22400761 | D37: ='Inmate Avg Daily Population'!O14 -> 143332.46 | E37: =C37/D37 -> 156.28533 | F37: =$G$8 -> 0.85730849 | G37: =$G$10 -> 36.855372 | H37: =$G$11 -> 7.1489193 | I37: =$G$13 -> 8.7032864 | J37: =SUM(E37:I37) -> 209.85022
A38: Wildwood Correctional | C38: ='Sched-B1'!E14+'Sched-D1'!F555 -> 15506331 | D38: ='Inmate Avg Daily Population'!O15 -> 148795.29 | E38: =C38/D38 -> 104.21251 | F38: =$G$8 -> 0.85730849 | G38: =$G$10 -> 36.855372 | H38: =$G$11 -> 7.1489193 | I38: =$G$13 -> 8.7032864 | J38: =SUM(E38:I38) -> 157.7774
A39: Yukon Kuskokwim Correctional | C39: ='Sched-B1'!E15+'Sched-D1'!F605 -> 9406646.4 | D39: ='Inmate Avg Daily Population'!O16 -> 60523.083 | E39: =C39/D39 -> 155.42246 | F39: =$G$8 -> 0.85730849 | G39: =$G$10 -> 36.855372 | H39: =$G$11 -> 7.1489193 | I39: =$G$13 -> 8.7032864 | J39: =SUM(E39:I39) -> 208.98735
A40: Totals | C40: =SUM(C27:C39) -> 1.8029067e+08 | D40: =SUM(D27:D39) -> 1565372.5 | E40: =G4 -> 115.1743 | F40: =G8 -> 0.85730849 | G40: =G10 -> 36.855372 | H40: =G11 -> 7.1489193 | I40: =G13 -> 8.7032864 | J40: =SUM(E40:I40) -> 168.73919
A44: Revised: 11/29/18 lj

Sheet Inmate Avg Daily Population
A1: ANNUAL TOTAL MANDAYS
B2: AVERAGE DAILY INMATE POPULATION | N2: ANNUAL AVERAGE DAILY POPULATION | O2: ANNUAL TOTAL MANDAYS
A3: Institutions | B3: 42925 | C3: 42956 | D3: 42987 | E3: 43017 | F3: 43048 | G3: 43078 | H3: 43109 | I3: 43140 | J3: 43168 | K3: 43199 | L3: 43229 | M3: 43260
A4: Anchorage Complex | B4: ='Qtrly''s-Cntsht Book'!D6 -> 846.2 | C4: ='Qtrly''s-Cntsht Book'!E6 -> 842 | D4: ='Qtrly''s-Cntsht Book'!F6 -> 871.8 | E4: ='Qtrly''s-Cntsht Book'!I6 -> 842.8 | F4: ='Qtrly''s-Cntsht Book'!J6 -> 846.5 | G4: ='Qtrly''s-Cntsht Book'!K6 -> 831.2 | H4: ='Qtrly''s-Cntsht Book'!N6 -> 847.8 | I4: ='Qtrly''s-Cntsht Book'!O6 -> 862.6 | J4: ='Qtrly''s-Cntsht Book'!P6 -> 854.7 | K4: ='Qtrly''s-Cntsht Book'!S6 -> 850.7 | L4: ='Qtrly''s-Cntsht Book'!T6 -> 834.8 | M4: ='Qtrly''s-Cntsht Book'!U6 -> 869.5 | N4: =SUM(B4:M4)/12 -> 850.05 | O4: =N4*365 -> 310268.25
A5: Anvil Mountain CC | B5: ='Qtrly''s-Cntsht Book'!D7 -> 120.1 | C5: ='Qtrly''s-Cntsht Book'!E7 -> 123.7 | D5: ='Qtrly''s-Cntsht Book'!F7 -> 121.5 | E5: ='Qtrly''s-Cntsht Book'!I7 -> 125.1 | F5: ='Qtrly''s-Cntsht Book'!J7 -> 116.2 | G5: ='Qtrly''s-Cntsht Book'!K7 -> 125.3 | H5: ='Qtrly''s-Cntsht Book'!N7 -> 120.4 | I5: ='Qtrly''s-Cntsht Book'!O7 -> 130.9 | J5: ='Qtrly''s-Cntsht Book'!P7 -> 121.8 | K5: ='Qtrly''s-Cntsht Book'!S7 -> 122.2 | L5: ='Qtrly''s-Cntsht Book'!T7 -> 128.8 | M5: ='Qtrly''s-Cntsht Book'!U7 -> 136.6 | N5: =SUM(B5:M5)/12 -> 124.38333 | O5: =N5*365 -> 45399.917
A6: Fairbanks CC | B6: ='Qtrly''s-Cntsht Book'!D8 -> 300 | C6: ='Qtrly''s-Cntsht Book'!E8 -> 305.8 | D6: ='Qtrly''s-Cntsht Book'!F8 -> 291.1 | E6: ='Qtrly''s-Cntsht Book'!I8 -> 271.1 | F6: ='Qtrly''s-Cntsht Book'!J8 -> 256.7 | G6: ='Qtrly''s-Cntsht Book'!K8 -> 261 | H6: ='Qtrly''s-Cntsht Book'!N8 -> 252.7 | I6: ='Qtrly''s-Cntsht Book'!O8 -> 271.1 | J6: ='Qtrly''s-Cntsht Book'!P8 -> 262.6 | K6: ='Qtrly''s-Cntsht Book'!S8 -> 258.6 | L6: ='Qtrly''s-Cntsht Book'!T8 -> 252.5 | M6: ='Qtrly''s-Cntsht Book'!U8 -> 251.4 | N6: =SUM(B6:M6)/12 -> 269.55 | O6: =N6*365 -> 98385.75
A7: Goose Creek CC | B7: ='Qtrly''s-Cntsht Book'!D9 -> 1305.6 | C7: ='Qtrly''s-Cntsht Book'!E9 -> 1303.5 | D7: ='Qtrly''s-Cntsht Book'!F9 -> 1336.9 | E7: ='Qtrly''s-Cntsht Book'!I9 -> 1419 | F7: ='Qtrly''s-Cntsht Book'!J9 -> 1378.4 | G7: ='Qtrly''s-Cntsht Book'!K9 -> 1382.7 | H7: ='Qtrly''s-Cntsht Book'!N9 -> 1377.7 | I7: ='Qtrly''s-Cntsht Book'!O9 -> 1347.6 | J7: ='Qtrly''s-Cntsht Book'!P9 -> 1320.5 | K7: ='Qtrly''s-Cntsht Book'!S9 -> 1297.8 | L7: ='Qtrly''s-Cntsht Book'!T9 -> 1276.7 | M7: ='Qtrly''s-Cntsht Book'!U9 -> 1259.2 | N7: =SUM(B7:M7)/12 -> 1333.8 | O7: =N7*365 -> 486837
A8: Combined Hiland Mtn CC | B8: ='Qtrly''s-Cntsht Book'!D10 -> 301.8 | C8: ='Qtrly''s-Cntsht Book'!E10 -> 299.9 | D8: ='Qtrly''s-Cntsht Book'!F10 -> 306.2 | E8: ='Qtrly''s-Cntsht Book'!I10 -> 312.9 | F8: ='Qtrly''s-Cntsht Book'!J10 -> 320.8 | G8: ='Qtrly''s-Cntsht Book'!K10 -> 308.1 | H8: ='Qtrly''s-Cntsht Book'!N10 -> 311.8 | I8: ='Qtrly''s-Cntsht Book'!O10 -> 316.3 | J8: ='Qtrly''s-Cntsht Book'!P10 -> 307.7 | K8: ='Qtrly''s-Cntsht Book'!S10 -> 317.8 | L8: ='Qtrly''s-Cntsht Book'!T10 -> 309.1 | M8: ='Qtrly''s-Cntsht Book'!U10 -> 308 | N8: =SUM(B8:M8)/12 -> 310.03333 | O8: =N8*365 -> 113162.17
A9: Ketchikan CC | B9: ='Qtrly''s-Cntsht Book'!D11 -> 46.5 | C9: ='Qtrly''s-Cntsht Book'!E11 -> 39 | D9: ='Qtrly''s-Cntsht Book'!F11 -> 45.6 | E9: ='Qtrly''s-Cntsht Book'!I11 -> 49.6 | F9: ='Qtrly''s-Cntsht Book'!J11 -> 47.8 | G9: ='Qtrly''s-Cntsht Book'!K11 -> 58.2 | H9: ='Qtrly''s-Cntsht Book'!N11 -> 55.3 | I9: ='Qtrly''s-Cntsht Book'!O11 -> 57.2 | J9: ='Qtrly''s-Cntsht Book'!P11 -> 57.8 | K9: ='Qtrly''s-Cntsht Book'!S11 -> 57.2 | L9: ='Qtrly''s-Cntsht Book'!T11 -> 58.2 | M9: ='Qtrly''s-Cntsht Book'!U11 -> 49.7 | N9: =SUM(B9:M9)/12 -> 51.841667 | O9: =N9*365 -> 18922.208
A10: Lemon Creek CC | B10: ='Qtrly''s-Cntsht Book'!D12 -> 200.5 | C10: ='Qtrly''s-Cntsht Book'!E12 -> 217.5 | D10: ='Qtrly''s-Cntsht Book'!F12 -> 204.1 | E10: ='Qtrly''s-Cntsht Book'!I12 -> 212.4 | F10: ='Qtrly''s-Cntsht Book'!J12 -> 217 | G10: ='Qtrly''s-Cntsht Book'!K12 -> 206.3 | H10: ='Qtrly''s-Cntsht Book'!N12 -> 197.5 | I10: ='Qtrly''s-Cntsht Book'!O12 -> 196.4 | J10: ='Qtrly''s-Cntsht Book'!P12 -> 202.8 | K10: ='Qtrly''s-Cntsht Book'!S12 -> 209.8 | L10: ='Qtrly''s-Cntsht Book'!T12 -> 223.9 | M10: ='Qtrly''s-Cntsht Book'!U12 -> 213.2 | N10: =SUM(B10:M10)/12 -> 208.45 | O10: =N10*365 -> 76084.25
A11: Mat-Su CC | B11: ='Qtrly''s-Cntsht Book'!D13 -> 86.7 | C11: ='Qtrly''s-Cntsht Book'!E13 -> 86.4 | D11: ='Qtrly''s-Cntsht Book'!F13 -> 85.4 | E11: ='Qtrly''s-Cntsht Book'!I13 -> 87.3 | F11: ='Qtrly''s-Cntsht Book'!J13 -> 91.6 | G11: ='Qtrly''s-Cntsht Book'!K13 -> 85.1 | H11: ='Qtrly''s-Cntsht Book'!N13 -> 83.4 | I11: ='Qtrly''s-Cntsht Book'!O13 -> 84.3 | J11: ='Qtrly''s-Cntsht Book'!P13 -> 90.5 | K11: ='Qtrly''s-Cntsht Book'!S13 -> 92.8 | L11: ='Qtrly''s-Cntsht Book'!T13 -> 84.5 | M11: ='Qtrly''s-Cntsht Book'!U13 -> 88.7 | N11: =SUM(B11:M11)/12 -> 87.225 | O11: =N11*365 -> 31837.125
A12: Palmer CC | B12: ='Qtrly''s-Cntsht Book'!D14 -> 0 | C12: ='Qtrly''s-Cntsht Book'!E14 -> 0 | D12: ='Qtrly''s-Cntsht Book'!F14 -> 0 | E12: ='Qtrly''s-Cntsht Book'!I14 -> 0 | F12: ='Qtrly''s-Cntsht Book'!J14 -> 0 | G12: ='Qtrly''s-Cntsht Book'!K14 -> 0 | H12: ='Qtrly''s-Cntsht Book'!N14 -> 0 | I12: ='Qtrly''s-Cntsht Book'!O14 -> 0 | J12: ='Qtrly''s-Cntsht Book'!P14 -> 0 | K12: ='Qtrly''s-Cntsht Book'!S14 -> 0 | L12: ='Qtrly''s-Cntsht Book'!T14 -> 0 | M12: ='Qtrly''s-Cntsht Book'!U14 -> 0 | N12: =SUM(B12:M12)/4 -> 0 | O12: =N12*123 -> 0
A13: Pt. MacKenzie | B13: ='Qtrly''s-Cntsht Book'!D15 -> 81.6 | C13: ='Qtrly''s-Cntsht Book'!E15 -> 91.6 | D13: ='Qtrly''s-Cntsht Book'!F15 -> 86.3 | E13: ='Qtrly''s-Cntsht Book'!I15 -> 81.7 | F13: ='Qtrly''s-Cntsht Book'!J15 -> 87.9 | G13: ='Qtrly''s-Cntsht Book'!K15 -> 84.4 | H13: ='Qtrly''s-Cntsht Book'!N15 -> 79 | I13: ='Qtrly''s-Cntsht Book'!O15 -> 77.4 | J13: ='Qtrly''s-Cntsht Book'!P15 -> 90.8 | K13: ='Qtrly''s-Cntsht Book'!S15 -> 97.5 | L13: ='Qtrly''s-Cntsht Book'!T15 -> 94.7 | M13: ='Qtrly''s-Cntsht Book'!U15 -> 93.4 | N13: =SUM(B13:M13)/12 -> 87.191667 | O13: =N13*365 -> 31824.958
A14: Spring Creek CC | B14: ='Qtrly''s-Cntsht Book'!D16 -> 395.9 | C14: ='Qtrly''s-Cntsht Book'!E16 -> 397.8 | D14: ='Qtrly''s-Cntsht Book'!F16 -> 395.5 | E14: ='Qtrly''s-Cntsht Book'!I16 -> 390.9 | F14: ='Qtrly''s-Cntsht Book'!J16 -> 396.5 | G14: ='Qtrly''s-Cntsht Book'!K16 -> 393 | H14: ='Qtrly''s-Cntsht Book'!N16 -> 392.2 | I14: ='Qtrly''s-Cntsht Book'!O16 -> 373.7 | J14: ='Qtrly''s-Cntsht Book'!P16 -> 387.5 | K14: ='Qtrly''s-Cntsht Book'!S16 -> 389.5 | L14: ='Qtrly''s-Cntsht Book'!T16 -> 393.3 | M14: ='Qtrly''s-Cntsht Book'!U16 -> 406.5 | N14: =SUM(B14:M14)/12 -> 392.69167 | O14: =N14*365 -> 143332.46
A15: Wildwood CC | B15: ='Qtrly''s-Cntsht Book'!D17 -> 422.7 | C15: ='Qtrly''s-Cntsht Book'!E17 -> 418.1 | D15: ='Qtrly''s-Cntsht Book'!F17 -> 407.9 | E15: ='Qtrly''s-Cntsht Book'!I17 -> 407.7 | F15: ='Qtrly''s-Cntsht Book'!J17 -> 414.2 | G15: ='Qtrly''s-Cntsht Book'!K17 -> 409.8 | H15: ='Qtrly''s-Cntsht Book'!N17 -> 408.1 | I15: ='Qtrly''s-Cntsht Book'!O17 -> 407.6 | J15: ='Qtrly''s-Cntsht Book'!P17 -> 389.2 | K15: ='Qtrly''s-Cntsht Book'!S17 -> 398.1 | L15: ='Qtrly''s-Cntsht Book'!T17 -> 406.2 | M15: ='Qtrly''s-Cntsht Book'!U17 -> 402.3 | N15: =SUM(B15:M15)/12 -> 407.65833 | O15: =N15*365 -> 148795.29
A16: Yukon-Kuskokwim CC | B16: ='Qtrly''s-Cntsht Book'!D18 -> 150.4 | C16: ='Qtrly''s-Cntsht Book'!E18 -> 157.8 | D16: ='Qtrly''s-Cntsht Book'!F18 -> 156.2 | E16: ='Qtrly''s-Cntsht Book'!I18 -> 163.8 | F16: ='Qtrly''s-Cntsht Book'!J18 -> 158.9 | G16: ='Qtrly''s-Cntsht Book'!K18 -> 165.8 | H16: ='Qtrly''s-Cntsht Book'!N18 -> 182 | I16: ='Qtrly''s-Cntsht Book'!O18 -> 177.8 | J16: ='Qtrly''s-Cntsht Book'!P18 -> 170.1 | K16: ='Qtrly''s-Cntsht Book'!S18 -> 169.6 | L16: ='Qtrly''s-Cntsht Book'!T18 -> 167.4 | M16: ='Qtrly''s-Cntsht Book'!U18 -> 170 | N16: =SUM(B16:M16)/12 -> 165.81667 | O16: =N16*365 -> 60523.083
A17: Tents | B17: ='Qtrly''s-Cntsht Book'!D49 -> 0 | C17: ='Qtrly''s-Cntsht Book'!E49 -> 0 | D17: ='Qtrly''s-Cntsht Book'!F49 -> 0 | E17: ='Qtrly''s-Cntsht Book'!I49 -> 0 | F17: ='Qtrly''s-Cntsht Book'!J49 -> 0 | G17: ='Qtrly''s-Cntsht Book'!K49 -> 0 | H17: ='Qtrly''s-Cntsht Book'!N49 -> 0 | I17: ='Qtrly''s-Cntsht Book'!O49 -> 0 | J17: ='Qtrly''s-Cntsht Book'!P49 -> 0 | K17: ='Qtrly''s-Cntsht Book'!S49 -> - | L17: ='Qtrly''s-Cntsht Book'!T49 -> - | M17: ='Qtrly''s-Cntsht Book'!U49 -> - | N17: =SUM(B17:M17)/12 -> 0 | O17: =N17*365 -> 0
A18: TOTAL INSTITUTIONS | B18: =SUM(B4:B17) -> 4258 | C18: =SUM(C4:C17) -> 4283.1 | D18: =SUM(D4:D17) -> 4308.5 | E18: =SUM(E4:E17) -> 4364.3 | F18: =SUM(F4:F17) -> 4332.5 | G18: =SUM(G4:G17) -> 4310.9 | H18: =SUM(H4:H17) -> 4307.9 | I18: =SUM(I4:I17) -> 4302.9 | ... M18: =SUM(M4:M17) -> 4248.5 | N18: =SUM(B18:M18)/12 -> 4288.6917 | O18: =SUM(O4:O17) -> 1565372.5
A19: Other
A20: CRC's | B20: ='Qtrly''s-Cntsht Book'!D22 -> 369.55 | C20: ='Qtrly''s-Cntsht Book'!E22 -> 363.84 | D20: ='Qtrly''s-Cntsht Book'!F22 -> 360.67 | E20: ='Qtrly''s-Cntsht Book'!I22 -> 343.19 | F20: ='Qtrly''s-Cntsht Book'!J22 -> 316.9 | G20: ='Qtrly''s-Cntsht Book'!K22 -> 295.35 | H20: ='Qtrly''s-Cntsht Book'!N22 -> 265.35 | I20: ='Qtrly''s-Cntsht Book'!O22 -> 317.61 | J20: ='Qtrly''s-Cntsht Book'!P22 -> 322.52 | K20: ='Qtrly''s-Cntsht Book'!S22 -> 304.6 | L20: ='Qtrly''s-Cntsht Book'!T22 -> 286.19 | M20: ='Qtrly''s-Cntsht Book'!U22 -> 286.19 | N20: =SUM(B20:M20)/12 -> 319.33 | O20: =N20*365 -> 116555.45
A21: CRC Offender Supervision | B21: ='Qtrly''s-Cntsht Book'!D23 -> 11.87 | C21: ='Qtrly''s-Cntsht Book'!E23 -> 11.06 | D21: ='Qtrly''s-Cntsht Book'!F23 -> 8.17 | E21: ='Qtrly''s-Cntsht Book'!I23 -> 7 | F21: ='Qtrly''s-Cntsht Book'!J23 -> 5.63 | G21: ='Qtrly''s-Cntsht Book'!K23 -> 4 | H21: ='Qtrly''s-Cntsht Book'!N23 -> 4 | I21: ='Qtrly''s-Cntsht Book'!O23 -> 4 | J21: ='Qtrly''s-Cntsht Book'!P23 -> 4 | K21: ='Qtrly''s-Cntsht Book'!S23 -> 2.13 | L21: ='Qtrly''s-Cntsht Book'!T23 -> 0 | M21: ='Qtrly''s-Cntsht Book'!U23 -> 0 | N21: =SUM(B21:M21)/12 -> 5.155 | O21: =N21*365 -> 1881.575
A22: Treatment Beds | B22: ='Qtrly''s-Cntsht Book'!D24 -> 18.16 | C22: ='Qtrly''s-Cntsht Book'!E24 -> 21.29 | D22: ='Qtrly''s-Cntsht Book'!F24 -> 23.03 | E22: ='Qtrly''s-Cntsht Book'!I24 -> 25.32 | F22: ='Qtrly''s-Cntsht Book'!J24 -> 21.13 | G22: ='Qtrly''s-Cntsht Book'!K24 -> 18 | H22: ='Qtrly''s-Cntsht Book'!N24 -> 20.35 | I22: ='Qtrly''s-Cntsht Book'!O24 -> 25.43 | J22: ='Qtrly''s-Cntsht Book'!P24 -> 22.09 | K22: ='Qtrly''s-Cntsht Book'!S24 -> 19.3 | L22: ='Qtrly''s-Cntsht Book'!T24 -> 18 | M22: ='Qtrly''s-Cntsht Book'!U24 -> 18.03 | N22: =SUM(B22:M22)/12 -> 20.844167 | O22: =N22*365 -> 7608.1208
A23: Electronic Monitoring | B23: ='Qtrly''s-Cntsht Book'!D25 -> 258 | C23: ='Qtrly''s-Cntsht Book'!E25 -> 236 | D23: ='Qtrly''s-Cntsht Book'!F25 -> 229 | E23: ='Qtrly''s-Cntsht Book'!I25 -> 226 | F23: ='Qtrly''s-Cntsht Book'!J25 -> 222 | G23: ='Qtrly''s-Cntsht Book'!K25 -> 212 | H23: ='Qtrly''s-Cntsht Book'!N25 -> 204 | I23: ='Qtrly''s-Cntsht Book'!O25 -> 196 | J23: ='Qtrly''s-Cntsht Book'!P25 -> 199 | K23: ='Qtrly''s-Cntsht Book'!S25 -> 203 | L23: ='Qtrly''s-Cntsht Book'!T25 -> 212 | M23: ='Qtrly''s-Cntsht Book'!U25 -> 212 | N23: =SUM(B23:M23)/12 -> 217.41667 | O23: =N23*365 -> 79357.083
A24: Colorado | B24: ='Qtrly''s-Cntsht Book'!D26 -> N/A | C24: ='Qtrly''s-Cntsht Book'!E26 -> N/A | D24: ='Qtrly''s-Cntsht Book'!F26 -> N/A | E24: ='Qtrly''s-Cntsht Book'!I26 -> N/A | F24: ='Qtrly''s-Cntsht Book'!J26 -> N/A | G24: ='Qtrly''s-Cntsht Book'!K26 -> N/A | H24: ='Qtrly''s-Cntsht Book'!N26 -> N/A | I24: ='Qtrly''s-Cntsht Book'!O26 -> N/A | J24: ='Qtrly''s-Cntsht Book'!P26 -> N/A | K24: ='Qtrly''s-Cntsht Book'!S26 -> N/A | L24: ='Qtrly''s-Cntsht Book'!T26 -> N/A | M24: ='Qtrly''s-Cntsht Book'!U26 -> N/A | N24: =SUM(B24:M24)/3 -> 0 | O24: =N24*365 -> 0
A25: Other Out Of State | B25: ='Qtrly''s-Cntsht Book'!D27 -> 9 | C25: ='Qtrly''s-Cntsht Book'!E27 -> 10 | D25: ='Qtrly''s-Cntsht Book'!F27 -> 11 | E25: ='Qtrly''s-Cntsht Book'!I27 -> 11 | F25: ='Qtrly''s-Cntsht Book'!J27 -> 11 | G25: ='Qtrly''s-Cntsht Book'!K27 -> 11 | H25: ='Qtrly''s-Cntsht Book'!N27 -> 11 | I25: ='Qtrly''s-Cntsht Book'!O27 -> 11 | J25: ='Qtrly''s-Cntsht Book'!P27 -> 11 | K25: ='Qtrly''s-Cntsht Book'!S27 -> 11 | L25: ='Qtrly''s-Cntsht Book'!T27 -> 11 | M25: ='Qtrly''s-Cntsht Book'!U27 -> 11 | N25: =SUM(B25:M25)/12 -> 10.75 | O25: =N25*365 -> 3923.75
A26: TOTAL OTHER | B26: =SUM(B20:B25) -> 666.58 | C26: =SUM(C20:C25) -> 642.19 | D26: =SUM(D20:D25) -> 631.87 | E26: =SUM(E20:E25) -> 612.51 | F26: =SUM(F20:F25) -> 576.66 | G26: =SUM(G20:G25) -> 540.35 | H26: =SUM(H20:H25) -> 504.7 | I26: =SUM(I20:I25) -> 554.04 | ... O26: =SUM(O20:O25) -> 209325.98
A27: GRAND TOTAL | B27: =B18+B26 -> 4924.58 | C27: =C18+C26 -> 4925.29 | D27: =D18+D26 -> 4940.37 | E27: =E18+E26 -> 4976.81 | F27: =F18+F26 -> 4909.16 | G27: =G18+G26 -> 4851.25 | H27: =H18+H26 -> 4812.6 | I27: =I18+I26 -> 4856.94 | ... M27: =M18+M26 -> 4775.72 | N27: =SUM(B27:M27)/12 -> 4862.1875 | O27: =O18+O26 -> 1774698.4
A33: Updated: 10/18/18 lj

Sheet Avg Daily Community Jails
A2: JULY 2017 TO JUNE 2018-NUMBER OF PERSONS
A4: BEDS | B4: 4 | C4: 6 | D4: 7 | E4: 8 | F4: 6 | G4: 7 | H4: 22 | I4: 12 | J4: 9 | K4: 12 | L4: 14 | M4: 15 | N4: 10 | O4: 13 | P4: 12 | Q4: =SUM(B4:P4) -> 157
B5: Bristol Bay | C5: Cordova | D5: Craig | E5: Dillingham | F5: Haines | G5: Homer | H5: Kodiak | I5: Kotzebue | J5: NSB | K5: Petersburg | L5: Seward | M5: Sitka | N5: Unalaska | O5: Valdez | P5: Wrangell
A6: July | B6: 12 | C6: 5 | D6: 34 | E6: 77 | F6: 5 | G6: 35 | H6: 50 | I6: 93 | J6: 58 | K6: 8 | L6: 31 | M6: 56 | N6: 12 | O6: 24 | P6: 8
A7: August | B7: 8 | C7: 4 | D7: 31 | E7: 71 | F7: 1 | G7: 41 | H7: 54 | I7: 103 | J7: 75 | K7: 4 | L7: 33 | M7: 66 | N7: 12 | O7: 8 | P7: 5
A8: September | B8: 6 | C8: 3 | D8: 26 | E8: 86 | F8: 1 | G8: 33 | H8: 62 | I8: 96 | J8: 51 | K8: 4 | L8: 21 | M8: 55 | N8: 6 | O8: 12 | P8: 7
A9: October | B9: 1 | C9: 0 | D9: 31 | E9: 54 | F9: 5 | G9: 39 | H9: 48 | I9: 77 | J9: 50 | K9: 3 | L9: 22 | M9: 44 | N9: 9 | O9: 8 | P9: 5
A10: November | B10: 3 | C10: 1 | D10: 23 | E10: 41 | F10: 5 | G10: 38 | H10: 48 | I10: 84 | J10: 48 | K10: 3 | L10: 18 | M10: 29 | N10: 10 | O10: 14 | P10: 1
A11: December | B11: 3 | C11: 1 | D11: 30 | E11: 36 | F11: 3 | G11: 36 | H11: 43 | I11: 89 | J11: 74 | K11: 1 | L11: 8 | M11: 40 | N11: 8 | O11: 8 | P11: 9
A12: January | B12: 5 | C12: 2 | D12: 29 | E12: 35 | F12: 7 | G12: 28 | H12: 36 | I12: 70 | J12: 53 | K12: 3 | L12: 9 | M12: 63 | N12: 8 | O12: 10 | P12: 11
A13: February | B13: 3 | C13: 5 | D13: 27 | E13: 50 | F13: 4 | G13: 35 | H13: 34 | I13: 79 | J13: 44 | K13: 6 | L13: 6 | M13: 44 | N13: 11 | O13: 11 | P13: 5
A14: March | B14: 4 | C14: 1 | D14: 28 | E14: 84 | F14: 2 | G14: 33 | H14: 70 | I14: 65 | J14: 41 | K14: 7 | L14: 10 | M14: 53 | N14: 13 | O14: 18 | P14: 6
A15: April | B15: 3 | C15: 4 | D15: 24 | E15: 25 | F15: 1 | G15: 29 | H15: 52 | I15: 91 | J15: 53 | K15: 3 | L15: 12 | M15: 58 | N15: 9 | O15: 13 | P15: 10
A16: May | B16: 9 | C16: 5 | D16: 41 | E16: 47 | F16: 3 | G16: 32 | H16: 58 | I16: 103 | J16: 54 | K16: 5 | L16: 22 | M16: 61 | N16: 9 | O16: 20 | P16: 9
A17: June | B17: 13 | C17: 12 | D17: 40 | E17: 70 | F17: 2 | G17: 49 | H17: 36 | I17: 80 | J17: 41 | K17: 8 | L17: 10 | M17: 50 | N17: 17 | O17: 29 | P17: 11 | Q17: Total
A18: Total | B18: =SUM(B6:B17) -> 70 | C18: =SUM(C6:C17) -> 43 | D18: =SUM(D6:D17) -> 364 | E18: =SUM(E6:E17) -> 676 | F18: =SUM(F6:F17) -> 39 | G18: =SUM(G6:G17) -> 428 | H18: =SUM(H6:H17) -> 591 | I18: =SUM(I6:I17) -> 1030 | ... P18: =SUM(P6:P17) -> 87 | Q18: Persons
A19: Average | B19: =AVERAGE(B6:B17) -> 5.8333333 | C19: =AVERAGE(C6:C17) -> 3.5833333 | D19: =AVERAGE(D6:D17) -> 30.333333 | E19: =AVERAGE(E6:E17) -> 56.333333 | F19: =AVERAGE(F6:F17) -> 3.25 | G19: =AVERAGE(G6:G17) -> 35.666667 | H19: =AVERAGE(H6:H17) -> 49.25 | I19: =AVERAGE(I6:I17) -> 85.833333 | ... P19: =AVERAGE(P6:P17) -> 7.25 | Q19: =SUM(B18:P18) -> 5145
A21: JULY 2017 TO JUNE 2018--NUMBER OF MAN-DAYS
A23: CAP DAYS | B23: 15 | C23: 7 | D23: 15 | E23: 20 | F23: 14 | G23: 10 | H23: 30 | I23: 30 | J23: 30 | K23: 15 | L23: 30 | M23: 10 | N23: 30 | O23: 10 | P23: 30 | Q23: =SUM(B23:O23) -> 266
B24: Bristol Bay | C24: Cordova | D24: Craig | E24: Dillingham | F24: Haines | G24: Homer | H24: Kodiak | I24: Kotzebue | J24: NSB | K24: Petersburg | L24: Seward | M24: Sitka | N24: Unalaska | O24: Valdez | P24: Wrangell
A25: July | B25: 31 | C25: 9.5 | D25: 137 | E25: 209 | F25: 5.5 | G25: 46 | H25: 314.5 | I25: 287.5 | J25: 188.5 | K25: 25 | L25: 67 | M25: 218 | N25: 39.5 | O25: 90.5 | P25: 42
A26: August | B26: 28.5 | C26: 7.5 | D26: 149 | E26: 197 | F26: 1 | G26: 62.5 | H26: 326.5 | I26: 295.5 | J26: 281.5 | K26: 9 | L26: 58 | M26: 251 | N26: 42 | O26: 68.5 | P26: 44
A27: September | B27: 12.5 | C27: 2 | D27: 166.5 | E27: 185 | F27: 3 | G27: 50 | H27: 371.5 | I27: 271.5 | J27: 321.5 | K27: 20 | L27: 49 | M27: 189 | N27: 28.5 | O27: 59 | P27: 51
A28: October | B28: 1 | C28: 0 | D28: 117 | E28: 133 | F28: 1.5 | G28: 73 | H28: 302 | I28: 243 | J28: 313.5 | K28: 12 | L28: 79.5 | M28: 133 | N28: 10.5 | O28: 61 | P28: 35
A29: November | B29: 14 | C29: 9 | D29: 97 | E29: 89 | F29: 7 | G29: 58 | H29: 304 | I29: 283.5 | J29: 311.5 | K29: 27 | L29: 39 | M29: 59.5 | N29: 48 | O29: 39.5 | P29: 10
A30: December | B30: 6 | C30: 1.5 | D30: 141 | E30: 115 | F30: 9 | G30: 60 | H30: 377 | I30: 296.5 | J30: 316.5 | K30: 4 | L30: 18 | M30: 182.5 | N30: 10 | O30: 71.5 | P30: 12
A31: January | B31: 16 | C31: 2 | D31: 135 | E31: 93 | F31: 2 | G31: 24 | H31: 285 | I31: 245.5 | J31: 390 | K31: 15 | L31: 25.5 | M31: 265 | N31: 29.5 | O31: 60.5 | P31: 59
A32: February | B32: 10 | C32: 13.5 | D32: 141.5 | E32: 114 | F32: 4.5 | G32: 51.5 | H32: 201 | I32: 234 | J32: 419.5 | K32: 26 | L32: 12 | M32: 146.5 | N32: 24 | O32: 34 | P32: 27
A33: March | B33: 26 | C33: 1 | D33: 128.5 | E33: 166 | F33: 0.5 | G33: 49.5 | H33: 416 | I33: 247 | J33: 405 | K33: 29 | L33: 32 | M33: 303 | N33: 25.5 | O33: 103 | P33: 35
A34: April | B34: 4 | C34: 6 | D34: 122 | E34: 70 | F34: 0.5 | G34: 46 | H34: 360.5 | I34: 265 | J34: 366.5 | K34: 24 | L34: 32 | M34: 311.5 | N34: 8 | O34: 99 | P34: 19
A35: May | B35: 31 | C35: 8 | D35: 174 | E35: 158 | F35: 4.5 | G35: 31 | H35: 319 | I35: 282 | J35: 402.5 | K35: 22 | L35: 52.5 | M35: 207 | N35: 16 | O35: 47 | P35: 31
A36: June | B36: 30 | C36: 21 | D36: 151.5 | E36: 70 | F36: 1 | G36: 91.5 | H36: 234.5 | I36: 249 | J36: 300.5 | K36: 35 | L36: 30.5 | M36: 188 | N36: 23.5 | O36: 82.5 | P36: 59 | Q36: Total
A37: Total | B37: =SUM(B25:B36) -> 210 | C37: =SUM(C25:C36) -> 81 | D37: =SUM(D25:D36) -> 1660 | E37: =SUM(E25:E36) -> 1599 | F37: =SUM(F25:F36) -> 40 | G37: =SUM(G25:G36) -> 643 | H37: =SUM(H25:H36) -> 3811.5 | I37: =SUM(I25:I36) -> 3200 | ... P37: =SUM(P25:P36) -> 424 | Q37: Man-days
A38: Average | B38: =AVERAGE(B25:B36) -> 17.5 | C38: =AVERAGE(C25:C36) -> 6.75 | D38: =AVERAGE(D25:D36) -> 138.33333 | E38: =AVERAGE(E25:E36) -> 133.25 | F38: =AVERAGE(F25:F36) -> 3.3333333 | G38: =AVERAGE(G25:G36) -> 53.583333 | H38: =AVERAGE(H25:H36) -> 317.625 | I38: =AVERAGE(I25:I36) -> 266.66667 | ... P38: =AVERAGE(P25:P36) -> 35.333333 | Q38: =SUM(B37:P37) -> 20003.5
A40: COC 2019 | B40: =Q38/365 -> 54.80411
A41: Average Daily Community Jail Population for Fiscal Year 2018 | H41: =B40 -> 54.80411

Sheet IADP-By Gender
A1: DAILY AVERAGE BY INSTITUTION BY SEX BY CRIME DEGREE: FY2018
A3: LOCATION | B3: Misd Male Sent | C3: Misd Male Unsent | D3: Misd Female Sent | E3: Misd Female Unsent | F3: Felony Female Sent | G3: Felony Female Unsent | H3: Grand Total
A4: ANCHORAGE CC EAST | B4: 1.0296 | C4: 89.015 | D4: 0.0172 | E4: 5.9725 | F4: 0.0102 | G4: 6.177 | H4: =SUM(B4:G4) -> 102.2215
A5: ANCHORAGE CC WEST | B5: 0.8734 | C5: 26.517 | D5: 0 | E5: 0 | F5: 0 | G5: 0 | H5: =SUM(B5:G5) -> 27.3904
A6: ANVIL MTN CC | B6: 1.9989 | C6: 12.134 | D6: 0.2411 | E6: 2.7847 | F6: 0.0273 | G6: 7.359 | H6: =SUM(B6:G6) -> 24.545
A7: FAIRBANKS CC | B7: 1.4193 | C7: 56.512 | D7: 0.1746 | E7: 13.3317 | F7: 1.6676 | G7: 15.791 | H7: =SUM(B7:G7) -> 88.8962
A8: GOOSE CREEK CC | B8: 13.6523 | C8: 33.659 | D8: 0 | E8: 0.4977 | F8: 0 | G8: 0.079 | H8: =SUM(B8:G8) -> 47.888
A9: HILAND MTN CC | B9: 0 | C9: 0.003 | D9: 2.1483 | E9: 42.901 | F9: 75.8729 | G9: 161.06 | H9: =SUM(B9:G9) -> 281.9852
A10: KETCHIKAN CC | B10: 1.4394 | C10: 3.054 | D10: 0.0575 | E10: 0.6383 | F10: 0.6777 | G10: 4.001 | H10: =SUM(B10:G10) -> 9.8679
A11: LEMON CREEK CC | B11: 3.7008 | C11: 12.325 | D11: 0.2575 | E11: 2.1824 | F11: 2.4625 | G11: 7.514 | H11: =SUM(B11:G11) -> 28.4422
A12: MATSU PRETRIAL | B12: 0.1144 | C12: 18.981 | D12: 0.045 | E12: 2.7054 | F12: 0.1674 | G12: 5.795 | H12: =SUM(B12:G12) -> 27.8082
A13: PT. MACKENZIE CF | B13: 1.9434 | C13: 0 | D13: 0 | E13: 0 | F13: 0 | G13: 0 | H13: =SUM(B13:G13) -> 1.9434
A14: SPRING CREEK CC | B14: 11.4608 | C14: 0.66 | D14: 0 | E14: 0 | F14: 0 | G14: 0 | H14: =SUM(B14:G14) -> 12.1208
A15: WILDWOOD CC | B15: 3.5977 | C15: 4.668 | D15: 0 | E15: 0.0016 | F15: 0 | G15: 0 | H15: =SUM(B15:G15) -> 8.2673 | J15: AVG Daily
A16: WILDWOOD PRETRIAL | B16: 0.0411 | C16: 6.311 | D16: 0.0215 | E16: 3.8703 | F16: 0.1395 | G16: 16.619 | H16: =SUM(B16:G16) -> 27.0024 | J16: Female
A17: WILDWOOD TRANSITIONAL | B17: 0.6693 | C17: 2.265 | D17: 0 | E17: 0 | F17: 0 | G17: 0 | H17: =SUM(B17:G17) -> 2.9343 | J17: Population
A18: YUKON-KUSKOKWIM CC | B18: 2.4797 | C18: 22.89 | D18: 0.2122 | E18: 1.9575 | F18: 0.015 | G18: 3.619 | H18: =SUM(B18:G18) -> 31.1734 | J18: (Sched-A)
A19: INSTITUTION TOTAL | B19: =SUM(B4:B18) -> 44.4201 | C19: =SUM(C4:C18) -> 288.994 | D19: =SUM(D4:D18) -> 3.1749 | E19: =SUM(E4:E18) -> 76.8431 | F19: =SUM(F4:F18) -> 81.0401 | G19: =SUM(G4:G18) -> 228.014 | H19: =SUM(B19:G19) -> 722.4862 | J19: =D19+E19+F19+G19 -> 389.0721
A20: AKEELA HOUSE | B20: 0 | C20: 0 | D20: 0 | E20: 0 | F20: 0 | G20: 0 | H20: =SUM(B20:G20) -> 0
A21: CORDOVA CTR | B21: 21.7311 | C21: 66.448 | D21: 0.1569 | E21: 0.0941 | F21: 0.0105 | G21: 0.052 | H21: =SUM(B21:G21) -> 88.4926
A22: GLACIER MANOR | B22: 2.137 | C22: 0.493 | D22: 0 | E22: 0.5137 | F22: 9.2982 | G22: 0 | H22: =SUM(B22:G22) -> 12.4419
A23: GLENNWOOD CTR | B23: 0 | C23: 0 | D23: 0 | E23: 0 | F23: 0.5647 | G23: 0 | H23: =SUM(B23:G23) -> 0.5647
A24: MIDTOWN CTR - ANCH | B24: 0 | C24: 0 | D24: 2.3779 | E24: 5.1825 | F24: 9.3133 | G24: 0 | H24: =SUM(B24:G24) -> 16.8737
A25: NORTH STAR CTR | B25: 4.5913 | C25: 10.215 | D25: 0.212 | E25: 0.8113 | F25: 5.5962 | G25: 0 | H25: =SUM(B25:G25) -> 21.4258
A26: PARKVIEW | B26: 0 | C26: 0 | D26: 0 | E26: 0 | F26: 0 | G26: 0 | H26: =SUM(B26:G26) -> 0
A27: PHILLIPS AYAGNIRVIK TC | B27: 0 | C27: 0 | D27: 0 | E27: 0 | F27: 0 | G27: 0 | H27: =SUM(B27:G27) -> 0
A28: SAARP | B28: 0 | C28: 0.411 | D28: 0 | E28: 0 | F28: 0 | G28: 0 | H28: =SUM(B28:G28) -> 0.411
A29: SEASIDE CRC-NOME | B29: 1.6734 | C29: 10.588 | D29: 0.9605 | E29: 2.6188 | F29: 0.09 | G29: 0.405 | H29: =SUM(B29:G29) -> 16.3357
A30: TUNDRA CTR | B30: 0.4613 | C30: 13.294 | D30: 0.0424 | E30: 2.3703 | F30: 0 | G30: 1.114 | H30: =SUM(B30:G30) -> 17.282
A31: CRC TOTAL | B31: =SUM(B20:B30) -> 30.5941 | C31: =SUM(C20:C30) -> 101.449 | D31: =SUM(D20:D30) -> 3.7497 | E31: =SUM(E20:E30) -> 11.5907 | F31: =SUM(F20:F30) -> 24.8729 | G31: =SUM(G20:G30) -> 1.571 | H31: =SUM(B31:G31) -> 173.8274
A32: ANCHORAGE EM | B32: 16.2669 | C32: 0.028 | D32: 6.0972 | E32: 0 | F32: 26.2823 | G32: 0.009 | H32: =SUM(B32:G32) -> 48.6834
A33: BARROW EM | B33: 0.6951 | C33: 0 | D33: 0 | E33: 0 | F33: 0 | G33: 0 | H33: =SUM(B33:G33) -> 0.6951
A34: CORDOVA TWO | B34: 0 | C34: 0 | D34: 0 | E34: 0 | F34: 0 | G34: 0 | H34: =SUM(B34:G34) -> 0
A35: FAIRBANKS EM | B35: 5.6426 | C35: 0.293 | D35: 1.53 | E35: 0 | F35: 10.5148 | G35: 0 | H35: =SUM(B35:G35) -> 17.9804
A36: JUNEAU EM | B36: 4.7827 | C36: 0.012 | D36: 0.6228 | E36: 0 | F36: 1.3576 | G36: 0 | H36: =SUM(B36:G36) -> 6.7751
A37: KENAI EM | B37: 0.8586 | C37: 1.52 | D37: 0.3167 | E37: 0.3871 | F37: 1.5941 | G37: 0 | H37: =SUM(B37:G37) -> 4.6765
A38: KENAI TWO | B38: 0 | C38: 0 | D38: 0 | E38: 0 | F38: 0 | G38: 0 | H38: =SUM(B38:G38) -> 0
A39: KETCHIKAN EM | B39: 0.8405 | C39: 0 | D39: 0.1293 | E39: 0 | F39: 0 | G39: 0 | H39: =SUM(B39:G39) -> 0.9698
A40: KODIAK EM | B40: 0.1254 | C40: 0 | D40: 0.0642 | E40: 0 | F40: 0 | G40: 0 | H40: =SUM(B40:G40) -> 0.1896
A41: PALMER EM | B41: 1.6996 | C41: 0 | D41: 1.6251 | E41: 0 | F41: 5.1269 | G41: 0 | H41: =SUM(B41:G41) -> 8.4516
A42: EM TOTAL | B42: =SUM(B32:B41) -> 30.9114 | C42: =SUM(C32:C41) -> 1.853 | D42: =SUM(D32:D41) -> 10.3853 | E42: =SUM(E32:E41) -> 0.3871 | F42: =SUM(F32:F41) -> 44.8757 | G42: =SUM(G32:G41) -> 0.009 | H42: =SUM(B42:G42) -> 88.4215
A43: COLORADO STATE PRISON | B43: 0 | C43: 0 | D43: 0 | E43: 0 | F43: 1.4643 | G43: 0 | H43: =SUM(B43:G43) -> 1.4643
A44: FEDERAL BUREAU PRISONS | B44: 0 | C44: 0 | D44: 0 | E44: 0 | F44: 0 | G44: 0 | H44: =SUM(B44:G44) -> 0
A45: NORTH DAKOTA | B45: 0 | C45: 0 | D45: 0 | E45: 0 | F45: 0 | G45: 0 | H45: =SUM(B45:G45) -> 0
A46: WASHINGTON STATE | B46: 0 | C46: 0 | D46: 0 | E46: 0 | F46: 0 | G46: 0 | H46: =SUM(B46:G46) -> 0
A47: OOS TOTAL | B47: =SUM(B43:B46) -> 0 | C47: =SUM(C43:C46) -> 0 | D47: =SUM(D43:D46) -> 0 | E47: =SUM(E43:E46) -> 0 | F47: =SUM(F43:F46) -> 1.4643 | G47: =SUM(G43:G46) -> 0 | H47: =SUM(B47:G47) -> 1.4643
A52: DAILY AVERAGE BY INSTITUTION BY SEX BY CRIME DEGREE: FY2017
A53: LOCATION | B53: Misd Male Sent | C53: Misd Male Unsent | D53: Misd Female Sent | E53: Misd Female Unsent | F53: Felony Female Sent | G53: Felony Female Unsent | H53: Grand Total
A54: ANCHORAGE CC EAST | B54: 2.1201 | C54: 101.121 | D54: 0.0472 | E54: 8.0131 | F54: 0.08 | G54: 7.771 | H54: 119.1524
A55: ANCHORAGE CC WEST | B55: 0.5897 | C55: 26.291 | D55: 0 | E55: 0 | F55: 0 | G55: 0 | H55: 26.8807
A56: ANVIL MTN CC | B56: 3.4442 | C56: 7.305 | D56: 0.6395 | E56: 1.4009 | F56: 0.449 | G56: 6.523 | H56: 19.7616
A57: FAIRBANKS CC | B57: 5.2377 | C57: 55.529 | D57: 0.2056 | E57: 11.4164 | F57: 0.994 | G57: 16.23 | H57: 89.6127
A58: GOOSE CREEK CC | B58: 15.47 | C58: 27.628 | D58: 0 | E58: 0 | F58: 0 | G58: 0 | H58: 43.098
A59: HILAND MTN CC | B59: 0 | C59: 0 | D59: 3.0497 | E59: 42.7831 | F59: 120.184 | G59: 144.072 | H59: 310.0888
A60: KETCHIKAN CC | B60: 1.6438 | C60: 2.809 | D60: 0.1697 | E60: 0.5788 | F60: 1.079 | G60: 8.363 | H60: 14.6433
A61: LEMON CREEK CC | B61: 4.9796 | C61: 15.375 | D61: 0.1541 | E61: 3.8286 | F61: 4.841 | G61: 9.269 | H61: 38.4473
A62: MATSU PRETRIAL | B62: 0.1536 | C62: 19.269 | D62: 0.0321 | E62: 4.7213 | F62: 0.204 | G62: 5.369 | H62: 29.749
A63: PALMER-MED CC | B63: 2.3536 | C63: 0.079 | D63: 0 | E63: 0.0038 | F63: 0 | G63: 0 | H63: 2.4364
A64: PALMER-MIN CC | B64: 1.2313 | C64: 0 | D64: 0 | E64: 0 | F64: 0 | G64: 0 | H64: 1.2313
A65: PT. MACKENZIE CF | B65: 0 | C65: 0 | D65: 0 | E65: 0 | F65: 0 | G65: 0 | H65: 0
A66: SPRING CREEK CC | B66: 10.6701 | C66: 0 | D66: 0 | E66: 0 | F66: 0 | G66: 0 | H66: 10.6701
A67: WILDWOOD CC | B67: 1.2382 | C67: 6.939 | D67: 0 | E67: 0 | F67: 0 | G67: 0 | H67: 8.1772 | J67: AVG Daily
A68: WILDWOOD PRETRIAL | B68: 0.1005 | C68: 5.668 | D68: 0.0497 | E68: 3.7612 | F68: 0.422 | G68: 21.751 | H68: 31.7524 | J68: Female
A69: WILDWOOD TRANSITIONAL | B69: 0.983 | C69: 2.976 | D69: 0 | E69: 0 | F69: 0 | G69: 0 | H69: 3.959 | J69: Population
A70: YUKON-KUSKOKWIM CC | B70: 1.3541 | C70: 22.963 | D70: 0.3473 | E70: 3.0013 | F70: 0.1 | G70: 4.337 | H70: 32.1027 | J70: (Sched-A)
A71: INSTITUTION TOTAL | B71: 51.5695 | C71: 293.952 | D71: 4.6949 | E71: 79.5085 | F71: 128.353 | G71: 223.685 | H71: 781.7629 | J71: 436.2414
A72: AKEELA HOUSE | B72: 0 | C72: 0 | D72: 0 | E72: 0 | F72: 0 | G72: 0 | H72: 0.47
A73: CLITHEROE | B73: 0 | C73: 0 | D73: 0 | E73: 0 | F73: 4.304 | G73: 0 | H73: 7.3
A74: CORDOVA CTR | B74: 29.6133 | C74: 59.044 | D74: 0.9258 | E74: 0.3038 | F74: 0.281 | G74: 0.285 | H74: 117.32
A75: GLACIER MANOR | B75: 1.401 | C75: 0.669 | D75: 0 | E75: 0.5646 | F75: 0.576 | G75: 0 | H75: 49.69
A76: GLENNWOOD CTR | B76: 0 | C76: 0 | D76: 0.2487 | E76: 0 | F76: 14.934 | G76: 0 | H76: 67.26
A77: MIDTOWN CTR - ANCH | B77: 0 | C77: 0 | D77: 10.2347 | E77: 4.0091 | F77: 10.14 | G77: 1.529 | H77: 25.91
A78: NORTH STAR CTR | B78: 6.8021 | C78: 11.214 | D78: 0.5814 | E78: 0.6869 | F78: 3.723 | G78: 0 | H78: 51.37
A79: PARKVIEW | B79: 1.0261 | C79: 4.818 | D79: 0 | E79: 0 | F79: 0 | G79: 0 | H79: 17.69
A80: PHILLIPS AYAGNIRVIK TC | B80: . | C80: . | D80: . | E80: . | F80: . | G80: . | H80: .
A81: SAARP | B81: 0 | C81: 0 | D81: 0 | E81: 0 | F81: 0 | G81: 0 | H81: 0.84
A82: SEASIDE CRC-NOME | B82: 2.512 | C82: 9.909 | D82: 0.1328 | E82: 0.6259 | F82: 1.155 | G82: 1.282 | H82: 36.26
A83: TUNDRA CTR | B83: 3.1098 | C83: 11.082 | D83: 0 | E83: 4.4565 | F83: 2.193 | G83: 0.283 | H83: 36.87
A84: CRC TOTAL | B84: 41.7075 | C84: 95.673 | D84: 9.1833 | E84: 11.701 | F84: 32.988 | G84: 3.146 | H84: 411.2
A85: ANCHORAGE EM | B85: 13.1377 | C85: 0.161 | D85: 5.8104 | E85: 0.1108 | F85: 42.104 | G85: 0.465 | H85: 61.7889
A86: BARROW EM | B86: 0.1041 | C86: 0 | D86: 0.3154 | E86: 0 | F86: 0 | G86: 0 | H86: 0.4195
A87: FAIRBANKS EM | B87: 6.5494 | C87: 0.617 | D87: 1.2331 | E87: 0.1515 | F87: 8.391 | G87: 0 | H87: 16.942
A88: JUNEAU EM | B88: 0.5834 | C88: 0.055 | D88: 0.3033 | E88: 0.18 | F88: 1.439 | G88: 0 | H88: 2.5607
A89: KENAI EM | B89: 1.2072 | C89: 0.278 | D89: 0.4576 | E89: 0.1949 | F89: 0 | G89: 0 | H89: 2.1377
A90: KETCHIKAN EM | B90: 0.5496 | C90: 0 | D90: 0.1088 | E90: 0 | F90: 0.444 | G90: 0 | H90: 1.1024
A91: KODIAK EM | B91: 0.1437 | C91: 0 | D91: 0 | E91: 0 | F91: 0 | G91: 0 | H91: 0.1437
A92: PALMER EM | B92: 3.616 | C92: 0 | D92: 0.5453 | E92: 0 | F92: 6.351 | G92: 0 | H92: 10.5123
... A98: TOTAL | B98: 0 | C98: 0 | D98: 0 | E98: 0 | F98: 1.002 | G98: 0 | H98: 1.002

Sheet Monthly PO Workload Stats
A2: Anchorage Probation Office | B2: Year | C2: Jul | D2: Aug | E2: Sep | F2: Oct | G2: Nov | H2: Dec | I2: Jan | J2: Feb | K2: Mar | L2: Apr | M2: May | N2: June | O2: Average Caseload | P2: Average Caseload Difference | Q2: Percent Caseload Difference
B3: FY00 | C3: 1998 | D3: 2016 | E3: 1984 | F3: 2010 | G3: 2067 | H3: 2078 | I3: 2078 | J3: 2085 | K3: 2134 | L3: 2136 | M3: 2135 | N3: 2143 | O3: =SUM(C3:N3)/12 -> 2072
B4: FY01 | C4: 2155 | D4: 2157 | E4: 2172 | F4: 2180 | G4: 2183 | H4: 2205 | I4: 2192 | J4: 2191 | K4: 2183 | L4: 2183 | M4: 2191 | N4: 2189 | O4: =SUM(C4:N4)/12 -> 2181.75 | P4: =SUM(O4-O3) -> 109.75 | Q4: =SUM(P4/O3) -> 0.052968147
B5: FY02 | C5: 2201 | D5: 2233 | E5: 2235 | F5: 2252 | G5: 2259 | H5: 2271 | I5: 2271 | J5: 2307 | K5: 2319 | L5: 2331 | M5: 2343 | N5: 2355 | O5: =SUM(C5:N5)/12 -> 2281.4167 | P5: =SUM(O5-O4) -> 99.666667 | Q5: =SUM(P5/O4) -> 0.045681983
B6: FY03 | C6: 2324 | D6: 2433 | E6: 2266 | F6: 2266 | G6: 2306 | H6: 2306 | I6: 2306 | J6: 2334 | K6: 2230 | L6: 2230 | M6: 2230 | N6: 2230 | O6: =SUM(C6:N6)/12 -> 2288.4167 | P6: =SUM(O6-O5) -> 7 | Q6: =SUM(P6/O5) -> 0.003068269
B7: FY04 | C7: 2408 | D7: 2335 | E7: 2353 | F7: 2353 | G7: 2311 | H7: 2367 | I7: 2367 | J7: 2352 | K7: 2336 | L7: 2336 | M7: 2292 | N7: 2318 | O7: =SUM(C7:N7)/12 -> 2344 | P7: =SUM(O7-O6) -> 55.583333 | Q7: =SUM(P7/O6) -> 0.024288992
B8: FY05 | C8: 2312 | D8: 2305 | E8: 2318 | F8: 2318 | G8: 2350 | H8: 2314 | I8: 2314 | J8: 2426 | K8: 2400 | L8: 2454 | M8: 2536 | N8: 2334 | O8: =SUM(C8:N8)/12 -> 2365.0833 | P8: =SUM(O8-O7) -> 21.083333 | Q8: =SUM(P8/O7) -> 0.0089945961
B9: FY06 | C9: 2357 | D9: 2384 | E9: 2387 | F9: 2410 | G9: 2414 | H9: 2444 | I9: 2444 | J9: 2433 | K9: 2417 | L9: 2424 | M9: 2443 | N9: 2445 | O9: =SUM(C9:N9)/12 -> 2416.8333 | P9: =SUM(O9-O8) -> 51.75 | Q9: =SUM(P9/O8) -> 0.021880836
B10: FY07 | C10: 2453 | D10: 2437 | E10: 2420 | F10: 2487 | G10: 2437 | H10: 2479 | I10: 2466 | J10: 2488 | K10: 2477 | L10: 2562 | M10: 2557 | N10: 2455 | O10: =SUM(C10:N10)/12 -> 2476.5 | P10: =SUM(O10-O9) -> 59.666667 | Q10: =SUM(P10/O9) -> 0.024687953
B11: FY08 | C11: 2495 | D11: 2542 | E11: 2644 | F11: 2580 | G11: 2273 | H11: 2302 | I11: 2395 | J11: 2404 | K11: 2394 | L11: 2426 | M11: 2689 | N11: 2739 | O11: =SUM(C11:N11)/12 -> 2490.25 | P11: =SUM(O11-O10) -> 13.75 | Q11: =SUM(P11/O10) -> 0.0055521906
B12: FY09 | C12: 2704 | D12: 2698 | E12: 2694 | F12: 2677 | G12: 2732 | H12: 2755 | I12: 2778 | J12: 2778 | K12: 2775 | L12: 2782 | M12: 2819 | N12: 2864 | O12: =SUM(C12:N12)/12 -> 2754.6667 | P12: =SUM(O12-O11) -> 264.41667 | Q12: =SUM(P12/O11) -> 0.10618077
B13: FY10 | C13: 2871 | D13: 2904 | E13: 2884 | F13: 2895 | G13: 2826 | H13: 2865 | I13: 2853 | J13: 2903 | K13: 2885 | L13: 2910 | M13: 2930 | N13: 2884 | O13: =SUM(C13:N13)/12 -> 2884.1667 | P13: =SUM(O13-O12) -> 129.5 | Q13: =SUM(P13/O12) -> 0.047011133
B14: FY11 | C14: 2896 | D14: 2980 | E14: 2969 | F14: 2961 | G14: 3022 | H14: 3037 | I14: 3049 | J14: 3076 | K14: 3088 | L14: 3074 | M14: 3058 | N14: 2954 | O14: =SUM(C14:N14)/12 -> 3013.6667 | P14: =SUM(O14-O13) -> 129.5 | Q14: =SUM(P14/O13) -> 0.044900318
B15: FY12 | C15: 3027 | D15: 3039 | E15: 3034 | F15: 3040 | G15: 3022 | H15: 3057 | I15: 3074 | J15: 3088 | K15: 3056 | L15: 3094 | M15: 3138 | N15: 3130 | O15: =SUM(C15:N15)/12 -> 3066.5833 | P15: =SUM(O15-O14) -> 52.916667 | Q15: =SUM(P15/O14) -> 0.017558898
... B21: FY18 | C21: 2371 | D21: 2284 | E21: 2184 | F21: 2132 | G21: 2074 | H21: 2090 | I21: 2073 | J21: 2027 | K21: 2025 | L21: 1974 | M21: 1935 | N21: 1936 | O21: =SUM(C21:N21)/12 -> 2092.0833 | P21: =SUM(O21-O20) -> -394.75 | Q21: =SUM(P21/O20) -> -0.15873601
B22: FY19 | C22: 1870 | D22: 1789 | E22: 1774 | F22: 1739
A23: Barrow Probation Office | B23: Year | C23: Jul | D23: Aug | E23: Sep | F23: Oct | G23: Nov | H23: Dec | I23: Jan | J23: Feb | K23: Mar | L23: Apr | M23: May | N23: June
B24: FY00 | C24: 83 | D24: 80 | E24: 74 | F24: 78 | G24: 79 | H24: 81 | I24: 82 | J24: 83 | K24: 82 | L24: 83 | M24: 85 | N24: 87 | O24: =SUM(C24:N24)/12 -> 81.416667
B25: FY01 | C25: 92 | D25: 93 | E25: 94 | F25: 97 | G25: 98 | H25: 95 | I25: 89 | J25: 93 | K25: 90 | L25: 97 | M25: 99 | N25: 92 | O25: =SUM(C25:N25)/12 -> 94.083333 | P25: =SUM(O25-O24) -> 12.666667 | Q25: =SUM(P25/O24) -> 0.1555783
B26: FY02 | C26: 90 | D26: 91 | E26: 92 | F26: 100 | G26: 99 | H26: 111 | I26: 102 | J26: 94 | K26: 96 | L26: 98 | M26: 93 | N26: 89 | O26: =SUM(C26:N26)/12 -> 96.25 | P26: =SUM(O26-O25) -> 2.1666667 | Q26: =SUM(P26/O25) -> 0.023029229
B27: FY03 | C27: 72 | D27: 74 | E27: 73 | F27: 73 | G27: 73 | H27: 73 | I27: 73 | J27: 65 | K27: 65 | L27: 65 | M27: 65 | N27: 60 | O27: =SUM(C27:N27)/12 -> 69.25 | P27: =SUM(O27-O26) -> -27 | Q27: =SUM(P27/O26) -> -0.28051948
B28: FY04 | C28: 59 | D28: 58 | E28: 59 | F28: 60 | G28: 56 | H28: 54 | I28: 54 | J28: 51 | K28: 53 | L28: 59 | M28: 64 | N28: 62 | O28: =SUM(C28:N28)/12 -> 57.416667 | P28: =SUM(O28-O27) -> -11.833333 | Q28: =SUM(P28/O27) -> -0.17087846
B29: FY05 | C29: 66 | D29: 68 | E29: 66 | F29: 65 | G29: 63 | H29: 68 | I29: 63 | J29: 57 | K29: 45 | L29: 45 | M29: 47 | N29: 49 | O29: =SUM(C29:N29)/12 -> 58.5 | P29: =SUM(O29-O28) -> 1.0833333 | Q29: =SUM(P29/O28) -> 0.018867925
B30: FY06 | C30: 47 | D30: 45 | E30: 45 | F30: 47 | G30: 47 | H30: 42 | I30: 40 | J30: 42 | K30: 47 | L30: 46 | M30: 41 | N30: 39 | O30: =SUM(C30:N30)/12 -> 44 | P30: =SUM(O30-O29) -> -14.5 | Q30: =SUM(P30/O29) -> -0.24786325
B31: FY07 | C31: 40 | D31: 40 | E31: 40 | F31: 43 | G31: 37 | H31: 38 | I31: 37 | J31: 39 | K31: 41 | L31: 51 | M31: 50 | N31: 37 | O31: =SUM(C31:N31)/12 -> 41.083333 | P31: =SUM(O31-O30) -> -2.9166667 | Q31: =SUM(P31/O30) -> -0.066287879
B32: FY08 | C32: 39 | D32: 39 | E32: 44 | F32: 39 | G32: 42 | H32: 41 | I32: 40 | J32: 37 | K32: 36 | L32: 36 | M32: 40 | N32: 41 | O32: =SUM(C32:N32)/12 -> 39.5 | P32: =SUM(O32-O31) -> -1.5833333 | Q32: =SUM(P32/O31) -> -0.038539554
B33: FY09 | C33: 32 | D33: 34 | E33: 31 | F33: 32 | G33: 33 | H33: 31 | I33: 31 | J33: 31 | K33: 34 | L33: 36 | M33: 40 | N33: 39 | O33: =SUM(C33:N33)/12 -> 33.666667 | P33: =SUM(O33-O32) -> -5.8333333 | Q33: =SUM(P33/O32) -> -0.14767932
B34: FY10 | C34: 43 | D34: 43 | E34: 41 | F34: 0 | G34: 0 | H34: 0 | I34: 35 | J34: 35 | K34: 38 | L34: 36 | M34: 35 | N34: 32 | O34: =SUM(C34:N34)/9 -> 37.555556 | P34: =SUM(O34-O33) -> 3.8888889 | Q34: =SUM(P34/O33) -> 0.11551155
B35: FY11 | C35: 32 | D35: 33 | E35: 46 | F35: 60 | G35: 63 | H35: 62 | I35: 63 | J35: 64 | K35: 61 | L35: 60 | M35: 67 | N35: 70 | O35: =SUM(C35:N35)/12 -> 56.75 | P35: =SUM(O35-O34) -> 19.194444 | Q35: =SUM(P35/O34) -> 0.51109467
B36: FY12 | C36: 68 | D36: 65 | E36: 62 | F36: 61 | G36: 65 | H36: 66 | I36: 68 | J36: 66 | K36: 70 | L36: 68 | M36: 65 | N36: 68 | O36: =SUM(C36:N36)/12 -> 66 | P36: =SUM(O36-O35) -> 9.25 | Q36: =SUM(P36/O35) -> 0.16299559
B37: FY13 | C37: 70 | D37: 71 | E37: 74 | F37: 74 | G37: 74 | H37: 79 | I37: 77 | J37: 80 | K37: 70 | L37: 66 | M37: 65 | N37: 57 | O37: =SUM(C37:N37)/12 -> 71.416667 | P37: =SUM(O37-O36) -> 5.4166667 | Q37: =SUM(P37/O36) -> 0.082070707
B38: FY14 | C38: 55 | D38: 70 | E38: 75 | F38: 77 | G38: 78 | H38: 51 | I38: 46 | J38: 50 | K38: 52 | L38: 52 | M38: 53 | N38: 59 | O38: =SUM(C38:N38)/12 -> 59.833333 | P38: =SUM(O38-O37) -> -11.583333 | Q38: =SUM(P38/O37) -> -0.1621937
B39: FY15 | C39: 56 | D39: 56 | E39: 56 | F39: 60 | G39: 51 | H39: 50 | I39: 54 | J39: 54 | K39: 7 | L39: 7 | M39: 8 | N39: 8 | O39: =SUM(C39:N39)/12 -> 38.916667 | P39: =SUM(O39-O38) -> -20.916667 | Q39: =SUM(P39/O38) -> -0.34958217
B40: FY16 | C40: 8 | D40: 7 | E40: 7 | F40: 6 | G40: 4 | H40: 4 | I40: 5 | J40: 5 | K40: 5 | L40: 5 | M40: 32 | N40: 29 | O40: =SUM(C40:N40)/12 -> 9.75 | P40: =SUM(O40-O39) -> -29.166667 | Q40: =SUM(P40/O39) -> -0.74946467
B41: FY17 | C41: 30 | D41: 32 | E41: 34 | F41: 35 | G41: 33 | H41: 31 | I41: 31 | J41: 29 | K41: 29 | L41: 27 | M41: 26 | N41: 24 | O41: =SUM(C41:N41)/12 -> 30.083333 | P41: =SUM(O41-O40) -> 20.333333 | Q41: =SUM(P41/O40) -> 2.0854701
B42: FY18 | C42: 47 | D42: 45 | E42: 42 | F42: 41 | G42: 38 | H42: 37 | I42: 41 | J42: 39 | K42: 38 | L42: 35 | M42: 37 | N42: 39 | O42: =SUM(C42:N42)/12 -> 39.916667 | P42: =SUM(O42-O41) -> 9.8333333 | Q42: =SUM(P42/O41) -> 0.32686981 | R42: Increase in July due to Bethel vacant cases being assigned to Barrow for coverage
B43: FY19 | C43: 37 | D43: 34 | E43: 32 | F43: 32
A45: Bethel Probation Office | B45: Year | C45: Jul | D45: Aug | E45: Sep | F45: Oct | G45: Nov | H45: Dec | I45: Jan | J45: Feb | K45: Mar | L45: Apr | M45: May | N45: June
B46: FY00 | C46: 305 | D46: 299 | E46: 289 | F46: 276 | G46: 277 | H46: 295 | I46: 283 | J46: 273 | K46: 259 | L46: 249 | M46: 241 | N46: 237 | O46: =SUM(C46:N46)/12 -> 273.58333
B47: FY01 | C47: 237 | D47: 230 | E47: 230 | F47: 230 | G47: 231 | H47: 215 | I47: 218 | J47: 212 | K47: 214 | L47: 217 | M47: 220 | N47: 218 | O47: =SUM(C47:N47)/12 -> 222.66667 | P47: =SUM(O47-O46) -> -50.916667 | Q47: =SUM(P47/O46) -> -0.18611027
B48: FY02 | C48: 231 | D48: 230 | E48: 234 | F48: 229 | G48: 230 | H48: 240 | I48: 245 | J48: 250 | K48: 255 | L48: 260 | M48: 265 | N48: 270 | O48: =SUM(C48:N48)/12 -> 244.91667 | P48: =SUM(O48-O47) -> 22.25 | Q48: =SUM(P48/O47) -> 0.09992515
B49: FY03 | C49: 280 | D49: 237 | E49: 253 | F49: 253 | G49: 253 | H49: 253 | I49: 253 | J49: 253 | K49: 253 | L49: 260 | M49: 265 | N49: 270 | O49: =SUM(C49:N49)/12 -> 256.91667 | P49: =SUM(O49-O48) -> 12 | Q49: =SUM(P49/O48) -> 0.048996257
B50: FY04 | C50: 288 | D50: 261 | E50: 258 | F50: 267 | G50: 259 | H50: 267 | I50: 272 | J50: 273 | K50: 300 | L50: 296 | M50: 319 | N50: 317 | O50: =SUM(C50:N50)/12 -> 281.41667 | P50: =SUM(O50-O49) -> 24.5 | Q50: =SUM(P50/O49) -> 0.095361661
B51: FY05 | C51: 297 | D51: 306 | E51: 312 | F51: 311 | G51: 312 | H51: 252 | I51: 312 | J51: 314 | K51: 316 | L51: 235 | M51: 248 | N51: 323 | O51: =SUM(C51:N51)/12 -> 294.83333 | P51: =SUM(O51-O50) -> 13.416667 | Q51: =SUM(P51/O50) -> 0.047675452
B52: FY06 | C52: 322 | D52: 318 | E52: 302 | F52: 299 | G52: 301 | H52: 296 | I52: 286 | J52: 290 | K52: 283 | L52: 284 | M52: 289 | N52: 279 | O52: =SUM(C52:N52)/12 -> 295.75 | P52: =SUM(O52-O51) -> 0.91666667 | Q52: =SUM(P52/O51) -> 0.0031091012
B53: FY07 | C53: 278 | D53: 270 | E53: 262 | F53: 253 | G53: 261 | H53: 259 | I53: 254 | J53: 255 | K53: 249 | L53: 267 | M53: 263 | N53: 250 | O53: =SUM(C53:N53)/12 -> 260.08333 | P53: =SUM(O53-O52) -> -35.666667 | Q53: =SUM(P53/O52) -> -0.12059735
B54: FY08 | C54: 247 | D54: 250 | E54: 240 | F54: 238 | G54: 230 | H54: 228 | I54: 230 | J54: 228 | K54: 226 | L54: 224 | M54: 228 | N54: 233 | O54: =SUM(C54:N54)/12 -> 233.5 | P54: =SUM(O54-O53) -> -26.583333 | Q54: =SUM(P54/O53) -> -0.10221083
B55: FY09 | C55: 212 | D55: 216 | E55: 221 | F55: 228 | G55: 226 | H55: 230 | I55: 222 | J55: 225 | K55: 236 | L55: 242 | M55: 246 | N55: 252 | O55: =SUM(C55:N55)/12 -> 229.66667 | P55: =SUM(O55-O54) -> -3.8333333 | Q55: =SUM(P55/O54) -> -0.016416845
B56: FY10 | C56: 247 | D56: 248 | E56: 247 | F56: 247 | G56: 254 | H56: 258 | I56: 257 | J56: 255 | K56: 252 | L56: 251 | M56: 249 | N56: 259 | O56: =SUM(C56:N56)/12 -> 252 | P56: =SUM(O56-O55) -> 22.333333 | Q56: =SUM(P56/O55) -> 0.09724238
B57: FY11 | C57: 264 | D57: 260 | E57: 262 | F57: 259 | G57: 247 | H57: 238 | I57: 224 | J57: 232 | K57: 239 | L57: 243 | M57: 246 | N57: 247 | O57: =SUM(C57:N57)/12 -> 246.75 | P57: =SUM(O57-O56) -> -5.25 | Q57: =SUM(P57/O56) -> -0.020833333 | R57: 15 SO cases shifted to Kenai
B58: FY12 | C58: 257 | D58: 248 | E58: 250 | F58: 264 | G58: 265 | H58: 270 | I58: 279 | J58: 279 | K58: 266 | L58: 260 | M58: 260 | N58: 272 | O58: =SUM(C58:N58)/12 -> 264.16667 | P58: =SUM(O58-O57) -> 17.416667 | Q58: =SUM(P58/O57) -> 0.070584262
B59: FY13 | C59: 276 | D59: 277 | E59: 283 | F59: 298 | G59: 294 | H59: 295 | I59: 289 | J59: 284 | K59: 288 | L59: 290 | M59: 303 | N59: 300 | O59: =SUM(C59:N59)/12 -> 289.75 | P59: =SUM(O59-O58) -> 25.583333 | Q59: =SUM(P59/O58) -> 0.096845426
B60: FY14 | C60: 305 | D60: 296 | E60: 293 | F60: 294 | G60: 286 | H60: 283 | I60: 274 | J60: 260 | K60: 259 | L60: 266 | M60: 259 | N60: 266 | O60: =SUM(C60:N60)/12 -> 278.41667 | P60: =SUM(O60-O59) -> -11.333333 | Q60: =SUM(P60/O59) -> -0.039114179
B61: FY15 | C61: 256 | D61: 252 | E61: 248 | F61: 249 | G61: 253 | H61: 244 | I61: 234 | J61: 221 | K61: 233 | L61: 230 | M61: 238 | N61: 251 | O61: =SUM(C61:N61)/12 -> 242.41667 | P61: =SUM(O61-O60) -> -36 | Q61: =SUM(P61/O60) -> -0.1293026
B62: FY16 | C62: 254 | D62: 242 | E62: 239 | F62: 236 | G62: 231 | H62: 238 | I62: 229 | J62: 248 | K62: 244 | L62: 254 | M62: 257 | N62: 258 | O62: =SUM(C62:N62)/12 -> 244.16667 | P62: =SUM(O62-O61) -> 1.75 | Q62: =SUM(P62/O61) -> 0.0072189756
B63: FY17 | C63: 255 | D63: 254 | E63: 247 | F63: 241 | G63: 243 | H63: 231 | I63: 230 | J63: 227 | K63: 234 | L63: 233 | M63: 238 | N63: 233 | O63: =SUM(C63:N63)/12 -> 238.83333 | P63: =SUM(O63-O62) -> -5.3333333 | Q63: =SUM(P63/O62) -> -0.021843003
B64: FY18 | C64: 209 | D64: 206 | E64: 206 | F64: 201 | G64: 197 | H64: 190 | I64: 185 | J64: 183 | K64: 148 | L64: 143 | M64: 166 | N64: 170 | O64: =SUM(C64:N64)/12 -> 183.66667 | P64: =SUM(O64-O63) -> -55.166667 | Q64: =SUM(P64/O63) -> -0.23098395 | R64: 26 cases shifted to Kenai
B65: FY19 | C65: 173 | D65: 173 | E65: 171 | F65: 174
A66: Dillingham Probation Office | B66: Year | C66: Jul | D66: Aug | E66: Sep | F66: Oct | G66: Nov | H66: Dec | I66: Jan | J66: Feb | K66: Mar | L66: Apr | M66: May | N66: June
B67: FY00 | C67: 65 | D67: 62 | E67: 57 | F67: 56 | G67: 52 | H67: 51 | I67: 49 | J67: 55 | K67: 59 | L67: 55 | M67: 54 | N67: 66 | O67: =SUM(C67:N67)/12 -> 56.75
B68: FY01 | C68: 67 | D68: 72 | E68: 72 | F68: 73 | G68: 71 | H68: 74 | I68: 74 | J68: 74 | K68: 70 | L68: 66 | M68: 62 | N68: 63 | O68: =SUM(C68:N68)/12 -> 69.833333 | P68: =SUM(O68-O67) -> 13.083333 | Q68: =SUM(P68/O67) -> 0.23054332
B69: FY02 | C69: 68 | D69: 75 | E69: 74 | F69: 79 | G69: 75 | H69: 74 | I69: 64 | J69: 75 | K69: 76 | L69: 78 | M69: 79 | N69: 81 | O69: =SUM(C69:N69)/12 -> 74.833333 | P69: =SUM(O69-O68) -> 5 | Q69: =SUM(P69/O68) -> 0.071599045
B70: FY03 | C70: 76 | D70: 79 | E70: 76 | F70: 74 | G70: 72 | H70: 70 | I70: 68 | J70: 59 | K70: 67 | L70: 66 | M70: 67 | N70: 64 | O70: =SUM(C70:N70)/12 -> 69.833333 | P70: =SUM(O70-O69) -> -5 | Q70: =SUM(P70/O69) -> -0.066815145
B71: FY04 | C71: 67 | D71: 57 | E71: 57 | F71: 58 | G71: 57 | H71: 60 | I71: 55 | J71: 55 | K71: 64 | L71: 61 | M71: 68 | N71: 67 | O71: =SUM(C71:N71)/12 -> 60.5 | P71: =SUM(O71-O70) -> -9.3333333 | Q71: =SUM(P71/O70) -> -0.13365155
B72: FY05 | C72: 71 | D72: 62 | E72: 61 | F72: 59 | G72: 54 | H72: 56 | I72: 56 | J72: 58 | K72: 60 | L72: 65 | M72: 72 | N72: 75 | O72: =SUM(C72:N72)/12 -> 62.416667 | P72: =SUM(O72-O71) -> 1.9166667 | Q72: =SUM(P72/O71) -> 0.031680441
B73: FY06 | C73: 76 | D73: 73 | E73: 67 | F73: 66 | G73: 66 | H73: 68 | I73: 69 | J73: 72 | K73: 69 | L73: 75 | M73: 73 | N73: 74 | O73: =SUM(C73:N73)/12 -> 70.666667 | P73: =SUM(O73-O72) -> 8.25 | Q73: =SUM(P73/O72) -> 0.13217623
B74: FY07 | C74: 72 | D74: 72 | E74: 71 | F74: 73 | G74: 77 | H74: 76 | I74: 76 | J74: 78 | K74: 74 | L74: 88 | M74: 92 | N74: 76 | O74: =SUM(C74:N74)/12 -> 77.083333 | P74: =SUM(O74-O73) -> 6.4166667 | Q74: =SUM(P74/O73) -> 0.090801887
B75: FY08 | C75: 76 | D75: 79 | E75: 94 | F75: 75 | G75: 79 | H75: 77 | I75: 83 | J75: 83 | K75: 86 | L75: 85 | M75: 82 | N75: 89 | O75: =SUM(C75:N75)/12 -> 82.333333 | P75: =SUM(O75-O74) -> 5.25 | Q75: =SUM(P75/O74) -> 0.068108108
B76: FY09 | C76: 92 | D76: 91 | E76: 95 | F76: 93 | G76: 96 | H76: 94 | I76: 91 | J76: 90 | K76: 91 | L76: 95 | M76: 96 | N76: 73 | O76: =SUM(C76:N76)/12 -> 91.416667 | P76: =SUM(O76-O75) -> 9.0833333 | Q76: =SUM(P76/O75) -> 0.11032389
B77: FY10 | C77: 72 | D77: 72 | E77: 65 | F77: 62 | G77: 61 | H77: 65 | I77: 68 | J77: 70 | K77: 68 | L77: 70 | M77: 71 | N77: 73 | O77: =SUM(C77:N77)/12 -> 68.083333 | P77: =SUM(O77-O76) -> -23.333333 | Q77: =SUM(P77/O76) -> -0.25524157
B78: FY11 | C78: 72 | D78: 70 | E78: 73 | F78: 77 | G78: 74 | H78: 74 | I78: 76 | J78: 75 | K78: 77 | L78: 82 | M78: 85 | N78: 88 | O78: =SUM(C78:N78)/12 -> 76.916667 | P78: =SUM(O78-O77) -> 8.8333333 | Q78: =SUM(P78/O77) -> 0.12974296
B79: FY12 | C79: 88 | D79: 84 | E79: 81 | F79: 81 | G79: 79 | H79: 79 | I79: 77 | J79: 82 | K79: 80 | L79: 73 | M79: 76 | N79: 76 | O79: =SUM(C79:N79)/12 -> 79.666667 | P79: =SUM(O79-O78) -> 2.75 | Q79: =SUM(P79/O78) -> 0.035752979
... B84: FY17 | C84: 52 | D84: 53 | E84: 56 | F84: 51 | G84: 48 | H84: 50 | I84: 51 | J84: 48 | K84: 50 | L84: 52 | M84: 53 | N84: 53 | O84: =SUM(C84:N84)/12 -> 51.416667 | P84: =SUM(O84-O83) -> -10.5 | Q84: =SUM(P84/O83) -> -0.16958277
B85: FY18 | C85: 47 | D85: 47 | E85: 47 | F85: 49 | G85: 46 | H85: 47 | I85: 49 | J85: 47 | K85: 43 | L85: 40 | M85: 3 | N85: 2 | O85: =SUM(C85:N85)/12 -> 38.916667 | P85: =SUM(O85-O84) -> -12.5 | Q85: =SUM(P85/O84) -> -0.24311183 | R85: Cases shifted to Kodiak following PO III retirement
B86: FY19 | C86: 2 | D86: 2 | E86: 2 | F86: 2
A88: Fairbanks Probation Office | B88: Year | C88: Jul | D88: Aug | E88: Sep | F88: Oct | G88: Nov | H88: Dec | I88: Jan | J88: Feb | K88: Mar | L88: Apr | M88: May | N88: June
B89: FY00 | C89: 683 | D89: 675 | E89: 696 | F89: 659 | G89: 661 | H89: 650 | I89: 666 | J89: 688 | K89: 667 | L89: 670 | M89: 639 | N89: 653 | O89: =SUM(C89:N89)/12 -> 667.25
B90: FY01 | C90: 624 | D90: 643 | E90: 636 | F90: 670 | G90: 642 | H90: 655 | I90: 650 | J90: 660 | K90: 644 | L90: 672 | M90: 658 | N90: 659 | O90: =SUM(C90:N90)/12 -> 651.08333 | P90: =SUM(O90-O89) -> -16.166667 | Q90: =SUM(P90/O89) -> -0.0242288
B91: FY02 | C91: 661 | D91: 673 | E91: 672 | F91: 632 | G91: 611 | H91: 620 | I91: 633 | J91: 653 | K91: 659 | L91: 665 | M91: 671 | N91: 677 | O91: =SUM(C91:N91)/12 -> 652.25 | P91: =SUM(O91-O90) -> 1.1666667 | Q91: =SUM(P91/O90) -> 0.0017918853
B92: FY03 | C92: 561 | D92: 574 | E92: 593 | F92: 589 | G92: 589 | H92: 589 | I92: 589 | J92: 589 | K92: 589 | L92: 589 | M92: 589 | N92: 623 | O92: =SUM(C92:N92)/12 -> 588.58333 | P92: =SUM(O92-O91) -> -63.666667 | Q92: =SUM(P92/O91) -> -0.097610834
B93: FY04 | C93: 585 | D93: 542 | E93: 535 | F93: 545 | G93: 547 | H93: 584 | I93: 608 | J93: 604 | K93: 592 | L93: 599 | M93: 628 | N93: 595 | O93: =SUM(C93:N93)/12 -> 580.33333 | P93: =SUM(O93-O92) -> -8.25 | Q93: =SUM(P93/O92) -> -0.014016707
B94: FY05 | C94: 601 | D94: 626 | E94: 662 | F94: 646 | G94: 635 | H94: 634 | I94: 628 | J94: 656 | K94: 666 | L94: 657 | M94: 576 | N94: 650 | O94: =SUM(C94:N94)/12 -> 636.41667 | P94: =SUM(O94-O93) -> 56.083333 | Q94: =SUM(P94/O93) -> 0.096639862
B95: FY06 | C95: 648 | D95: 660 | E95: 652 | F95: 651 | G95: 646 | H95: 659 | I95: 646 | J95: 702 | K95: 699 | L95: 703 | M95: 711 | N95: 718 | O95: =SUM(C95:N95)/12 -> 674.58333 | P95: =SUM(O95-O94) -> 38.166667 | Q95: =SUM(P95/O94) -> 0.059971193
B96: FY07 | C96: 731 | D96: 726 | E96: 720 | F96: 696 | G96: 731 | H96: 721 | I96: 713 | J96: 701 | K96: 691 | L96: 789 | M96: 764 | N96: 691 | O96: =SUM(C96:N96)/12 -> 722.83333 | P96: =SUM(O96-O95) -> 48.25 | Q96: =SUM(P96/O95) -> 0.071525633
B97: FY08 | C97: 684 | D97: 691 | E97: 716 | F97: 676 | G97: 671 | H97: 676 | I97: 674 | J97: 667 | K97: 669 | L97: 676 | M97: 714 | N97: 718 | O97: =SUM(C97:N97)/12 -> 686 | P97: =SUM(O97-O96) -> -36.833333 | Q97: =SUM(P97/O96) -> -0.050956883
B98: FY09 | C98: 681 | D98: 689 | E98: 680 | F98: 661 | G98: 661 | H98: 678 | I98: 672 | J98: 687 | K98: 677 | L98: 674 | M98: 674 | N98: 691 | O98: =SUM(C98:N98)/12 -> 677.08333 | P98: =SUM(O98-O97) -> -8.9166667 | Q98: =SUM(P98/O97) -> -0.012998056
B99: FY10 | C99: 685 | D99: 703 | E99: 697 | F99: 714 | G99: 713 | H99: 746 | I99: 722 | J99: 724 | K99: 728 | L99: 696 | M99: 695 | N99: 676 | O99: =SUM(C99:N99)/12 -> 708.25 | P99: =SUM(O99-O98) -> 31.166667 | Q99: =SUM(P99/O98) -> 0.046030769
B100: FY11 | C100: 691 | D100: 666 | E100: 624 | F100: 670 | G100: 672 | H100: 675 | I100: 651 | J100: 642 | K100: 588 | L100: 663 | M100: 660 | N100: 646 | O100: =SUM(C100:N100)/12 -> 654 | P100: =SUM(O100-O99) -> -54.25 | Q100: =SUM(P100/O99) -> -0.076597247
B101: FY12 | C101: 652 | D101: 655 | E101: 667 | F101: 658 | G101: 671 | H101: 681 | I101: 677 | J101: 673 | K101: 663 | L101: 656 | M101: 662 | N101: 679 | O101: =SUM(C101:N101)/12 -> 666.16667 | P101: =SUM(O101-O100) -> 12.166667 | Q101: =SUM(P101/O100) -> 0.018603466
... B107: FY18 | C107: 553 | D107: 524 | E107: 513 | F107: 531 | G107: 527 | H107: 486 | I107: 464 | J107: 475 | K107: 460 | L107: 455 | M107: 442 | N107: 442 | O107: =SUM(C107:N107)/12 -> 489.33333 | P107: =SUM(O107-O106) -> -63.333333 | Q107: =SUM(P107/O106) -> -0.1145959
B108: FY19 | C108: 459 | D108: 475 | E108: 483 | F108: 443
A109: Juneau Probation Office | B109: Year | C109: Jul | D109: Aug | E109: Sep | F109: Oct | G109: Nov | H109: Dec | I109: Jan | J109: Feb | K109: Mar | L109: Apr | M109: May | N109: June
B110: FY00 | C110: 227 | D110: 238 | E110: 241 | F110: 237 | G110: 237 | H110: 245 | I110: 239 | J110: 232 | K110: 228 | L110: 226 | M110: 226 | N110: 238 | O110: =SUM(C110:N110)/12 -> 234.5
B111: FY01 | C111: 227 | D111: 234 | E111: 235 | F111: 220 | G111: 231 | H111: 222 | I111: 209 | J111: 216 | K111: 219 | L111: 212 | M111: 211 | N111: 211 | O111: =SUM(C111:N111)/12 -> 220.58333 | P111: =SUM(O111-O110) -> -13.916667 | Q111: =SUM(P111/O110) -> -0.059346127
B112: FY02 | C112: 210 | D112: 212 | E112: 205 | F112: 205 | G112: 220 | H112: 221 | I112: 223 | J112: 227 | K112: 230 | L112: 204 | M112: 178 | N112: 152 | O112: =SUM(C112:N112)/12 -> 207.25 | P112: =SUM(O112-O111) -> -13.333333 | Q112: =SUM(P112/O111) -> -0.060445788
B113: FY03 | C113: 257 | D113: 269 | E113: 265 | F113: 244 | G113: 244 | H113: 244 | I113: 244 | J113: 244 | K113: 244 | L113: 244 | M113: 244 | N113: 244 | O113: =SUM(C113:N113)/12 -> 248.91667 | P113: =SUM(O113-O112) -> 41.666667 | Q113: =SUM(P113/O112) -> 0.20104544
B114: FY04 | C114: 239 | D114: 224 | E114: 226 | F114: 219 | G114: 227 | H114: 220 | I114: 214 | J114: 214 | K114: 205 | L114: 216 | M114: 210 | N114: 213 | O114: =SUM(C114:N114)/12 -> 218.91667 | P114: =SUM(O114-O113) -> -30 | Q114: =SUM(P114/O113) -> -0.12052226
B115: FY05 | C115: 214 | D115: 211 | E115: 207 | F115: 229 | G115: 243 | H115: 240 | I115: 243 | J115: 245 | K115: 245 | L115: 259 | M115: 261 | N115: 263 | O115: =SUM(C115:N115)/12 -> 238.33333 | P115: =SUM(O115-O114) -> 19.416667 | Q115: =SUM(P115/O114) -> 0.088694328
B116: FY06 | C116: 264 | D116: 263 | E116: 264 | F116: 259 | G116: 262 | H116: 259 | I116: 244 | J116: 246 | K116: 253 | L116: 249 | M116: 248 | N116: 256 | O116: =SUM(C116:N116)/12 -> 255.58333 | P116: =SUM(O116-O115) -> 17.25 | Q116: =SUM(P116/O115) -> 0.072377622
B117: FY07 | C117: 259 | D117: 269 | E117: 262 | F117: 281 | G117: 292 | H117: 287 | I117: 285 | J117: 271 | K117: 263 | L117: 304 | M117: 301 | N117: 256 | O117: =SUM(C117:N117)/12 -> 277.5 | P117: =SUM(O117-O116) -> 21.916667 | Q117: =SUM(P117/O116) -> 0.085751549
...

Sheet Qtrly's-Cntsht Book
A2: ANNUAL TOTAL MANDAYS
A3: FY2018 | B3: AVERAGE DAILY INMATE POPULATION
B4: Max | C4: Gen Capacity | G4: AVERAGE QTRLY | H4: Total Quarterly Mandays | L4: AVERAGE QTRLY | M4: Total Quarterly Mandays | Q4: AVERAGE QTRLY | R4: Total Quarterly Mandays | V4: AVERAGE QTRLY | W4: Total Quarterly Mandays | X4: ANNUAL AVERAGE DAILY POPULATION | Y4: ANNUAL TOTAL MANDAYS
A5: Institutions | B5: Capactiy | D5: 42917 | E5: 42948 | F5: 42979 | I5: 43009 | J5: 43040 | K5: 43070 | N5: 43101 | O5: 43132 | P5: 43160 | S5: 43191 | T5: 43221 | U5: 43252
A6: Anchorage Complex | B6: 863 | C6: 829 | D6: 846.2 | E6: 842 | F6: 871.8 | G6: =SUM(D6:F6)/3 -> 853.33333 | H6: =G6*92 -> 78506.667 | I6: 842.8 | J6: 846.5 | K6: 831.2 | L6: =SUM(I6:K6)/3 -> 840.16667 | M6: =L6*92 -> 77295.333 | N6: 847.8 | O6: 862.6 | P6: 854.7 | Q6: =SUM(N6:P6)/3 -> 855.03333 | R6: =Q6*90 -> 76953 | S6: 850.7 | T6: 834.8 | U6: 869.5 | V6: =SUM(S6:U6)/3 -> 851.66667 | W6: =V6*91 -> 77501.667 | X6: =SUM(D6+E6+F6+I6+J6+K6+N6+O6+P6+S6+T6+U6)/12 -> 850.05 | Y6: =X6*365 -> 310268.25
A7: Anvil Mountain CC | B7: 128 | C7: 126 | D7: 120.1 | E7: 123.7 | F7: 121.5 | G7: =SUM(D7:F7)/3 -> 121.76667 | H7: =G7*92 -> 11202.533 | I7: 125.1 | J7: 116.2 | K7: 125.3 | L7: =SUM(I7:K7)/3 -> 122.2 | M7: =L7*92 -> 11242.4 | N7: 120.4 | O7: 130.9 | P7: 121.8 | Q7: =SUM(N7:P7)/3 -> 124.36667 | R7: =Q7*90 -> 11193 | S7: 122.2 | T7: 128.8 | U7: 136.6 | V7: =SUM(S7:U7)/3 -> 129.2 | W7: =V7*91 -> 11757.2 | X7: =SUM(D7+E7+F7+I7+J7+K7+N7+O7+P7+S7+T7+U7)/12 -> 124.38333 | Y7: =X7*365 -> 45399.917
A8: Fairbanks CC | B8: 259 | C8: 248 | D8: 300 | E8: 305.8 | F8: 291.1 | G8: =SUM(D8:F8)/3 -> 298.96667 | H8: =G8*92 -> 27504.933 | I8: 271.1 | J8: 256.7 | K8: 261 | L8: =SUM(I8:K8)/3 -> 262.93333 | M8: =L8*92 -> 24189.867 | N8: 252.7 | O8: 271.1 | P8: 262.6 | Q8: =SUM(N8:P8)/3 -> 262.13333 | R8: =Q8*90 -> 23592 | S8: 258.6 | T8: 252.5 | U8: 251.4 | V8: =SUM(S8:U8)/3 -> 254.16667 | W8: =V8*91 -> 23129.167 | X8: =SUM(D8+E8+F8+I8+J8+K8+N8+O8+P8+S8+T8+U8)/12 -> 269.55 | Y8: =X8*365 -> 98385.75
A9: Goose Creek CC | B9: 1472 | C9: 1408 | D9: 1305.6 | E9: 1303.5 | F9: 1336.9 | G9: =SUM(D9:F9)/3 -> 1315.3333 | H9: =G9*92 -> 121010.67 | I9: 1419 | J9: 1378.4 | K9: 1382.7 | L9: =SUM(I9:K9)/3 -> 1393.3667 | M9: =L9*92 -> 128189.73 | N9: 1377.7 | O9: 1347.6 | P9: 1320.5 | Q9: =SUM(N9:P9)/3 -> 1348.6 | R9: =Q9*90 -> 121374 | S9: 1297.8 | T9: 1276.7 | U9: 1259.2 | V9: =SUM(S9:U9)/3 -> 1277.9 | W9: =V9*91 -> 116288.9 | X9: =SUM(D9+E9+F9+I9+J9+K9+N9+O9+P9+S9+T9+U9)/12 -> 1333.8 | Y9: =X9*365 -> 486837
A10: Combined Hiland Mtn CC | B10: 404 | C10: 395 | D10: 301.8 | E10: 299.9 | F10: 306.2 | G10: =SUM(D10:F10)/3 -> 302.63333 | H10: =G10*92 -> 27842.267 | I10: 312.9 | J10: 320.8 | K10: 308.1 | L10: =SUM(I10:K10)/3 -> 313.93333 | M10: =L10*92 -> 28881.867 | N10: 311.8 | O10: 316.3 | P10: 307.7 | Q10: =SUM(N10:P10)/3 -> 311.93333 | R10: =Q10*90 -> 28074 | S10: 317.8 | T10: 309.1 | U10: 308 | V10: =SUM(S10:U10)/3 -> 311.63333 | W10: =V10*91 -> 28358.633 | X10: =SUM(D10+E10+F10+I10+J10+K10+N10+O10+P10+S10+T10+U10)/12 -> 310.03333 | Y10: =X10*365 -> 113162.17
A11: Ketchikan CC | B11: 58 | C11: 52 | D11: 46.5 | E11: 39 | F11: 45.6 | G11: =SUM(D11:F11)/3 -> 43.7 | H11: =G11*92 -> 4020.4 | I11: 49.6 | J11: 47.8 | K11: 58.2 | L11: =SUM(I11:K11)/3 -> 51.866667 | M11: =L11*92 -> 4771.7333 | N11: 55.3 | O11: 57.2 | P11: 57.8 | Q11: =SUM(N11:P11)/3 -> 56.766667 | R11: =Q11*90 -> 5109 | S11: 57.2 | T11: 58.2 | U11: 49.7 | V11: =SUM(S11:U11)/3 -> 55.033333 | W11: =V11*91 -> 5008.0333 | X11: =SUM(D11+E11+F11+I11+J11+K11+N11+O11+P11+S11+T11+U11)/12 -> 51.841667 | Y11: =X11*365 -> 18922.208
A12: Lemon Creek CC | B12: 232 | C12: 226 | D12: 200.5 | E12: 217.5 | F12: 204.1 | G12: =SUM(D12:F12)/3 -> 207.36667 | H12: =G12*92 -> 19077.733 | I12: 212.4 | J12: 217 | K12: 206.3 | L12: =SUM(I12:K12)/3 -> 211.9 | M12: =L12*92 -> 19494.8 | N12: 197.5 | O12: 196.4 | P12: 202.8 | Q12: =SUM(N12:P12)/3 -> 198.9 | R12: =Q12*90 -> 17901 | S12: 209.8 | T12: 223.9 | U12: 213.2 | V12: =SUM(S12:U12)/3 -> 215.63333 | W12: =V12*91 -> 19622.633 | X12: =SUM(D12+E12+F12+I12+J12+K12+N12+O12+P12+S12+T12+U12)/12 -> 208.45 | Y12: =X12*365 -> 76084.25
A13: Mat-Su CC | B13: 102 | C13: 98 | D13: 86.7 | E13: 86.4 | F13: 85.4 | G13: =SUM(D13:F13)/3 -> 86.166667 | H13: =G13*92 -> 7927.3333 | I13: 87.3 | J13: 91.6 | K13: 85.1 | L13: =SUM(I13:K13)/3 -> 88 | M13: =L13*92 -> 8096 | N13: 83.4 | O13: 84.3 | P13: 90.5 | Q13: =SUM(N13:P13)/3 -> 86.066667 | R13: =Q13*90 -> 7746 | S13: 92.8 | T13: 84.5 | U13: 88.7 | V13: =SUM(S13:U13)/3 -> 88.666667 | W13: =V13*91 -> 8068.6667 | X13: =SUM(D13+E13+F13+I13+J13+K13+N13+O13+P13+S13+T13+U13)/12 -> 87.225 | Y13: =X13*365 -> 31837.125
A14: Combined Palmer CC | B14: =338+176 -> 514 | C14: =327+176 -> 503 | D14: 0 | E14: 0 | F14: 0 | G14: =SUM(D14:F14)/3 -> 0 | H14: =G14*92 -> 0 | I14: 0 | J14: 0 | K14: 0 | L14: =SUM(I14:K14)/3 -> 0 | M14: =L14*92 -> 0 | N14: 0 | O14: 0 | P14: 0 | Q14: =SUM(N14:P14)/3 -> 0 | R14: =Q14*90 -> 0 | S14: 0 | T14: 0 | U14: 0 | V14: =SUM(S14:U14)/3 -> 0 | W14: =V14*91 -> 0 | X14: =SUM(D14+E14+F14+I14+J14+K14+N14+O14+P14+S14+T14+U14)/12 -> 0 | Y14: =X14*365 -> 0
A15: Pt. MacKenzie | B15: 128 | C15: 128 | D15: 81.6 | E15: 91.6 | F15: 86.3 | G15: =SUM(D15:F15)/3 -> 86.5 | H15: =G15*92 -> 7958 | I15: 81.7 | J15: 87.9 | K15: 84.4 | L15: =SUM(I15:K15)/3 -> 84.666667 | M15: =L15*92 -> 7789.3333 | N15: 79 | O15: 77.4 | P15: 90.8 | Q15: =SUM(N15:P15)/3 -> 82.4 | R15: =Q15*90 -> 7416 | S15: 97.5 | T15: 94.7 | U15: 93.4 | V15: =SUM(S15:U15)/3 -> 95.2 | W15: =V15*91 -> 8663.2 | X15: =SUM(D15+E15+F15+I15+J15+K15+N15+O15+P15+S15+T15+U15)/12 -> 87.191667 | Y15: =X15*365 -> 31824.958
A16: Spring Creek CC | B16: 551 | C16: 535 | D16: 395.9 | E16: 397.8 | F16: 395.5 | G16: =SUM(D16:F16)/3 -> 396.4 | H16: =G16*92 -> 36468.8 | I16: 390.9 | J16: 396.5 | K16: 393 | L16: =SUM(I16:K16)/3 -> 393.46667 | M16: =L16*92 -> 36198.933 | N16: 392.2 | O16: 373.7 | P16: 387.5 | Q16: =SUM(N16:P16)/3 -> 384.46667 | R16: =Q16*90 -> 34602 | S16: 389.5 | T16: 393.3 | U16: 406.5 | V16: =SUM(S16:U16)/3 -> 396.43333 | W16: =V16*91 -> 36075.433 | X16: =SUM(D16+E16+F16+I16+J16+K16+N16+O16+P16+S16+T16+U16)/12 -> 392.69167 | Y16: =X16*365 -> 143332.46
A17: Combined Wildwood CC* | B17: =326+115 -> 441 | C17: =320+110 -> 430 | D17: =322.7+100 -> 422.7 | E17: =326.5+91.6 -> 418.1 | F17: =312.5+95.4 -> 407.9 | G17: =SUM(D17:F17)/3 -> 416.23333 | H17: =G17*92 -> 38293.467 | I17: =307.7+100 -> 407.7 | J17: =313.6+100.6 -> 414.2 | K17: =316.6+93.2 -> 409.8 | L17: =SUM(I17:K17)/3 -> 410.56667 | M17: =L17*92 -> 37772.133 | N17: =324.1+84 -> 408.1 | O17: =322.3+85.3 -> 407.6 | P17: =315+74.2 -> 389.2 | Q17: =SUM(N17:P17)/3 -> 401.63333 | R17: =Q17*90 -> 36147 | S17: =318.3+79.8 -> 398.1 | T17: =326.5+79.7 -> 406.2 | U17: =325.2+77.1 -> 402.3 | V17: =SUM(S17:U17)/3 -> 402.2 | W17: =V17*91 -> 36600.2 | X17: =SUM(D17+E17+F17+I17+J17+K17+N17+O17+P17+S17+T17+U17)/12 -> 407.65833 | Y17: =X17*365 -> 148795.29
A18: Yukon-Kuskokwim CC | B18: 200 | C18: 189 | D18: 150.4 | E18: 157.8 | F18: 156.2 | G18: =SUM(D18:F18)/3 -> 154.8 | H18: =G18*92 -> 14241.6 | I18: 163.8 | J18: 158.9 | K18: 165.8 | L18: =SUM(I18:K18)/3 -> 162.83333 | M18: =L18*92 -> 14980.667 | N18: 182 | O18: 177.8 | P18: 170.1 | Q18: =SUM(N18:P18)/3 -> 176.63333 | R18: =Q18*90 -> 15897 | S18: 169.6 | T18: 167.4 | U18: 170 | V18: =SUM(S18:U18)/3 -> 169 | W18: =V18*91 -> 15379 | X18: =SUM(D18+E18+F18+I18+J18+K18+N18+O18+P18+S18+T18+U18)/12 -> 165.81667 | Y18: =X18*365 -> 60523.083
A19: Tents | D19: 0 | E19: 0 | F19: 0 | G19: =SUM(D19:F19)/3 -> 0 | H19: =G19*92 -> 0 | I19: 0 | J19: 0 | K19: 0 | L19: =SUM(I19:K19)/3 -> 0 | M19: =L19*92 -> 0 | N19: 0 | O19: 0 | P19: 0 | Q19: =SUM(N19:P19)/3 -> 0 | R19: =Q19*90 -> 0 | S19: 0 | T19: 0 | U19: 0 | V19: =SUM(S19:U19)/3 -> 0 | W19: =V19*91 -> 0 | X19: 0 | Y19: =X19*365 -> 0
A20: TOTAL INSTITUTIONS | D20: =SUM(D6:D19) -> 4258 | E20: =SUM(E6:E19) -> 4283.1 | F20: =SUM(F6:F19) -> 4308.5 | G20: =SUM(D20:F20)/3 -> 4283.2 | H20: =G20*92 -> 394054.4 | I20: =SUM(I6:I19) -> 4364.3 | J20: =SUM(J6:J19) -> 4332.5 | K20: =SUM(K6:K19) -> 4310.9 | L20: =SUM(I20:K20)/3 -> 4335.9 | M20: =L20*92 -> 398902.8 | N20: =SUM(N6:N19) -> 4307.9 | O20: =SUM(O6:O19) -> 4302.9 | P20: =SUM(P6:P19) -> 4256 | Q20: =SUM(N20:P20)/3 -> 4288.9333 | R20: =Q20*90 -> 386004 | S20: =SUM(S6:S19) -> 4261.6 | T20: =SUM(T6:T18) -> 4230.1 | U20: =SUM(U6:U19)-1 -> 4247.5 | V20: =SUM(S20:U20)/3 -> 4246.4 | W20: =V20*91 -> 386422.4 | X20: =SUM(D20+E20+F20+I20+J20+K20+N20+O20+P20+S20+T20+U20)/12 -> 4288.6083 | Y20: =SUM(Y6:Y19) -> 1565372.5
A21: Other
A22: CRC's | B22: 544 | C22: - | D22: 369.55 | E22: 363.84 | F22: =330.37+30.3 -> 360.67 | G22: =SUM(D22:F22)/3 -> 364.68667 | H22: =G22*92 -> 33551.173 | I22: 343.19 | J22: 316.9 | K22: 295.35 | L22: =SUM(I22:K22)/3 -> 318.48 | M22: =L22*92 -> 29300.16 | N22: 265.35 | O22: =276.61+41 -> 317.61 | P22: =271.13+51.39 -> 322.52 | Q22: =SUM(N22:P22)/3 -> 301.82667 | R22: =Q22*90 -> 27164.4 | S22: 304.6 | T22: 286.19 | U22: 286.19 | V22: =SUM(S22:U22)/3 -> 292.32667 | W22: =V22*91 -> 26601.727 | X22: =SUM(D22+E22+F22+I22+J22+K22+N22+O22+P22+S22+T22+U22)/12 -> 319.33 | Y22: =X22*365 -> 116555.45
A23: CRC Offender Supervision | B23: - | C23: - | D23: =8+3.87 -> 11.87 | E23: =7.06+4 -> 11.06 | F23: =4.17+4 -> 8.17 | G23: =SUM(D23:F23)/3 -> 10.366667 | H23: =G23*92 -> 953.73333 | I23: =3+4 -> 7 | J23: =1.63+4 -> 5.63 | K23: 4 | L23: =SUM(I23:K23)/3 -> 5.5433333 | M23: =L23*92 -> 509.98667 | N23: 4 | O23: 4 | P23: 4 | Q23: =SUM(N23:P23)/3 -> 4 | R23: =Q23*90 -> 360 | S23: 2.13 | T23: 0 | U23: 0 | V23: =SUM(S23:U23)/3 -> 0.71 | W23: =V23*91 -> 64.61 | X23: =SUM(D23+E23+F23+I23+J23+K23+N23+O23+P23+S23+T23+U23)/12 -> 5.155 | Y23: =X23*365 -> 1881.575
A24: Treatment Beds | B24: 25 | C24: - | D24: 18.16 | E24: 21.29 | F24: 23.03 | G24: =SUM(D24:F24)/3 -> 20.826667 | H24: =G24*92 -> 1916.0533 | I24: 25.32 | J24: 21.13 | K24: 18 | L24: =SUM(I24:K24)/3 -> 21.483333 | M24: =L24*92 -> 1976.4667 | N24: 20.35 | O24: 25.43 | P24: =12.9+9.19 -> 22.09 | Q24: =SUM(N24:P24)/3 -> 22.623333 | R24: =Q24*90 -> 2036.1 | S24: 19.3 | T24: 18 | U24: 18.03 | V24: =SUM(S24:U24)/3 -> 18.443333 | W24: =V24*91 -> 1678.3433 | X24: =SUM(D24+E24+F24+I24+J24+K24+N24+O24+P24+S24+T24+U24)/12 -> 20.844167 | Y24: =X24*365 -> 7608.1208
A25: Electronic Monitoring | B25: n/a | C25: - | D25: 258 | E25: 236 | F25: 229 | G25: =SUM(D25:F25)/3 -> 241 | H25: =G25*92 -> 22172 | I25: 226 | J25: 222 | K25: 212 | L25: =SUM(I25:K25)/3 -> 220 | M25: =L25*92 -> 20240 | N25: 204 | O25: 196 | P25: 199 | Q25: =SUM(N25:P25)/3 -> 199.66667 | R25: =Q25*90 -> 17970 | S25: 203 | T25: 212 | U25: 212 | V25: =SUM(S25:U25)/3 -> 209 | W25: =V25*91 -> 19019 | X25: =SUM(D25+E25+F25+I25+J25+K25+N25+O25+P25+S25+T25+U25)/12 -> 217.41667 | Y25: =X25*365 -> 79357.083
A26: Colorado | B26: n/a | C26: - | D26: N/A | E26: N/A | F26: N/A | G26: =SUM(D26:F26)/3 -> 0 | H26: =G26*92 -> 0 | I26: N/A | J26: N/A | K26: N/A | L26: =SUM(I26:K26)/3 -> 0 | M26: =L26*92 -> 0 | N26: N/A | O26: N/A | P26: N/A | Q26: =SUM(N26:P26)/3 -> 0 | R26: =Q26*90 -> 0 | S26: N/A | T26: N/A | U26: N/A | V26: =SUM(S26:U26)/3 -> 0 | W26: =V26*91 -> 0 | X26: 0 | Y26: =X26*365 -> 0
A27: Other Out Of State | B27: n/a | C27: - | D27: 9 | E27: 10 | F27: 11 | G27: =SUM(D27:F27)/3 -> 10 | H27: =G27*92 -> 920 | I27: 11 | J27: 11 | K27: 11 | L27: =SUM(I27:K27)/3 -> 11 | M27: =L27*92 -> 1012 | N27: 11 | O27: 11 | P27: 11 | Q27: =SUM(N27:P27)/3 -> 11 | R27: =Q27*90 -> 990 | S27: 11 | T27: 11 | U27: 11 | V27: =SUM(S27:U27)/3 -> 11 | W27: =V27*91 -> 1001 | X27: =SUM(D27+E27+F27+I27+J27+K27+N27+O27+P27+S27+T27+U27)/12 -> 10.75 | Y27: =X27*365 -> 3923.75
A28: TOTAL OTHER | D28: =SUM(D22:D27) -> 666.58 | E28: =SUM(E22:E27) -> 642.19 | F28: =SUM(F22:F27) -> 631.87 | G28: =SUM(D28:F28)/3 -> 646.88 | H28: =G28*92 -> 59512.96 | I28: =SUM(I22:I27) -> 612.51 | J28: =SUM(J22:J27) -> 576.66 | K28: =SUM(K22:K27) -> 540.35 | L28: =SUM(I28:K28)/3 -> 576.50667 | M28: =L28*92 -> 53038.613 | N28: =SUM(N22:N27) -> 504.7 | O28: =SUM(O22:O27) -> 554.04 | P28: =SUM(P22:P27) -> 558.61 | Q28: =SUM(N28:P28)/3 -> 539.11667 | R28: =Q28*90 -> 48520.5 | S28: =SUM(S22:S27) -> 540.03 | T28: =SUM(T22:T27) -> 527.19 | U28: =SUM(U22:U27) -> 527.22 | V28: =SUM(S28:U28)/3 -> 531.48 | W28: =V28*91 -> 48364.68 | X28: =SUM(X22:X27) -> 573.49583 | Y28: =SUM(Y22:Y27) -> 209325.98
A29: GRAND TOTAL | D29: =D20+D28 -> 4924.58 | E29: =E20+E28 -> 4925.29 | F29: =F20+F28+1 -> 4941.37 | G29: =G20+G28 -> 4930.08 | H29: =SUM(H20+H28) -> 453567.36 | I29: =I20+I28+1 -> 4977.81 | J29: =J20+J28+1 -> 4910.16 | K29: =K20+K28 -> 4851.25 | L29: =SUM(I29:K29)/3 -> 4913.0733 | M29: =SUM(M20+M28) -> 451941.41 | N29: =N20+N28 -> 4812.6 | O29: =O20+O28 -> 4856.94 | P29: =P20+P28 -> 4814.61 | Q29: =SUM(N29:P29)/3 -> 4828.05 | R29: =SUM(R20+R28) -> 434524.5 | S29: =S20+S28 -> 4801.63 | T29: =T20+T28 -> 4757.29 | U29: =U20+U28 -> 4774.72 | V29: =SUM(S29:U29)/3 -> 4777.88 | W29: =SUM(W20+W28) -> 434787.08 | X29: =X20+X28 -> 4862.1042 | Y29: =Y20+Y28 -> 1774698.4
A32: ANNUAL TOTAL MANDAYS
A33: FY2017 | B33: AVERAGE DAILY INMATE POPULATION
B34: Max | C34: Gen Capacity | G34: AVERAGE QTRLY | H34: Total Quarterly Mandays | L34: AVERAGE QTRLY | M34: Total Quarterly Mandays | Q34: AVERAGE QTRLY | R34: Total Quarterly Mandays | V34: AVERAGE QTRLY | W34: Total Quarterly Mandays | X34: ANNUAL AVERAGE DAILY POPULATION | Y34: ANNUAL TOTAL MANDAYS
A35: Institutions | B35: Capactiy | D35: 42552 | E35: 42583 | F35: 42614 | I35: 42644 | J35: 42675 | K35: 42705 | N35: 42736 | O35: 42767 | P35: 42795 | S35: 42826 | T35: 42856 | U35: 42887
A36: Anchorage Complex | B36: 863 | C36: 829 | D36: 822.4 | E36: 823 | F36: 813 | G36: =SUM(D36:F36)/3 -> 819.46667 | H36: =G36*92 -> 75390.933 | I36: 973 | J36: 874.1 | K36: 860.7 | L36: =SUM(I36:K36)/3 -> 902.6 | M36: =L36*92 -> 83039.2 | N36: 845.2 | O36: 844.3 | P36: 863 | Q36: =SUM(N36:P36)/3 -> 850.83333 | R36: =Q36*90 -> 76575 | S36: 857 | T36: 868.2 | U36: 862.5 | V36: =SUM(S36:U36)/3 -> 862.56667 | W36: =V36*91 -> 78493.567 | X36: =SUM(D36+E36+F36+I36+J36+K36+N36+O36+P36+S36+T36+U36)/12 -> 858.86667 | Y36: =X36*365 -> 313486.33
A37: Anvil Mountain CC | B37: 128 | C37: 126 | D37: 107.5 | E37: 98 | F37: 100 | G37: =SUM(D37:F37)/3 -> 101.83333 | H37: =G37*92 -> 9368.6667 | I37: 100 | J37: 104 | K37: 105.1 | L37: =SUM(I37:K37)/3 -> 103.03333 | M37: =L37*92 -> 9479.0667 | N37: 97 | O37: 105.9 | P37: 111.3 | Q37: =SUM(N37:P37)/3 -> 104.73333 | R37: =Q37*90 -> 9426 | S37: 105 | T37: 100.6 | U37: 111 | V37: =SUM(S37:U37)/3 -> 105.53333 | W37: =V37*91 -> 9603.5333 | X37: =SUM(D37+E37+F37+I37+J37+K37+N37+O37+P37+S37+T37+U37)/12 -> 103.78333 | Y37: =X37*365 -> 37880.917
A38: Fairbanks CC | B38: 259 | C38: 248 | D38: 288.9 | E38: 284 | F38: 262 | G38: =SUM(D38:F38)/3 -> 278.3 | H38: =G38*92 -> 25603.6 | I38: 252 | J38: 240.2 | K38: 242.9 | L38: =SUM(I38:K38)/3 -> 245.03333 | M38: =L38*92 -> 22543.067 | N38: 255.4 | O38: 262 | P38: 270.8 | Q38: =SUM(N38:P38)/3 -> 262.73333 | R38: =Q38*90 -> 23646 | S38: 283 | T38: 294.5 | U38: 289.8 | V38: =SUM(S38:U38)/3 -> 289.1 | W38: =V38*91 -> 26308.1 | X38: =SUM(D38+E38+F38+I38+J38+K38+N38+O38+P38+S38+T38+U38)/12 -> 268.79167 | Y38: =X38*365 -> 98108.958
A39: Goose Creek CC | B39: 1472 | C39: 1408 | D39: 1145.8 | E39: 1238 | F39: 1268 | G39: =SUM(D39:F39)/3 -> 1217.2667 | H39: =G39*92 -> 111988.53 | I39: 1311 | J39: 1334.8 | K39: 1326.3 | L39: =SUM(I39:K39)/3 -> 1324.0333 | M39: =L39*92 -> 121811.07 | N39: 1271.3 | O39: 1250 | P39: 1242.9 | Q39: =SUM(N39:P39)/3 -> 1254.7333 | R39: =Q39*90 -> 112926 | S39: 1257 | T39: 1240.6 | U39: 1295.6 | V39: =SUM(S39:U39)/3 -> 1264.4 | W39: =V39*91 -> 115060.4 | X39: =SUM(D39+E39+F39+I39+J39+K39+N39+O39+P39+S39+T39+U39)/12 -> 1265.1083 | Y39: =X39*365 -> 461764.54
A40: Combined Hiland Mtn CC | B40: 404 | C40: 395 | D40: 348.5 | E40: 349 | F40: 347 | G40: =SUM(D40:F40)/3 -> 348.16667 | H40: =G40*92 -> 32031.333 | I40: 325 | J40: 304.9 | K40: 291.6 | L40: =SUM(I40:K40)/3 -> 307.16667 | M40: =L40*92 -> 28259.333 | N40: 275.4 | O40: 264 | P40: 267.5 | Q40: =SUM(N40:P40)/3 -> 268.96667 | R40: =Q40*90 -> 24207 | S40: 269 | T40: 297.9 | U40: 298.1 | V40: =SUM(S40:U40)/3 -> 288.33333 | W40: =V40*91 -> 26238.333 | X40: =SUM(D40+E40+F40+I40+J40+K40+N40+O40+P40+S40+T40+U40)/12 -> 303.15833 | Y40: =X40*365 -> 110652.79
A41: Ketchikan CC | B41: 58 | C41: 52 | D41: 50 | E41: 50 | F41: 47 | G41: =SUM(D41:F41)/3 -> 49 | H41: =G41*92 -> 4508 | I41: 53 | J41: 49 | K41: 46.1 | L41: =SUM(I41:K41)/3 -> 49.366667 | M41: =L41*92 -> 4541.7333 | N41: 46.1 | O41: 55 | P41: 58 | Q41: =SUM(N41:P41)/3 -> 53.033333 | R41: =Q41*90 -> 4773 | S41: 56 | T41: 56.5 | U41: 51.8 | V41: =SUM(S41:U41)/3 -> 54.766667 | W41: =V41*91 -> 4983.7667 | X41: =SUM(D41+E41+F41+I41+J41+K41+N41+O41+P41+S41+T41+U41)/12 -> 51.541667 | Y41: =X41*365 -> 18812.708
A42: Lemon Creek CC | B42: 232 | C42: 226 | D42: 216.2 | E42: 220 | F42: 229 | G42: =SUM(D42:F42)/3 -> 221.73333 | H42: =G42*92 -> 20399.467 | I42: 230 | J42: 216 | K42: 216.8 | L42: =SUM(I42:K42)/3 -> 220.93333 | M42: =L42*92 -> 20325.867 | N42: 208.4 | O42: 202 | P42: 195.3 | Q42: =SUM(N42:P42)/3 -> 201.9 | R42: =Q42*90 -> 18171 | S42: 208 | T42: 205.1 | U42: 193.5 | V42: =SUM(S42:U42)/3 -> 202.2 | W42: =V42*91 -> 18400.2 | X42: =SUM(D42+E42+F42+I42+J42+K42+N42+O42+P42+S42+T42+U42)/12 -> 211.69167 | Y42: =X42*365 -> 77267.458
A43: Mat-Su CC | B43: 102 | C43: 98 | D43: 101.3 | E43: 100 | F43: 91 | G43: =SUM(D43:F43)/3 -> 97.433333 | H43: =G43*92 -> 8963.8667 | I43: 102 | J43: 101.5 | K43: 98.4 | L43: =SUM(I43:K43)/3 -> 100.63333 | M43: =L43*92 -> 9258.2667 | N43: 87.8 | O43: 89 | P43: 98.2 | Q43: =SUM(N43:P43)/3 -> 91.666667 | R43: =Q43*90 -> 8250 | S43: 90 | T43: 92 | U43: 93.3 | V43: =SUM(S43:U43)/3 -> 91.766667 | W43: =V43*91 -> 8350.7667 | X43: =SUM(D43+E43+F43+I43+J43+K43+N43+O43+P43+S43+T43+U43)/12 -> 95.375 | Y43: =X43*365 -> 34811.875
A44: Combined Palmer CC | B44: =338+176 -> 514 | C44: =327+176 -> 503 | D44: =302+175.7 -> 477.7 | E44: =298+59 -> 357 | F44: 279 | G44: =SUM(D44:F44)/3 -> 371.23333 | H44: =G44*92 -> 34153.467 | I44: 110 | J44: 0 | K44: 0 | L44: =SUM(I44:K44)/3 -> 36.666667 | M44: =L44*92 -> 3373.3333 | N44: 0 | O44: 0 | P44: 0 | Q44: =SUM(N44:P44)/3 -> 0 | R44: =Q44*90 -> 0 | S44: 0 | T44: 0 | U44: 0 | V44: =SUM(S44:U44)/3 -> 0 | W44: =V44*91 -> 0 | X44: =SUM(D44+E44+F44+I44+J44+K44+N44+O44+P44+S44+T44+U44)/4 -> 305.925 | Y44: =X44*123 -> 37628.775 | Z44: *
A45: Pt. MacKenzie | B45: 128 | C45: 50 | D45: 52.8 | E45: 54 | F45: 57 | G45: =SUM(D45:F45)/3 -> 54.6 | H45: =G45*92 -> 5023.2 | I45: 69 | J45: 108.9 | K45: 125.3 | L45: =SUM(I45:K45)/3 -> 101.06667 | M45: =L45*92 -> 9298.1333 | N45: 125 | O45: 125 | P45: 123.2 | Q45: =SUM(N45:P45)/3 -> 124.4 | R45: =Q45*90 -> 11196 | S45: 119 | T45: 110.8 | U45: 88 | V45: =SUM(S45:U45)/3 -> 105.93333 | W45: =V45*91 -> 9639.9333 | X45: =SUM(D45+E45+F45+I45+J45+K45+N45+O45+P45+S45+T45+U45)/12 -> 96.5 | Y45: =X45*365 -> 35222.5
A46: Spring Creek CC | B46: 551 | C46: 535 | D46: 523.6 | E46: 516 | F46: 518 | G46: =SUM(D46:F46)/3 -> 519.2 | H46: =G46*92 -> 47766.4 | I46: 520 | J46: 494.8 | K46: 491.1 | L46: =SUM(I46:K46)/3 -> 501.96667 | M46: =L46*92 -> 46180.933 | N46: 484 | O46: 491 | P46: 485.5 | Q46: =SUM(N46:P46)/3 -> 486.83333 | R46: =Q46*90 -> 43815 | S46: 485 | T46: 463 | U46: 396.9 | V46: =SUM(S46:U46)/3 -> 448.3 | W46: =V46*91 -> 40795.3 | X46: =SUM(D46+E46+F46+I46+J46+K46+N46+O46+P46+S46+T46+U46)/12 -> 489.075 | Y46: =X46*365 -> 178512.38
A47: Combined Wildwood CC* | B47: =326+115 -> 441 | C47: =320+110 -> 430 | D47: =270+102.5 -> 372.5 | E47: =304+85 -> 389 | F47: =305+74 -> 379 | G47: =SUM(D47:F47)/3 -> 380.16667 | H47: =G47*92 -> 34975.333 | I47: =313+77 -> 390 | J47: =322.5+77.6 -> 400.1 | K47: =322+72.2 -> 394.2 | L47: =SUM(I47:K47)/3 -> 394.76667 | M47: =L47*92 -> 36318.533 | N47: 394 | O47: =297.4+77.5 -> 374.9 | P47: =291+77.9 -> 368.9 | Q47: =SUM(N47:P47)/3 -> 379.26667 | R47: =Q47*90 -> 34134 | S47: 376 | T47: 377.7 | U47: 410.2 | V47: =SUM(S47:U47)/3 -> 387.96667 | W47: =V47*91 -> 35304.967 | X47: =SUM(D47+E47+F47+I47+J47+K47+N47+O47+P47+S47+T47+U47)/12 -> 385.54167 | Y47: =X47*365 -> 140722.71
A48: Yukon-Kuskokwim CC | B48: 200 | C48: 189 | D48: 177.7 | E48: 158 | F48: 166 | G48: =SUM(D48:F48)/3 -> 167.23333 | H48: =G48*92 -> 15385.467 | I48: 175 | J48: 181.1 | K48: 172.9 | L48: =SUM(I48:K48)/3 -> 176.33333 | M48: =L48*92 -> 16222.667 | N48: 167.4 | O48: 150 | P48: 139.5 | Q48: =SUM(N48:P48)/3 -> 152.3 | R48: =Q48*90 -> 13707 | S48: 149 | T48: 152.8 | U48: 159.8 | V48: =SUM(S48:U48)/3 -> 153.86667 | W48: =V48*91 -> 14001.867 | X48: =SUM(D48+E48+F48+I48+J48+K48+N48+O48+P48+S48+T48+U48)/12 -> 162.43333 | Y48: =X48*365 -> 59288.167
A49: Tents | D49: 0 | E49: 0 | F49: 0 | G49: =SUM(D49:F49)/3 -> 0 | H49: =G49*92 -> 0 | I49: 0 | J49: 0 | K49: 0 | L49: =SUM(I49:K49)/3 -> 0 | M49: =L49*92 -> 0 | N49: 0 | O49: 0 | P49: 0 | Q49: =SUM(N49:P49)/3 -> 0 | R49: =Q49*90 -> 0 | S49: - | T49: - | U49: - | V49: =SUM(S49:U49)/3 -> 0 | W49: =V49*91 -> 0 | X49: 0 | Y49: =X49*365 -> 0
A50: TOTAL INSTITUTIONS | D50: =SUM(D36:D49) -> 4684.9 | E50: =SUM(E36:E49) -> 4636 | F50: =SUM(F36:F49) -> 4556 | G50: =SUM(D50:F50)/3 -> 4625.6333 | H50: =G50*92 -> 425558.27 | I50: =SUM(I36:I49) -> 4610 | J50: =SUM(J36:J49) -> 4409.4 | K50: =SUM(K36:K49) -> 4371.4 | L50: =SUM(I50:K50)/3 -> 4463.6 | M50: =L50*92 -> 410651.2 | N50: =SUM(N36:N49) -> 4257 | O50: =SUM(O36:O49) -> 4213.1 | P50: =SUM(P36:P49) -> 4224.1 | Q50: =SUM(N50:P50)/3 -> 4231.4 | R50: =Q50*90 -> 380826 | S50: =SUM(S36:S49) -> 4254 | T50: =SUM(T36:T48) -> 4259.7 | U50: =SUM(U36:U49) -> 4250.5 | V50: =SUM(S50:U50)/3 -> 4254.7333 | W50: =V50*91 -> 387180.73 | X50: =SUM(D50+E50+F50+I50+J50+K50+N50+O50+P50+S50+T50+U50)/12 -> 4393.8417 | Y50: =SUM(Y36:Y49) -> 1604160.1
A51: Other
A52: CRC's | B52: 839 | C52: - | D52: 495.61 | E52: 470 | F52: 476 | G52: =SUM(D52:F52)/3 -> 480.53667 | H52: =G52*92 -> 44209.373 | I52: 430 | J52: 435 | K52: 424 | L52: =SUM(I52:K52)/3 -> 429.66667 | M52: =L52*92 -> 39529.333 | N52: 412 | O52: 432 | P52: 398 | Q52: =SUM(N52:P52)/3 -> 414 | R52: =Q52*90 -> 37260 | S52: 408 | T52: 396.97 | U52: 386 | V52: =SUM(S52:U52)/3 -> 396.99 | W52: =V52*91 -> 36126.09 | X52: =SUM(D52+E52+F52+I52+J52+K52+N52+O52+P52+S52+T52+U52)/12 -> 430.29833 | Y52: =X52*365 -> 157058.89
A53: CRC Offender Supervision | B53: 35 | C53: - | D53: =9.81+5.68 -> 15.49 | E53: 9 | F53: 10 | G53: =SUM(D53:F53)/3 -> 11.496667 | H53: =G53*92 -> 1057.6933 | I53: 12 | J53: 16 | K53: 14 | L53: =SUM(I53:K53)/3 -> 14 | M53: =L53*92 -> 1288 | N53: =11+4 -> 15 | O53: =11+4 -> 15 | P53: =11+4 -> 15 | Q53: =SUM(N53:P53)/3 -> 15 | R53: =Q53*90 -> 1350 | S53: 15 | T53: =9.55+4 -> 13.55 | U53: 12 | V53: =SUM(S53:U53)/3 -> 13.516667 | W53: =V53*91 -> 1230.0167 | X53: =SUM(D53+E53+F53+I53+J53+K53+N53+O53+P53+S53+T53+U53)/12 -> 13.503333 | Y53: =X53*365 -> 4928.7167
A54: Treatment Beds | B54: 26 | C54: - | D54: 14 | E54: 15 | F54: 15 | G54: =SUM(D54:F54)/3 -> 14.666667 | H54: =G54*92 -> 1349.3333 | I54: 15 | J54: 15 | K54: 16 | L54: =SUM(I54:K54)/3 -> 15.333333 | M54: =L54*92 -> 1410.6667 | N54: 14 | O54: 14 | P54: 17 | Q54: =SUM(N54:P54)/3 -> 15 | R54: =Q54*90 -> 1350 | S54: 21 | T54: 23.13 | U54: 21 | V54: =SUM(S54:U54)/3 -> 21.71 | W54: =V54*91 -> 1975.61 | X54: =SUM(D54+E54+F54+I54+J54+K54+N54+O54+P54+S54+T54+U54)/12 -> 16.6775 | Y54: =X54*365 -> 6087.2875
A55: Electronic Monitoring | B55: n/a | C55: - | D55: 335 | E55: 303 | F55: 291 | G55: =SUM(D55:F55)/3 -> 309.66667 | H55: =G55*92 -> 28489.333 | I55: 282 | J55: 279 | K55: 286 | L55: =SUM(I55:K55)/3 -> 282.33333 | M55: =L55*92 -> 25974.667 | N55: 275 | O55: 263 | P55: 253 | Q55: =SUM(N55:P55)/3 -> 263.66667 | R55: =Q55*90 -> 23730 | S55: 290 | T55: 299 | U55: 286 | V55: =SUM(S55:U55)/3 -> 291.66667 | W55: =V55*91 -> 26541.667 | X55: =SUM(D55+E55+F55+I55+J55+K55+N55+O55+P55+S55+T55+U55)/12 -> 286.83333 | Y55: =X55*365 -> 104694.17
A56: Colorado | B56: 1050 | C56: - | D56: N/A | E56: N/A | F56: N/A | G56: =SUM(D56:F56)/3 -> 0 | H56: =G56*92 -> 0 | I56: N/A | J56: N/A | K56: N/A | L56: =SUM(I56:K56)/3 -> 0 | M56: =L56*92 -> 0 | N56: N/A | O56: N/A | P56: N/A | Q56: =SUM(N56:P56)/3 -> 0 | R56: =Q56*90 -> 0 | S56: N/A | T56: N/A | U56: N/A | V56: =SUM(S56:U56)/3 -> 0 | W56: =V56*91 -> 0 | X56: 0 | Y56: =X56*365 -> 0
A57: Other Out Of State | B57: n/a | C57: - | D57: 9 | E57: 9 | F57: 9 | G57: =SUM(D57:F57)/3 -> 9 | H57: =G57*92 -> 828 | I57: 9 | J57: 9 | K57: 9 | L57: =SUM(I57:K57)/3 -> 9 | M57: =L57*92 -> 828 | N57: 9 | O57: 9 | P57: 9 | Q57: =SUM(N57:P57)/3 -> 9 | R57: =Q57*90 -> 810 | S57: 9 | T57: 9 | U57: 9 | V57: =SUM(S57:U57)/3 -> 9 | W57: =V57*91 -> 819 | X57: =SUM(D57+E57+F57+I57+J57+K57+N57+O57+P57+S57+T57+U57)/12 -> 9 | Y57: =X57*365 -> 3285
A58: TOTAL OTHER | D58: =SUM(D52:D57) -> 869.1 | E58: =SUM(E52:E57) -> 806 | F58: =SUM(F52:F57) -> 801 | G58: =SUM(D58:F58)/3 -> 825.36667 | H58: =G58*92 -> 75933.733 | I58: =SUM(I52:I57) -> 748 | J58: =SUM(J52:J57) -> 754 | K58: =SUM(K52:K57) -> 749 | L58: =SUM(I58:K58)/3 -> 750.33333 | M58: =L58*92 -> 69030.667 | N58: =SUM(N52:N57) -> 725 | O58: =SUM(O52:O57) -> 733 | P58: =SUM(P52:P57) -> 692 | Q58: =SUM(N58:P58)/3 -> 716.66667 | R58: =Q58*90 -> 64500 | S58: =SUM(S52:S57) -> 743 | T58: =SUM(T52:T57) -> 741.65 | U58: =SUM(U52:U57) -> 714 | V58: =SUM(S58:U58)/3 -> 732.88333 | W58: =V58*91 -> 66692.383 | X58: =SUM(X52:X57) -> 756.3125 | Y58: =SUM(Y52:Y57) -> 276054.06
A59: GRAND TOTAL | D59: =D50+D58 -> 5554 | E59: =E50+E58 -> 5442 | F59: =F50+F58 -> 5357 | G59: =G50+G58 -> 5451 | H59: =SUM(H50+H58) -> 501492 | I59: =I50+I58 -> 5358 | J59: =J50+J58 -> 5163.4 | K59: =K50+K58 -> 5120.4 | L59: =SUM(I59:K59)/3 -> 5213.9333 | M59: =SUM(M50+M58) -> 479681.87 | N59: =N50+N58 -> 4982 | O59: =O50+O58 -> 4946.1 | P59: =P50+P58 -> 4916.1 | Q59: =SUM(N59:P59)/3 -> 4948.0667 | R59: =SUM(R50+R58) -> 445326 | S59: =S50+S58 -> 4997 | T59: =T50+T58 -> 5001.35 | U59: =U50+U58 -> 4964.5 | V59: =SUM(S59:U59)/3 -> 4987.6167 | W59: =SUM(W50+W58) -> 453873.12 | X59: =X50+X58 -> 5150.1542 | Y59: =Y50+Y58 -> 1880214.2
A60: *PCC Closed end October 2016
A61: *PT. Mac separated from GCCC November 2016
A64: FY2016 | B64: AVERAGE DAILY INMATE POPULATION
B65: Max | C65: Gen Capacity | G65: AVERAGE QTRLY | H65: Total Quarterly Mandays | L65: AVERAGE QTRLY | M65: Total Quarterly Mandays | Q65: AVERAGE QTRLY | R65: Total Quarterly Mandays | V65: AVERAGE QTRLY | W65: Total Quarterly Mandays | X65: ANNUAL AVERAGE DAILY POPULATION | Y65: ANNUAL TOTAL MANDAYS
A66: Institutions | B66: Capactiy | D66: 42186 | E66: 42217 | F66: 42248 | I66: 42278 | J66: 42309 | K66: 42339 | N66: 42370 | O66: 42401 | P66: 42430 | S66: 42461 | T66: 42491 | U66: 42522
A67: Anchorage Complex | B67: 863 | C67: 829 | D67: 844.8 | E67: 857.9 | F67: 798.3 | G67: =SUM(D67:F67)/3 -> 833.66667 | H67: =G67*92 -> 76697.333 | I67: 832.8 | J67: 871 | K67: 857.8 | L67: =SUM(I67:K67)/3 -> 853.86667 | M67: =L67*92 -> 78555.733 | N67: 842 | O67: 819.6 | P67: 797.3 | Q67: =SUM(N67:P67)/3 -> 819.63333 | R67: =Q67*90 -> 73767 | S67: 806.6 | T67: 770.6 | U67: 811 | V67: =SUM(S67:U67)/3 -> 796.06667 | W67: =V67*91 -> 72442.067 | X67: =SUM(D67+E67+F67+I67+J67+K67+N67+O67+P67+S67+T67+U67)/12 -> 825.80833 | Y67: =X67*365 -> 301420.04
A68: Anvil Mountain CC | B68: 128 | C68: 126 | D68: 103.5 | E68: 107.7 | F68: 116.4 | G68: =SUM(D68:F68)/3 -> 109.2 | H68: =G68*92 -> 10046.4 | I68: 120.5 | J68: 118.1 | K68: 92.5 | L68: =SUM(I68:K68)/3 -> 110.36667 | M68: =L68*92 -> 10153.733 | N68: 98.8 | O68: 110.4 | P68: 123 | Q68: =SUM(N68:P68)/3 -> 110.73333 | R68: =Q68*90 -> 9966 | S68: 119.4 | T68: 116.4 | U68: 108.6 | V68: =SUM(S68:U68)/3 -> 114.8 | W68: =V68*91 -> 10446.8 | X68: =SUM(D68+E68+F68+I68+J68+K68+N68+O68+P68+S68+T68+U68)/12 -> 111.275 | Y68: =X68*365 -> 40615.375
A69: Fairbanks CC | B69: 259 | C69: 248 | D69: 265.7 | E69: 269.7 | F69: 255.4 | G69: =SUM(D69:F69)/3 -> 263.6 | H69: =G69*92 -> 24251.2 | I69: 265.7 | J69: 266.7 | K69: 262.3 | L69: =SUM(I69:K69)/3 -> 264.9 | M69: =L69*92 -> 24370.8 | N69: 268.9 | O69: 274.1 | P69: 265.8 | Q69: =SUM(N69:P69)/3 -> 269.6 | R69: =Q69*90 -> 24264 | S69: 283.4 | T69: 293.3 | U69: 281.1 | V69: =SUM(S69:U69)/3 -> 285.93333 | W69: =V69*91 -> 26019.933 | X69: =SUM(D69+E69+F69+I69+J69+K69+N69+O69+P69+S69+T69+U69)/12 -> 271.00833 | Y69: =X69*365 -> 98918.042
A70: Goose Creek CC | B70: 1472 | C70: 1408 | D70: 1322.1 | E70: 1316.7 | F70: 1359.4 | G70: =SUM(D70:F70)/3 -> 1332.7333 | H70: =G70*92 -> 122611.47 | I70: 1285 | J70: 1290.6 | K70: 1258.9 | L70: =SUM(I70:K70)/3 -> 1278.1667 | M70: =L70*92 -> 117591.33 | N70: 1219.4 | O70: 1263.4 | P70: 1224 | Q70: =SUM(N70:P70)/3 -> 1235.6 | R70: =Q70*90 -> 111204 | S70: 1220.8 | T70: 1210 | U70: 1127.5 | V70: =SUM(S70:U70)/3 -> 1186.1 | W70: =V70*91 -> 107935.1 | X70: =SUM(D70+E70+F70+I70+J70+K70+N70+O70+P70+S70+T70+U70)/12 -> 1258.15 | Y70: =X70*365 -> 459224.75
A71: Combined Hiland Mtn CC | B71: 404 | C71: 395 | D71: 407.6 | E71: 397.9 | F71: 408.3 | G71: =SUM(D71:F71)/3 -> 404.6 | H71: =G71*92 -> 37223.2 | I71: 384 | J71: 363.6 | K71: 346 | L71: =SUM(I71:K71)/3 -> 364.53333 | M71: =L71*92 -> 33537.067 | N71: 349.5 | O71: 365.4 | P71: 365.5 | Q71: =SUM(N71:P71)/3 -> 360.13333 | R71: =Q71*90 -> 32412 | S71: 360.5 | T71: 359.7 | U71: 360.1 | V71: =SUM(S71:U71)/3 -> 360.1 | W71: =V71*91 -> 32769.1 | X71: =SUM(D71+E71+F71+I71+J71+K71+N71+O71+P71+S71+T71+U71)/12 -> 372.34167 | Y71: =X71*365 -> 135904.71
A72: Ketchikan CC | B72: 58 | C72: 52 | D72: 57.1 | E72: 59.2 | F72: 56.4 | G72: =SUM(D72:F72)/3 -> 57.566667 | H72: =G72*92 -> 5296.1333 | I72: 57.8 | J72: 49.9 | K72: 46.7 | L72: =SUM(I72:K72)/3 -> 51.466667 | M72: =L72*92 -> 4734.9333 | N72: 47.7 | O72: 54.7 | P72: 55.7 | Q72: =SUM(N72:P72)/3 -> 52.7 | R72: =Q72*90 -> 4743 | S72: 55.3 | T72: 51 | U72: 51.1 | V72: =SUM(S72:U72)/3 -> 52.466667 | W72: =V72*91 -> 4774.4667 | X72: =SUM(D72+E72+F72+I72+J72+K72+N72+O72+P72+S72+T72+U72)/12 -> 53.55 | Y72: =X72*365 -> 19545.75
A73: Lemon Creek CC | B73: 232 | C73: 226 | D73: 232.6 | E73: 234.1 | F73: 226.9 | G73: =SUM(D73:F73)/3 -> 231.2 | H73: =G73*92 -> 21270.4 | I73: 220.9 | J73: 229 | K73: 227.2 | L73: =SUM(I73:K73)/3 -> 225.7 | M73: =L73*92 -> 20764.4 | N73: 229.1 | O73: 234.4 | P73: 224.3 | Q73: =SUM(N73:P73)/3 -> 229.26667 | R73: =Q73*90 -> 20634 | S73: 210.7 | T73: 206.3 | U73: 208.8 | V73: =SUM(S73:U73)/3 -> 208.6 | W73: =V73*91 -> 18982.6 | X73: =SUM(D73+E73+F73+I73+J73+K73+N73+O73+P73+S73+T73+U73)/12 -> 223.69167 | Y73: =X73*365 -> 81647.458
A74: Mat-Su CC | B74: 102 | C74: 98 | D74: 99.5 | E74: 101.7 | F74: 100.2 | G74: =SUM(D74:F74)/3 -> 100.46667 | H74: =G74*92 -> 9242.9333 | I74: 102.6 | J74: 99.6 | K74: 99.3 | L74: =SUM(I74:K74)/3 -> 100.5 | M74: =L74*92 -> 9246 | N74: 104.3 | O74: 103.5 | P74: 96.3 | Q74: =SUM(N74:P74)/3 -> 101.36667 | R74: =Q74*90 -> 9123 | S74: 101.9 | T74: 100.3 | U74: 95.1 | V74: =SUM(S74:U74)/3 -> 99.1 | W74: =V74*91 -> 9018.1 | X74: =SUM(D74+E74+F74+I74+J74+K74+N74+O74+P74+S74+T74+U74)/12 -> 100.35833 | Y74: =X74*365 -> 36630.792
A75: Combined Palmer CC | B75: =338+176 -> 514 | C75: =327+176 -> 503 | D75: =300.8+176 -> 476.8 | E75: =311.9+176 -> 487.9 | F75: =322.2+175.7 -> 497.9 | G75: =SUM(D75:F75)/3 -> 487.53333 | H75: =G75*92 -> 44853.067 | I75: =320.9+176 -> 496.9 | J75: =312.4+176 -> 488.4 | K75: =313.6+175.9 -> 489.5 | L75: =SUM(I75:K75)/3 -> 491.6 | M75: =L75*92 -> 45227.2 | N75: =316.5+175.9 -> 492.4 | O75: =325.2+175.8 -> 501 | P75: =323.7+175.9 -> 499.6 | Q75: =SUM(N75:P75)/3 -> 497.66667 | R75: =Q75*90 -> 44790 | S75: =323.7+175.9 -> 499.6 | T75: =323.7+176 -> 499.7 | U75: =316.1+175.8 -> 491.9 | V75: =SUM(S75:U75)/3 -> 497.06667 | W75: =V75*91 -> 45233.067 | X75: =SUM(D75+E75+F75+I75+J75+K75+N75+O75+P75+S75+T75+U75)/12 -> 493.46667 | Y75: =X75*365 -> 180115.33
A76: Pt. MacKenzie | B76: 128 | C76: 128 | D76: 0 | E76: 0 | F76: 0 | G76: =SUM(D76:F76)/3 -> 0 | H76: =G76*92 -> 0 | I76: 0 | J76: 0 | K76: 0 | L76: =SUM(I76:K76)/3 -> 0 | M76: =L76*92 -> 0 | N76: 0 | O76: 0 | P76: 0 | Q76: =SUM(N76:P76)/3 -> 0 | R76: =Q76*90 -> 0 | S76: 0 | T76: 0 | U76: 48 | V76: =SUM(S76:U76)/3 -> 16 | W76: =V76*91 -> 1456 | X76: =SUM(D76+E76+F76+I76+J76+K76+N76+O76+P76+S76+T76+U76)/12 -> 4 | Y76: =X76*365 -> 1460
A77: Spring Creek CC | B77: 551 | C77: 535 | D77: 523.4 | E77: 519.2 | F77: 522.8 | G77: =SUM(D77:F77)/3 -> 521.8 | H77: =G77*92 -> 48005.6 | I77: 515 | J77: 505.2 | K77: 497.1 | L77: =SUM(I77:K77)/3 -> 505.76667 | M77: =L77*92 -> 46530.533 | N77: 503.1 | O77: 511.1 | P77: 514.5 | Q77: =SUM(N77:P77)/3 -> 509.56667 | R77: =Q77*90 -> 45861 | S77: 514.4 | T77: 523.7 | U77: 521.6 | V77: =SUM(S77:U77)/3 -> 519.9 | W77: =V77*91 -> 47310.9 | X77: =SUM(D77+E77+F77+I77+J77+K77+N77+O77+P77+S77+T77+U77)/12 -> 514.25833 | Y77: =X77*365 -> 187704.29
A78: Combined Wildwood CC* | B78: =326+115 -> 441 | C78: =320+110 -> 430 | D78: =332.1+101.6 -> 433.7 | E78: =340.5+99.6 -> 440.1 | F78: =322.9+102.5 -> 425.4 | G78: =SUM(D78:F78)/3 -> 433.06667 | H78: =G78*92 -> 39842.133 | I78: =309.3+100.4 -> 409.7 | J78: =295+108.8 -> 403.8 | K78: =279.1+105.3 -> 384.4 | L78: =SUM(I78:K78)/3 -> 399.3 | M78: =L78*92 -> 36735.6 | N78: =289.2+108.6 -> 397.8 | O78: =286.3+106.1 -> 392.4 | P78: =272+106 -> 378 | Q78: =SUM(N78:P78)/3 -> 389.4 | R78: =Q78*90 -> 35046 | S78: =275.3+110.6 -> 385.9 | T78: =280+100.6 -> 380.6 | U78: =278.5+118.4 -> 396.9 | V78: =SUM(S78:U78)/3 -> 387.8 | W78: =V78*91 -> 35289.8 | X78: =SUM(D78+E78+F78+I78+J78+K78+N78+O78+P78+S78+T78+U78)/12 -> 402.39167 | Y78: =X78*365 -> 146872.96
A79: Yukon-Kuskokwim CC | B79: 200 | C79: 189 | D79: 171.9 | E79: 185.8 | F79: 190.7 | G79: =SUM(D79:F79)/3 -> 182.8 | H79: =G79*92 -> 16817.6 | I79: 196.5 | J79: 190.2 | K79: 187.2 | L79: =SUM(I79:K79)/3 -> 191.3 | M79: =L79*92 -> 17599.6 | N79: 194.2 | O79: 182.8 | P79: 180.8 | Q79: =SUM(N79:P79)/3 -> 185.93333 | R79: =Q79*90 -> 16734 | S79: 176.7 | T79: 175.5 | U79: 172.1 | V79: =SUM(S79:U79)/3 -> 174.76667 | W79: =V79*91 -> 15903.767 | X79: =SUM(D79+E79+F79+I79+J79+K79+N79+O79+P79+S79+T79+U79)/12 -> 183.7 | Y79: =X79*365 -> 67050.5
A80: Tents | D80: 0 | E80: 0 | F80: 0 | G80: =SUM(D80:F80)/3 -> 0 | H80: =G80*92 -> 0 | I80: 0 | J80: 0 | K80: 0 | L80: =SUM(I80:K80)/3 -> 0 | M80: =L80*92 -> 0 | N80: 0 | O80: 0 | P80: 0 | Q80: =SUM(N80:P80)/3 -> 0 | R80: =Q80*90 -> 0 | S80: - | T80: - | U80: - | V80: =SUM(S80:U80)/3 -> 0 | W80: =V80*91 -> 0 | X80: 0 | Y80: =X80*365 -> 0
A81: TOTAL INSTITUTIONS | D81: =SUM(D67:D80) -> 4938.7 | E81: =SUM(E67:E80) -> 4977.9 | F81: =SUM(F67:F80) -> 4958.1 | G81: =SUM(D81:F81)/3 -> 4958.2333 | H81: =G81*92 -> 456157.47 | I81: =SUM(I67:I80) -> 4887.4 | J81: =SUM(J67:J80) -> 4876.1 | K81: =SUM(K67:K80) -> 4748.9 | L81: =SUM(I81:K81)/3 -> 4837.4667 | M81: =L81*92 -> 445046.93 | N81: =SUM(N67:N80) -> 4747.2 | O81: =SUM(O67:O80) -> 4812.8 | P81: =SUM(P67:P80) -> 4724.8 | Q81: =SUM(N81:P81)/3 -> 4761.6 | R81: =Q81*90 -> 428544 | S81: =SUM(S67:S80) -> 4735.2 | T81: =SUM(T67:T79) -> 4687.1 | U81: =SUM(U67:U80) -> 4673.8 | V81: =SUM(S81:U81)/3 -> 4698.7 | W81: =V81*91 -> 427581.7 | X81: =SUM(D81+E81+F81+I81+J81+K81+N81+O81+P81+S81+T81+U81)/12 -> 4814 | Y81: =SUM(Y67:Y80) -> 1757110
A82: Other
A83: CRC's | B83: 839 | C83: - | D83: 672.81 | E83: 677.1 | F83: 681.9 | G83: =SUM(D83:F83)/3 -> 677.27 | H83: =G83*92 -> 62308.84 | I83: 648 | J83: 633.63 | K83: 647.29 | L83: =SUM(I83:K83)/3 -> 642.97333 | M83: =L83*92 -> 59153.547 | N83: =547.74+77.9 -> 625.64 | O83: 607.83 | P83: =563.77+86.23 -> 650 | Q83: =SUM(N83:P83)/3 -> 627.82333 | R83: =Q83*90 -> 56504.1 | S83: =552.63+74.57 -> 627.2 | T83: 587.65 | U83: =502.5+59.23 -> 561.73 | V83: =SUM(S83:U83)/3 -> 592.19333 | W83: =V83*91 -> 53889.593 | X83: =SUM(D83+E83+F83+I83+J83+K83+N83+O83+P83+S83+T83+U83)/12 -> 635.065 | Y83: =X83*365 -> 231798.72
A84: CRC Offender Supervision | B84: 35 | C84: - | D84: 5 | E84: 7.23 | F84: =1+8 -> 9 | G84: =SUM(D84:F84)/3 -> 7.0766667 | H84: =G84*92 -> 651.05333 | I84: =1+8.1 -> 9.1 | J84: =1+8.1 -> 9.1 | K84: =1+8.71 -> 9.71 | L84: =SUM(I84:K84)/3 -> 9.3033333 | M84: =L84*92 -> 855.90667 | N84: =1+8 -> 9 | O84: =1+7.31 -> 8.31 | P84: =1+7 -> 8 | Q84: =SUM(N84:P84)/3 -> 8.4366667 | R84: =Q84*90 -> 759.3 | S84: =1+7.07 -> 8.07 | T84: =2.48+7.52 -> 10 | U84: =7.5+6 -> 13.5 | V84: =SUM(S84:U84)/3 -> 10.523333 | W84: =V84*91 -> 957.62333 | X84: =SUM(D84+E84+F84+I84+J84+K84+N84+O84+P84+S84+T84+U84)/12 -> 8.835 | Y84: =X84*365 -> 3224.775
A85: Treatment Beds | B85: 26 | C85: - | D85: 15 | E85: 17 | F85: 16 | G85: =SUM(D85:F85)/3 -> 16 | H85: =G85*92 -> 1472 | I85: 17 | J85: 17 | K85: 16 | L85: =SUM(I85:K85)/3 -> 16.666667 | M85: =L85*92 -> 1533.3333 | N85: 19 | O85: 18 | P85: 17 | Q85: =SUM(N85:P85)/3 -> 18 | R85: =Q85*90 -> 1620 | S85: 15 | T85: 16 | U85: 16 | V85: =SUM(S85:U85)/3 -> 15.666667 | W85: =V85*91 -> 1425.6667 | X85: =SUM(D85+E85+F85+I85+J85+K85+N85+O85+P85+S85+T85+U85)/12 -> 16.583333 | Y85: =X85*365 -> 6052.9167
A86: Electronic Monitoring | B86: n/a | C86: - | D86: 437 | E86: 420 | F86: 429 | G86: =SUM(D86:F86)/3 -> 428.66667 | H86: =G86*92 -> 39437.333 | I86: 447 | J86: 466 | K86: 437 | L86: =SUM(I86:K86)/3 -> 450 | M86: =L86*92 -> 41400 | N86: 419 | O86: 404 | P86: 410 | Q86: =SUM(N86:P86)/3 -> 411 | R86: =Q86*90 -> 36990 | S86: 404 | T86: 383 | U86: 373 | V86: =SUM(S86:U86)/3 -> 386.66667 | W86: =V86*91 -> 35186.667 | X86: =SUM(D86+E86+F86+I86+J86+K86+N86+O86+P86+S86+T86+U86)/12 -> 419.08333 | Y86: =X86*365 -> 152965.42
A87: Colorado | B87: 1050 | C87: - | D87: N/A | E87: N/A | F87: N/A | G87: =SUM(D87:F87)/3 -> 0 | H87: =G87*92 -> 0 | I87: N/A | J87: N/A | K87: N/A | L87: =SUM(I87:K87)/3 -> 0 | M87: =L87*92 -> 0 | N87: N/A | O87: N/A | P87: N/A | Q87: =SUM(N87:P87)/3 -> 0 | R87: =Q87*90 -> 0 | S87: N/A | T87: N/A | U87: N/A | V87: =SUM(S87:U87)/3 -> 0 | W87: =V87*91 -> 0 | X87: 0 | Y87: =X87*365 -> 0
A88: Other Out Of State | B88: n/a | C88: - | D88: 12 | E88: 12 | F88: 12 | G88: =SUM(D88:F88)/3 -> 12 | H88: =G88*92 -> 1104 | I88: 12 | J88: 11 | K88: 11 | L88: =SUM(I88:K88)/3 -> 11.333333 | M88: =L88*92 -> 1042.6667 | N88: 10 | O88: 9 | P88: 9 | Q88: =SUM(N88:P88)/3 -> 9.3333333 | R88: =Q88*90 -> 840 | S88: 9 | T88: 9 | U88: 9 | V88: =SUM(S88:U88)/3 -> 9 | W88: =V88*91 -> 819 | X88: =SUM(D88+E88+F88+I88+J88+K88+N88+O88+P88+S88+T88+U88)/12 -> 10.416667 | Y88: =X88*365 -> 3802.0833
A89: TOTAL OTHER | D89: =SUM(D83:D88) -> 1141.81 | E89: =SUM(E83:E88) -> 1133.33 | F89: =SUM(F83:F88) -> 1147.9 | G89: =SUM(D89:F89)/3 -> 1141.0133 | H89: =G89*92 -> 104973.23 | I89: =SUM(I83:I88) -> 1133.1 | J89: =SUM(J83:J88) -> 1136.73 | K89: =SUM(K83:K88) -> 1121 | L89: =SUM(I89:K89)/3 -> 1130.2767 | M89: =L89*92 -> 103985.45 | N89: =SUM(N83:N88) -> 1082.64 | O89: =SUM(O83:O88) -> 1047.14 | P89: =SUM(P83:P88) -> 1094 | Q89: =SUM(N89:P89)/3 -> 1074.5933 | R89: =Q89*90 -> 96713.4 | S89: =SUM(S83:S88) -> 1063.27 | T89: =SUM(T83:T88) -> 1005.65 | U89: =SUM(U83:U88) -> 973.23 | V89: =SUM(S89:U89)/3 -> 1014.05 | W89: =V89*91 -> 92278.55 | X89: =SUM(X83:X88) -> 1089.9833 | Y89: =SUM(Y83:Y88) -> 397843.92
A90: GRAND TOTAL | D90: =D81+D89 -> 6080.51 | E90: =E81+E89 -> 6111.23 | F90: =F81+F89 -> 6106 | G90: =G81+G89 -> 6099.2467 | H90: =SUM(H81+H89) -> 561130.69 | I90: =I81+I89 -> 6020.5 | J90: =J81+J89 -> 6012.83 | K90: =K81+K89 -> 5869.9 | L90: =SUM(I90:K90)/3 -> 5967.7433 | M90: =SUM(M81+M89) -> 549032.39 | N90: =N81+N89 -> 5829.84 | O90: =O81+O89 -> 5859.94 | P90: =P81+P89 -> 5818.8 | Q90: =SUM(N90:P90)/3 -> 5836.1933 | R90: =SUM(R81+R89) -> 525257.4 | S90: =S81+S89 -> 5798.47 | T90: =T81+T89 -> 5692.75 | U90: =U81+U89 -> 5647.03 | V90: =SUM(S90:U90)/3 -> 5712.75 | W90: =SUM(W81+W89) -> 519860.25 | X90: =X81+X89 -> 5903.9833 | Y90: =Y81+Y89 -> 2154953.9
A91: *Colorado contrat ended Sept 2013
A92: *PT. Mac combined with GCCC June 30
A93: *GCCC Beds ramp-up to 1480 by June 30
A94: *ACCE & ACCW combined totals for FY14
A95: ANNUAL TOTAL MANDAYS
A96: ANNUAL TOTAL MANDAYS
A99: ANNUAL TOTAL MANDAYS
A100: FY2015 | B100: AVERAGE DAILY INMATE POPULATION
B101: Capacity | F101: AVERAGE QTRLY | G101: Total Quarterly Mandays | K101: AVERAGE QTRLY | L101: Total Quarterly Mandays | P101: AVERAGE QTRLY | Q101: Total Quarterly Mandays | U101: AVERAGE QTRLY | V101: Total Quarterly Mandays | W101: ANNUAL AVERAGE DAILY POPULATION | X101: ANNUAL TOTAL MANDAYS
A102: Institutions | B102: GEN/Max | C102: 41821 | D102: 41852 | E102: 41883 | H102: 41913 | I102: 41944 | J102: 41974 | M102: 42005 | N102: 42036 | O102: 42064 | R102: 42095 | S102: 42125 | T102: 42156
A103: Anchorage Complex | B103: 863./829 | C103: 839.9 | D103: 851.6 | E103: 853.9 | F103: =SUM(C103:E103)/3 -> 848.46667 | G103: =F103*92 -> 78058.933 | H103: 843.4 | I103: 852.8 | J103: 853.2 | K103: =SUM(H103:J103)/3 -> 849.8 | L103: =K103*92 -> 78181.6 | M103: 871.8 | N103: 857.3 | O103: 830.4 | P103: =SUM(M103:O103)/3 -> 853.16667 | Q103: =P103*90 -> 76785 | R103: 837.8 | S103: 849.1 | T103: 843.6 | U103: =SUM(R103:T103)/3 -> 843.5 | V103: =U103*91 -> 76758.5 | W103: =SUM(C103+D103+E103+H103+I103+J103+M103+N103+O103+R103+S103+T103)/12 -> 848.73333 | X103: =W103*365 -> 309787.67
A104: Anvil Mountain CC | B104: 128/126 | C104: 121.1 | D104: 118.2 | E104: 119.4 | F104: =SUM(C104:E104)/3 -> 119.56667 | G104: =F104*92 -> 11000.133 | H104: 110.9 | I104: 105.6 | J104: 106.7 | K104: =SUM(H104:J104)/3 -> 107.73333 | L104: =K104*92 -> 9911.4667 | M104: 114.6 | N104: 117.9 | O104: 94.3 | P104: =SUM(M104:O104)/3 -> 108.93333 | Q104: =P104*90 -> 9804 | R104: 95.7 | S104: 126.2 | T104: 114.7 | U104: =SUM(R104:T104)/3 -> 112.2 | V104: =U104*91 -> 10210.2 | W104: =SUM(C104+D104+E104+H104+I104+J104+M104+N104+O104+R104+S104+T104)/12 -> 112.10833 | X104: =W104*365 -> 40919.542
A105: Fairbanks CC | B105: 259/248 | C105: 263.9 | D105: 249.5 | E105: 258.7 | F105: =SUM(C105:E105)/3 -> 257.36667 | G105: =F105*92 -> 23677.733 | H105: 248.3 | I105: 268.3 | J105: 265 | K105: =SUM(H105:J105)/3 -> 260.53333 | L105: =K105*92 -> 23969.067 | M105: 277.5 | N105: 292.3 | O105: 273.3 | P105: =SUM(M105:O105)/3 -> 281.03333 | Q105: =P105*90 -> 25293 | R105: 280.7 | S105: 286.5 | T105: 272.6 | U105: =SUM(R105:T105)/3 -> 279.93333 | V105: =U105*91 -> 25473.933 | W105: =SUM(C105+D105+E105+H105+I105+J105+M105+N105+O105+R105+S105+T105)/12 -> 269.71667 | X105: =W105*365 -> 98446.583
A106: Goose Creek CC | B106: 1472/1408 | C106: 1388.4 | D106: 1411.3 | E106: 1411.3 | F106: =SUM(C106:E106)/3 -> 1403.6667 | G106: =F106*92 -> 129137.33 | H106: 1411.9 | I106: 1424.9 | J106: 1416.8 | K106: =SUM(H106:J106)/3 -> 1417.8667 | L106: =K106*92 -> 130443.73 | M106: 1421 | N106: 1423.6 | O106: 1422.7 | P106: =SUM(M106:O106)/3 -> 1422.4333 | Q106: =P106*90 -> 128019 | R106: 1393 | S106: 1378.3 | T106: 1367.1 | U106: =SUM(R106:T106)/3 -> 1379.4667 | V106: =U106*91 -> 125531.47 | W106: =SUM(C106+D106+E106+H106+I106+J106+M106+N106+O106+R106+S106+T106)/12 -> 1405.8583 | X106: =W106*365 -> 513138.29
A107: Combined Hiland Mtn CC | B107: 404/395 | C107: 414.8 | D107: 409.1 | E107: 439.9 | F107: =SUM(C107:E107)/3 -> 421.26667 | G107: =F107*92 -> 38756.533 | H107: 423.5 | I107: 413.7 | J107: 407.7 | K107: =SUM(H107:J107)/3 -> 414.96667 | L107: =K107*92 -> 38176.933 | M107: 441.6 | N107: 429.2 | O107: 433.3 | P107: =SUM(M107:O107)/3 -> 434.7 | Q107: =P107*90 -> 39123 | R107: 421.7 | S107: 425 | T107: 426 | U107: =SUM(R107:T107)/3 -> 424.23333 | V107: =U107*91 -> 38605.233 | W107: =SUM(C107+D107+E107+H107+I107+J107+M107+N107+O107+R107+S107+T107)/12 -> 423.79167 | X107: =W107*365 -> 154683.96
...

Sheet CRC Avg Info by FY
A1: COMMUNITY RESIDENTIAL CENTERS | B1: FY2018 AVERAGE YEAR TO DATE INMATE POPULATION | N1: ANNUAL AVERAGE POPULATION | O1: FY2004 ANNUAL TOTAL MANDAYS
B2: 42925 | C2: 42956 | D2: 42987 | E2: 43017 | F2: 43048 | G2: 43078 | H2: 43109 | I2: 43140 | J2: 43168 | K2: 43199 | L2: 43229 | M2: 43260
A3: Community Residential Centers | B3: ='Qtrly''s-Cntsht Book'!D22 -> 369.55 | C3: ='Qtrly''s-Cntsht Book'!E22 -> 363.84 | D3: ='Qtrly''s-Cntsht Book'!F22 -> 360.67 | E3: ='Qtrly''s-Cntsht Book'!I22 -> 343.19 | F3: ='Qtrly''s-Cntsht Book'!J22 -> 316.9 | G3: ='Qtrly''s-Cntsht Book'!K22 -> 295.35 | H3: ='Qtrly''s-Cntsht Book'!N22 -> 265.35 | I3: ='Qtrly''s-Cntsht Book'!O22 -> 317.61 | J3: ='Qtrly''s-Cntsht Book'!P22 -> 322.52 | K3: ='Qtrly''s-Cntsht Book'!S22 -> 304.6 | L3: ='Qtrly''s-Cntsht Book'!T22 -> 286.19 | M3: ='Qtrly''s-Cntsht Book'!U22 -> 286.19 | N3: =SUM(B3:M3)/12 -> 319.33 | O3: ='Qtrly''s-Cntsht Book'!Y22 -> 116555.45
A5: COMMUNITY RESIDENTIAL CENTERS | B5: FY2017 AVERAGE YEAR TO DATE INMATE POPULATION | N5: ANNUAL AVERAGE POPULATION | O5: FY2004 ANNUAL TOTAL MANDAYS
B6: 42560 | C6: 42591 | D6: 42622 | E6: 42652 | F6: 42683 | G6: 42713 | H6: 42744 | I6: 42775 | J6: 42803 | K6: 42834 | L6: 42864 | M6: 42895
A7: Community Residential Centers | B7: ='Qtrly''s-Cntsht Book'!D52 -> 495.61 | C7: ='Qtrly''s-Cntsht Book'!E52 -> 470 | D7: ='Qtrly''s-Cntsht Book'!F52 -> 476 | E7: ='Qtrly''s-Cntsht Book'!I52 -> 430 | F7: ='Qtrly''s-Cntsht Book'!J52 -> 435 | G7: ='Qtrly''s-Cntsht Book'!K52 -> 424 | H7: ='Qtrly''s-Cntsht Book'!N52 -> 412 | I7: ='Qtrly''s-Cntsht Book'!O52 -> 432 | J7: ='Qtrly''s-Cntsht Book'!P52 -> 398 | K7: ='Qtrly''s-Cntsht Book'!S52 -> 408 | L7: ='Qtrly''s-Cntsht Book'!T52 -> 396.97 | M7: ='Qtrly''s-Cntsht Book'!U52 -> 386 | N7: =SUM(B7:M7)/12 -> 430.29833 | O7: ='Qtrly''s-Cntsht Book'!Y52 -> 157058.89
A9: COMMUNITY RESIDENTIAL CENTERS | B9: FY2016 AVERAGE YEAR TO DATE INMATE POPULATION | N9: ANNUAL AVERAGE POPULATION | O9: FY2004 ANNUAL TOTAL MANDAYS
B10: 42194 | C10: 42225 | D10: 42256 | E10: 42286 | F10: 42317 | G10: 42347 | H10: 42378 | I10: 42409 | J10: 42438 | K10: 42469 | L10: 42499 | M10: 42530
A11: Community Residential Centers | B11: ='Qtrly''s-Cntsht Book'!D83 -> 672.81 | C11: ='Qtrly''s-Cntsht Book'!E83 -> 677.1 | D11: ='Qtrly''s-Cntsht Book'!F83 -> 681.9 | E11: ='Qtrly''s-Cntsht Book'!I83 -> 648 | F11: ='Qtrly''s-Cntsht Book'!J83 -> 633.63 | G11: ='Qtrly''s-Cntsht Book'!K83 -> 647.29 | H11: ='Qtrly''s-Cntsht Book'!N83 -> 625.64 | I11: ='Qtrly''s-Cntsht Book'!O83 -> 607.83 | J11: ='Qtrly''s-Cntsht Book'!P83 -> 650 | K11: ='Qtrly''s-Cntsht Book'!S83 -> 627.2 | L11: ='Qtrly''s-Cntsht Book'!T83 -> 587.65 | M11: ='Qtrly''s-Cntsht Book'!U83 -> 561.73 | N11: =SUM(B11:M11)/12 -> 635.065 | O11: ='Qtrly''s-Cntsht Book'!Y83 -> 231798.72
A13: COMMUNITY RESIDENTIAL CENTERS | B13: FY2015 AVERAGE YEAR TO DATE INMATE POPULATION | N13: ANNUAL AVERAGE POPULATION | O13: FY2004 ANNUAL TOTAL MANDAYS
B14: 41829 | C14: 41860 | D14: 41891 | E14: 41921 | F14: 41952 | G14: 41982 | H14: 42013 | I14: 42044 | J14: 42072 | K14: 42103 | L14: 42133 | M14: 42164
A15: Community Residential Centers | B15: ='Qtrly''s-Cntsht Book'!C119 -> 739.16 | C15: ='Qtrly''s-Cntsht Book'!D119 -> 734 | D15: ='Qtrly''s-Cntsht Book'!E119 -> 727.13 | E15: ='Qtrly''s-Cntsht Book'!H119 -> 708.87 | F15: ='Qtrly''s-Cntsht Book'!I119 -> 686.93 | G15: ='Qtrly''s-Cntsht Book'!J119 -> 643 | H15: ='Qtrly''s-Cntsht Book'!M119 -> 633.03 | I15: ='Qtrly''s-Cntsht Book'!N119 -> 647 | J15: ='Qtrly''s-Cntsht Book'!O119 -> 708.84 | K15: ='Qtrly''s-Cntsht Book'!R119 -> 694.6 | L15: ='Qtrly''s-Cntsht Book'!S119 -> 682.87 | M15: ='Qtrly''s-Cntsht Book'!T119 -> 683.07 | N15: =SUM(B15:M15)/12 -> 690.70833 | O15: ='Qtrly''s-Cntsht Book'!X119 -> 252108.54
A17: COMMUNITY RESIDENTIAL CENTERS | B17: FY2014 AVERAGE YEAR TO DATE INMATE POPULATION | N17: ANNUAL AVERAGE POPULATION | O17: FY2004 ANNUAL TOTAL MANDAYS
B18: 41464 | C18: 41495 | D18: 41526 | E18: 41556 | F18: 41587 | G18: 41617 | H18: 41648 | I18: 41679 | J18: 41707 | K18: 41738 | L18: 41768 | M18: 41799
A19: Community Residential Centers | B19: ='Qtrly''s-Cntsht Book'!C153 -> 779.06 | C19: ='Qtrly''s-Cntsht Book'!D153 -> 776.29 | D19: ='Qtrly''s-Cntsht Book'!E153 -> 789.97 | E19: ='Qtrly''s-Cntsht Book'!H153 -> 756.94 | F19: ='Qtrly''s-Cntsht Book'!I153 -> 766.6 | G19: ='Qtrly''s-Cntsht Book'!J153 -> 741.45 | H19: ='Qtrly''s-Cntsht Book'!M153 -> 742.32 | I19: ='Qtrly''s-Cntsht Book'!N153 -> 764 | J19: ='Qtrly''s-Cntsht Book'!O153 -> 776.68 | K19: ='Qtrly''s-Cntsht Book'!R153 -> 753.07 | L19: ='Qtrly''s-Cntsht Book'!S153 -> 741.45 | M19: ='Qtrly''s-Cntsht Book'!T153 -> 739.17 | N19: =SUM(B19:M19)/12 -> 760.58333 | O19: ='Qtrly''s-Cntsht Book'!X153 -> 277612.92
A21: COMMUNITY RESIDENTIAL CENTERS | B21: FY2013 AVERAGE YEAR TO DATE INMATE POPULATION | N21: ANNUAL AVERAGE POPULATION | O21: FY2004 ANNUAL TOTAL MANDAYS
B22: 41099 | C22: 41130 | D22: 41161 | E22: 41191 | F22: 41222 | G22: 41252 | H22: 41283 | I22: 41314 | J22: 41342 | K22: 41373 | L22: 41403 | M22: 41434
A23: Community Residential Centers | B23: ='Qtrly''s-Cntsht Book'!C184 -> 750.68 | C23: ='Qtrly''s-Cntsht Book'!D184 -> 754.87 | D23: ='Qtrly''s-Cntsht Book'!E184 -> 733.8 | E23: ='Qtrly''s-Cntsht Book'!H184 -> 732.16 | F23: ='Qtrly''s-Cntsht Book'!I184 -> 769.5 | G23: ='Qtrly''s-Cntsht Book'!J184 -> 753 | H23: ='Qtrly''s-Cntsht Book'!M184 -> 762.26 | I23: ='Qtrly''s-Cntsht Book'!N184 -> 778.68 | J23: ='Qtrly''s-Cntsht Book'!O184 -> 781.61 | K23: ='Qtrly''s-Cntsht Book'!R184 -> 765.3 | L23: ='Qtrly''s-Cntsht Book'!S184 -> 756.16 | M23: ='Qtrly''s-Cntsht Book'!T184 -> 771.93 | N23: =SUM(B23:M23)/12 -> 759.1625 | O23: ='Qtrly''s-Cntsht Book'!X184 -> 277094.31
A25: COMMUNITY RESIDENTIAL CENTERS | B25: FY2012 AVERAGE YEAR TO DATE INMATE POPULATION | N25: ANNUAL AVERAGE POPULATION | O25: FY2004 ANNUAL TOTAL MANDAYS
B26: 40733 | C26: 40764 | D26: 40795 | E26: 40825 | F26: 40856 | G26: 40886 | H26: 40917 | I26: 40948 | J26: 40977 | K26: 41008 | L26: 41038 | M26: 41069
A27: Community Residential Centers | B27: ='Qtrly''s-Cntsht Book'!C216 -> 740 | C27: ='Qtrly''s-Cntsht Book'!D216 -> 749.84 | D27: ='Qtrly''s-Cntsht Book'!E216 -> 737.57 | E27: ='Qtrly''s-Cntsht Book'!H216 -> 743 | F27: ='Qtrly''s-Cntsht Book'!I216 -> 733.03 | G27: ='Qtrly''s-Cntsht Book'!J216 -> 738 | H27: ='Qtrly''s-Cntsht Book'!M216 -> 727.32 | I27: ='Qtrly''s-Cntsht Book'!N216 -> 744.34 | J27: ='Qtrly''s-Cntsht Book'!O216 -> 748.45 | K27: ='Qtrly''s-Cntsht Book'!R216 -> 744.97 | L27: ='Qtrly''s-Cntsht Book'!S216 -> 744.97 | M27: ='Qtrly''s-Cntsht Book'!T216 -> 740.87 | N27: =SUM(B27:M27)/12 -> 741.03 | O27: ='Qtrly''s-Cntsht Book'!X216 -> 271216.98
A29: COMMUNITY RESIDENTIAL CENTERS | B29: FY2003 AVERAGE YEAR TO DATE INMATE POPULATION | N29: ANNUAL AVERAGE POPULATION | O29: FY2003 ANNUAL TOTAL MANDAYS
B30: 37438 | C30: 37469 | D30: 37500 | E30: 37530 | F30: 37561 | G30: 37591 | H30: 37624 | I30: 37655 | J30: 37683 | K30: 37714 | L30: 37744 | M30: 37775
A31: Community Residential Centers | B31: 686 | C31: 686 | D31: 603 | E31: 700 | F31: 705 | G31: 686 | H31: 709 | I31: 709 | J31: 704 | K31: 688 | L31: 690 | M31: 688 | N31: =SUM(B31:M31)/12 -> 687.83333 | O31: ='Qtrly''s-Cntsht Book'!$X$489 -> 251120
A33: COMMUNITY RESIDENTIAL CENTERS | B33: FY2002 AVERAGE YEAR TO DATE INMATE POPULATION | N33: ANNUAL AVERAGE POPULATION | O33: FY2002 ANNUAL TOTAL MANDAYS
B34: 37073 | C34: 37104 | D34: 37135 | E34: 37165 | F34: 37196 | G34: 37226 | H34: 37258 | I34: 37289 | J34: 37317 | K34: 37348 | L34: 37378 | M34: 37409
A35: Community Residential Centers | B35: 680 | C35: 686 | D35: 693 | E35: 706 | F35: 703 | G35: 675 | H35: 669 | I35: 682 | J35: 693 | K35: 686 | L35: 707 | M35: 698 | N35: =SUM(B35:M35)/12 -> 689.83333 | O35: =N35*365 -> 251789.17
A37: COMMUNITY RESIDENTIAL CENTERS | B37: FY2001 AVERAGE YEAR TO DATE INMATE POPULATION | N37: ANNUAL AVERAGE POPULATION | O37: FY2001 ANNUAL TOTAL MANDAYS
B38: 36708 | C38: 36739 | D38: 36770 | E38: 36800 | F38: 36831 | G38: 36861 | H38: 36892 | I38: 36923 | J38: 36951 | K38: 36982 | L38: 37012 | M38: 37043
A39: Community Residential Centers | B39: 639 | C39: 633 | D39: 660 | E39: 675 | F39: 683 | G39: 653 | H39: 669 | I39: 675 | J39: 643 | K39: 669 | L39: 679 | M39: 662 | N39: =SUM(B39:M39)/12 -> 661.66667 | O39: =N39*365 -> 241508.33
A41: COMMUNITY RESIDENTIAL CENTERS | B41: FY2000 AVERAGE YEAR TO DATE INMATE POPULATION | N41: ANNUAL AVERAGE POPULATION | O41: FY2000 ANNUAL TOTAL MANDAYS
B42: 36342 | C42: 36373 | D42: 36404 | E42: 36434 | F42: 36465 | G42: 36495 | H42: 36526 | I42: 36557 | J42: 36586 | K42: 36617 | L42: 36647 | M42: 36678
A43: Community Residential Centers | B43: 618 | C43: 629 | D43: 677 | E43: 684 | F43: 683 | G43: 635 | H43: 630 | I43: 663 | J43: 669 | K43: 684 | L43: 662 | M43: 645 | N43: =SUM(B43:M43)/12 -> 656.58333 | O43: 239653
A45: COMMUNITY RESIDENTIAL CENTERS | B45: FY1999 AVERAGE YEAR TO DATE INMATE POPULATION | N45: ANNUAL AVERAGE DAILY POPULATION | O45: FY1999 ANNUAL TOTAL MANDAYS
B46: 35977 | C46: 36008 | D46: 36039 | E46: 36069 | F46: 36100 | G46: 36130 | H46: 36161 | I46: 36192 | J46: 36220 | K46: 36251 | L46: 36281 | M46: 36312
A47: Community Residential Centers | B47: 670 | C47: 626 | D47: 674 | E47: 634 | F47: 627 | G47: 625 | H47: 647 | I47: 657 | J47: 644 | K47: 658 | L47: 660 | M47: 617 | N47: =SUM(B47:M47)/12 -> 644.91667 | O47: =N47*365 -> 235394.58
A49: COMMUNITY RESIDENTIAL CENTERS | B49: FY1998 AVERAGE YEAR TO DATE INMATE POPULATION | N49: ANNUAL AVERAGE DAILY POPULATION | O49: FY1999 ANNUAL TOTAL MANDAYS
B50: 35612 | C50: 35643 | D50: 35674 | E50: 35704 | F50: 35735 | G50: 35765 | H50: 35796 | I50: 35827 | J50: 35855 | K50: 35886 | L50: 35916 | M50: 35947

Sheet COC 2016-2019 COMPARISON
A1: Institutions | B1: 2002 COC | C1: Mandays | D1: Total | F1: 2003 COC | G1: Mandays | H1: Total | I1: 2004 COC | J1: Mandays | K1: Total | L1: 2005 COC | M1: Mandays | N1: Total | O1: 2006 COC | P1: Mandays | Q1: Total | R1: 2007 COC | S1: Mandays | T1: Total | U1: 2008 COC | V1: Mandays | W1: Total | X1: 2009 COC | Y1: Mandays | Z1: Total | AA1: 2010 COC | AB1: Mandays | AC1: Total | AD1: 2011 COC | AE1: Mandays | AF1: Total | AG1: 2012 COC | AH1: Mandays | AI1: Total | AJ1: 2013 COC | AK1: Mandays | AL1: Total | AM1: 2015 COC | AN1: Mandays | AO1: Total | AP1: 2016 COC | AQ1: Mandays | AR1: Total | AS1: 2017COC | AT1: Mandays | AU1: Total | AV1: 2018 COC | AW1: Mandays | AX1: Total | AY1: 2019 COC | AZ1: Mandays | BA1: Total
A2: Anchorage Jail | B2: 4207448.5 | C2: 26754.5 | D2: 193.5088 | F2: 10007491 | G2: 144625.56 | H2: 106.85322 | I2: 10007491 | J2: 144540 | K2: 105.90032 | L2: 19164084 | M2: 297558 | N2: 99.915962 | O2: 19934909 | P2: 305007.38 | Q2: 95.644882 | R2: 22246649 | S2: 318750.85 | T2: 111.08691 | U2: 24224260 | V2: 353157 | W2: 109.64 | X2: 24473571 | Y2: 356416 | Z2: 109.02 | AA2: 24826079 | AB2: 311948 | AC2: 79.584031 | AD2: 25829995 | AE2: ='Qtrly''s-Cntsht Book'!X259+'Qtrly''s-Cntsht Book'!X261 -> 330692.43 | AF2: =AD2/AE2 -> 78.108816 | AG2: 26198323 | AH2: ='Qtrly''s-Cntsht Book'!X229+'Qtrly''s-Cntsht Book'!X231 -> 333964.35 | AI2: =AG2/AH2 -> 78.446466 | AJ2: 28150656 | AK2: ='Qtrly''s-Cntsht Book'!X200+'Qtrly''s-Cntsht Book'!X202 -> 331376.4 | AL2: =AJ2/AK2 -> 84.950697 | AM2: 29509517 | AN2: 322976.94 | AO2: =AM2/AN2 -> 91.367256 | AP2: 29681655 | AQ2: 309788 | AR2: =AP2/AQ2 -> 95.812797 | AS2: 30526128 | AT2: 301420.04 | AU2: =AS2/AT2 -> 101.27438 | AV2: 31581254 | AW2: 313486 | AX2: =AV2/AW2 -> 100.74215 | AY2: ='BILLING RATE CALC'!C27 -> 32570126 | AZ2: ='BILLING RATE CALC'!D27 -> 310268.25 | BA2: =AY2/AZ2 -> 104.97409
A3: Anvil Mt.CC | B3: 3827124.9 | C3: 36429.525 | D3: 141.30305 | F3: 3827124.9 | G3: 38165.586 | H3: 137.93421 | I3: 4077113.6 | J3: 38325 | K3: 143.0461 | L3: 4022696.3 | M3: 39162 | N3: 138.23081 | O3: 4453361.8 | P3: 40348.317 | Q3: 140.65903 | R3: 4921141.9 | S3: 42362.63 | T3: 157.46074 | U3: 5054874.1 | V3: 38831 | W3: 171.22 | X3: 5023661 | Y3: 42158 | Z3: 159.51 | AA3: 5044648.8 | AB3: 49993 | AC3: 100.9071 | AD3: 5649294.1 | AE3: ='Qtrly''s-Cntsht Book'!X260 -> 42563.258 | AF3: =AD3/AE3 -> 132.72701 | AG3: 5244350.9 | AH3: ='Qtrly''s-Cntsht Book'!X230 -> 41384.308 | AI3: =AG3/AH3 -> 126.72317 | AJ3: 6006266.8 | AK3: ='Qtrly''s-Cntsht Book'!X201 -> 44895.39 | AL3: =AJ3/AK3 -> 133.7836 | AM3: 6689614.8 | AN3: 44782.458 | AO3: =AM3/AN3 -> 149.38025 | AP3: 6383028.2 | AQ3: 40920 | AR3: =AP3/AQ3 -> 155.98798 | AS3: 6451551 | AT3: 40615.375 | AU3: =AS3/AT3 -> 158.84504 | AV3: 6266794.3 | AW3: 37881 | AX3: =AV3/AW3 -> 165.43371 | AY3: ='BILLING RATE CALC'!C28 -> 6919676.4 | AZ3: ='BILLING RATE CALC'!D28 -> 45399.917 | BA3: =AY3/AZ3 -> 152.41606
A4: Cook Inlet | B4: 9521144.6 | C4: 149163.33 | D4: 100.07779 | F4: 9472493.1 | G4: 139848.53 | H4: 105.3913 | I4: 9472493.1 | J4: 139795 | K4: 104.42302 | L4: * * * * * * * * * * * * | M4: * * * * * * * | N4: * * * * * * * | O4: * * * * * * * * * * * * | P4: * * * * * * * | Q4: * * * * * * * | R4: * * * * * * * * * * * * | S4: * * * * * * * | T4: * * * * * * * | U4: * * * * * * * * * * * * | V4: * * * * * * * | W4: * * * * * * * | X4: * * * * * * * * * * * * | Y4: * * * * * * * | Z4: * * * * * * * | AA4: * * * * * * * * * * * * | AB4: * * * * * * * | AC4: * * * * * * * | AD4: * * * * * * * * * * * * * * | AE4: * * * * * * * | AF4: * * * * * * * | AG4: * * * * * * * * * * * * | AH4: * * * * * * * * * * * * * * | AI4: * * * * * * * * * * * * * * | AJ4: * * * * * * * * * * * * * * | AK4: * * * * * * * * * * * * * | AM4: * * * * * * * * * * * * * * | AN4: * * * * * * * * * * * * * * | AP4: * * * * * * * * * * * * * * | AQ4: * * * * * * * * * * * * * * | AS4: * * * * * * * * * * * * * * | AT4: * * * * * * * * * * * * * * | AV4: * * * * * * * * * * * * * * | AW4: * * * * * * * * * * * * * * | AY4: * * * * * * * * * * * * * * | AZ4: * * * * * * * * * * * * * *
A5: Fairbanks CC | B5: 6843374.9 | C5: 76108.583 | D5: 126.1634 | F5: 7166991.1 | G5: 76595.645 | H5: 131.22653 | I5: 7295965.3 | J5: 78110 | K5: 130.06943 | L5: 7181711 | M5: 77958 | N5: 127.63425 | O5: 8221892.4 | P5: 81829.35 | Q5: 130.76219 | R5: 8758697.8 | S5: 103600.08 | T5: 125.83703 | U5: 10231801 | V5: 101283 | W5: 142.06 | X5: 10195356 | Y5: 109736 | Z5: 133.26 | AA5: 9743301 | AB5: 94790 | AC5: 102.78828 | AD5: 10284011 | AE5: ='Qtrly''s-Cntsht Book'!X262 -> 107202.93 | AF5: =AD5/AE5 -> 95.930318 | AG5: 10008008 | AH5: ='Qtrly''s-Cntsht Book'!X232 -> 101125.68 | AI5: =AG5/AH5 -> 98.96604 | AJ5: 11263994 | AK5: ='Qtrly''s-Cntsht Book'!X203 -> 101981.63 | AL5: =AJ5/AK5 -> 110.45121 | AM5: 11577122 | AN5: 100018.52 | AO5: =AM5/AN5 -> 115.74978 | AP5: 11514594 | AQ5: 98447 | AR5: =AP5/AQ5 -> 116.96237 | AS5: 11556642 | AT5: 98918.042 | AU5: =AS5/AT5 -> 116.83048 | AV5: 12114213 | AW5: 98109 | AX5: =AV5/AW5 -> 123.47708 | AY5: ='BILLING RATE CALC'!C29 -> 12690108 | AZ5: ='BILLING RATE CALC'!D29 -> 98385.75 | BA5: =AY5/AZ5 -> 128.98319
A6: GCCC | U6: * * * * * * * * * * * * * * * * * * * * * * * * * * * * * * * * * * * * * * * * * * * * * * * * * * * * * * * * * * * * * * * * * * * * * * * * * * * * * * * * * * * * * * * * * * * * * * * * * * * * * * * * * * * * * * * * * * * * * * * * * * * * | X6: * * * * * * * * * * * * | Y6: * * * * * * * * * * * * | Z6: * * * * * * * * * * * * | AA6: * * * * * * * * * * * * | AB6: * * * * * * * * * * * * | AC6: * * * * * * * * * * * * | AD6: * * * * * * * * * * * * | AE6: * * * * * * * * * * * * | AF6: * * * * * * * * * * * * | AG6: * * * * * * * * * * * * | AH6: * * * * * * * * * * * * * * | AJ6: 0 | AK6: 0 | AL6: 0 | AM6: 46469735 | AN6: 453733.33 | AO6: =AM6/AN6 -> 102.4164 | AP6: 50543418 | AQ6: 513138 | AR6: =AP6/AQ6 -> 98.498684 | AS6: 44848434 | AT6: 459224.75 | AU6: =AS6/AT6 -> 97.661186 | AV6: 41672576 | AW6: 461765 | AX6: =AV6/AW6 -> 90.246286 | AY6: ='BILLING RATE CALC'!C30 -> 40528060 | AZ6: ='BILLING RATE CALC'!D30 -> 486837 | BA6: =AY6/AZ6 -> 83.247698
A7: Hiland Mt.CC | B7: 7142287.1 | C7: 105991.13 | D7: 103.63317 | F7: 7299380 | G7: 103376.09 | H7: 108.2673 | I7: 7299380 | J7: 103295 | K7: 107.32851 | L7: 7398555.7 | M7: 107970 | N7: 104.03561 | O7: 7697246.9 | P7: 113687.98 | Q7: 97.991127 | R7: 8564813.8 | S7: 122196.68 | T7: 111.38408 | U7: 9796565.5 | V7: 121011 | W7: 122 | X7: 9668374.5 | Y7: 140284 | Z7: 109.27 | AA7: 9905372.2 | AB7: 129251 | AC7: 76.636716 | AD7: 10581089 | AE7: ='Qtrly''s-Cntsht Book'!X263 -> 139120.66 | AF7: =AD7/AE7 -> 76.056916 | AG7: 10367304 | AH7: ='Qtrly''s-Cntsht Book'!X233 -> 146938.35 | AI7: =AG7/AH7 -> 70.555468 | AJ7: 11545267 | AK7: ='Qtrly''s-Cntsht Book'!X204 -> 151887.25 | AL7: =AJ7/AK7 -> 76.012088 | AM7: 12740802 | AN7: 153873.96 | AO7: =AM7/AN7 -> 82.800245 | AP7: 12664955 | AQ7: 154684 | AR7: =AP7/AQ7 -> 81.876311 | AS7: 12729366 | AT7: 135904.71 | AU7: =AS7/AT7 -> 93.663904 | AV7: 13725391 | AW7: 110653 | AX7: =AV7/AW7 -> 124.03993 | AY7: ='BILLING RATE CALC'!C31 -> 14155037 | AZ7: ='BILLING RATE CALC'!D31 -> 113162.17 | BA7: =AY7/AZ7 -> 125.0863
A8: Ketchikan CC | B8: 2759922.4 | C8: 20514.825 | D8: 170.78053 | F8: 2953749.7 | G8: 20327.367 | H8: 182.96637 | I8: 2953749.7 | J8: 20440 | K8: 181.17144 | L8: 2733184.2 | M8: 21594 | N8: 162.08289 | O8: 2914942.7 | P8: 23087.071 | Q8: 156.54477 | R8: 3148961.3 | S8: 23551.899 | T8: 174.99676 | U8: 3501265.6 | V8: 21658 | W8: 202.7 | X8: 3732359.2 | Y8: 21250 | Z8: 215.99 | AA8: 3618116.9 | AB8: 17189 | AC8: 210.49025 | AD8: 3935511.3 | AE8: ='Qtrly''s-Cntsht Book'!X264 -> 22008.04 | AF8: =AD8/AE8 -> 178.82153 | AG8: 4110405.2 | AH8: ='Qtrly''s-Cntsht Book'!X234 -> 23030.283 | AI8: =AG8/AH8 -> 178.47827 | AJ8: 4466229.4 | AK8: ='Qtrly''s-Cntsht Book'!X205 -> 23195.555 | AL8: =AJ8/AK8 -> 192.54678 | AM8: 4477204.5 | AN8: 24480.246 | AO8: =AM8/AN8 -> 182.8905 | AP8: 4520349.4 | AQ8: 22995 | AR8: =AP8/AQ8 -> 196.57967 | AS8: 4646328.2 | AT8: 19545.75 | AU8: =AS8/AT8 -> 237.71552 | AV8: 4544196.3 | AW8: 18813 | AX8: =AV8/AW8 -> 241.54554 | AY8: ='BILLING RATE CALC'!C32 -> 4602921.4 | AZ8: ='BILLING RATE CALC'!D32 -> 18922.208 | BA8: =AY8/AZ8 -> 243.25498
A9: Lemon Creek | B9: 5827761.4 | C9: 61079.708 | D9: 131.65986 | F9: 6041167.7 | G9: 60596.175 | H9: 137.35289 | I9: 6041167.7 | J9: 60590 | K9: 136.36883 | L9: 5955706.8 | M9: 61854 | N9: 131.79796 | O9: 6103915.2 | P9: 65060.946 | Q9: 124.10453 | R9: 6622278 | S9: 72068.946 | T9: 133.18178 | U9: 7491800.2 | V9: 70195 | W9: 147.77 | X9: 7881180.7 | Y9: 75821 | Z9: 144.29 | AA9: 7690593.2 | AB9: 73065 | AC9: 105.25687 | AD9: 8262094.6 | AE9: ='Qtrly''s-Cntsht Book'!X265 -> 77820.738 | AF9: =AD9/AE9 -> 106.16829 | AG9: 8336468.5 | AH9: ='Qtrly''s-Cntsht Book'!X235 -> 83881.562 | AI9: =AG9/AH9 -> 99.3838 | AJ9: 9182902.7 | AK9: ='Qtrly''s-Cntsht Book'!X206 -> 85682.125 | AL9: =AJ9/AK9 -> 107.17408 | AM9: 10195510 | AN9: 87468.904 | AO9: =AM9/AN9 -> 116.56154 | AP9: 10029719 | AQ9: 86462 | AR9: =AP9/AQ9 -> 116.00147 | AS9: 9970901.7 | AT9: 81647.458 | AU9: =AS9/AT9 -> 122.1214 | AV9: 10135735 | AW9: 77267 | AX9: =AV9/AW9 -> 131.17806 | AY9: ='BILLING RATE CALC'!C33 -> 10625942 | AZ9: ='BILLING RATE CALC'!D33 -> 76084.25 | BA9: =AY9/AZ9 -> 139.6602
A10: Mat-Su Pre-Trial | B10: 2699075.6 | C10: 30399.329 | D10: 125.03481 | F10: 2708207.8 | G10: 29603.234 | H10: 129.14087 | I10: 2708207.8 | J10: 29565 | K10: 128.26495 | L10: 2764083.2 | M10: 31842 | N10: 122.31763 | O10: 3048248.6 | P10: 34806.461 | Q10: 117.8632 | R10: 3317571.4 | S10: 36446.102 | T10: 132.32047 | U10: 3707178.2 | V10: 38410 | W10: 137.56 | X10: 3925122.1 | Y10: 41410 | Z10: 135.14 | AA10: 4091395.2 | AB10: 37712 | AC10: 108.49054 | AD10: 4241143.1 | AE10: ='Qtrly''s-Cntsht Book'!X266 -> 38900.118 | AF10: =AD10/AE10 -> 109.02648 | AG10: 4240361.4 | AH10: ='Qtrly''s-Cntsht Book'!X236 -> 37470.596 | AI10: =AG10/AH10 -> 113.16504 | AJ10: 4486136.9 | AK10: ='Qtrly''s-Cntsht Book'!X207 -> 35165.585 | AL10: =AJ10/AK10 -> 127.5718 | AM10: 4846980.1 | AN10: 38009.275 | AO10: =AM10/AN10 -> 127.52098 | AP10: 4898489.6 | AQ10: 39000 | AR10: =AP10/AQ10 -> 125.6023 | AS10: 5095669.4 | AT10: 36630.792 | AU10: =AS10/AT10 -> 139.10891 | AV10: 6136341.5 | AW10: 34812 | AX10: =AV10/AW10 -> 176.27087 | AY10: ='BILLING RATE CALC'!C34 -> 6495487.2 | AZ10: ='BILLING RATE CALC'!D34 -> 31837.125 | BA10: =AY10/AZ10 -> 204.02242
A11: Palmer CC | B11: 8207261.6 | C11: 143569.71 | D11: 93.413154 | F11: 8311351.2 | G11: 140173.08 | H11: 96.950848 | I11: 8311351.2 | J11: 140160 | K11: 95.96216 | L11: 8446993.7 | M11: 140544 | N11: 95.613558 | O11: 8922253.4 | P11: 143667.65 | Q11: 92.389534 | R11: 9956649.9 | S11: 148299.5 | T11: 108.43248 | U11: 10900064 | V11: 143253 | W11: 117.13 | X11: 11838881 | Y11: 152147 | Z11: 118.16 | AA11: 12051610 | AB11: 161728 | AC11: 74.517768 | AD11: 12507800 | AE11: ='Qtrly''s-Cntsht Book'!X267 -> 182553.53 | AF11: =AD11/AE11 -> 68.515795 | AG11: 12108369 | AH11: ='Qtrly''s-Cntsht Book'!X237 -> 183526.56 | AI11: =AG11/AH11 -> 65.97611 | AJ11: 13367393 | AK11: ='Qtrly''s-Cntsht Book'!X208 -> 183184.52 | AL11: =AJ11/AK11 -> 72.972282 | AM11: 13418699 | AN11: 183310.91 | AO11: =AM11/AN11 -> 73.201859 | AP11: 13350500 | AQ11: 183534 | AR11: =AP11/AQ11 -> 72.74129 | AS11: 13075635 | AT11: 180115.33 | AU11: =AS11/AT11 -> 72.595901 | AV11: 7478497.1 | AW11: 37629 | AX11: =AV11/AW11 -> 198.74291 | AY11: ='BILLING RATE CALC'!C35 -> 94820.73 | AZ11: ='BILLING RATE CALC'!D35 -> 0 | BA11: 0
A12: Pt MacKenzie Farm | I12: 2330932.1 | J12: 34310 | K12: 104.60053 | L12: 2389598.3 | M12: 35136 | N12: 103.5214 | O12: 2644884.7 | P12: 35896.99 | Q12: 103.96595 | R12: 3089261.7 | S12: 35735.507 | T12: 127.74164 | U12: 3626206.7 | V12: 39250 | W12: 133.43 | X12: 3797182.2 | Y12: 44263 | Z12: 126.14 | AA12: 3906004.5 | AB12: 42940 | AC12: 90.964241 | AD12: 3769359.7 | AE12: ='Qtrly''s-Cntsht Book'!X268 -> 42361.596 | AF12: =AD12/AE12 -> 88.980588 | AG12: 3584193.9 | AH12: ='Qtrly''s-Cntsht Book'!X238 -> 43762.587 | AI12: =AG12/AH12 -> 81.900867 | AJ12: 3810247 | AK12: ='Qtrly''s-Cntsht Book'!X209 -> 40484.48 | AL12: =AJ12/AK12 -> 94.116238 | AM12: 3051517 | AN12: 32252.008 | AO12: =AM12/AN12 -> 94.61479 | AP12: 0 | AQ12: 0 | AR12: 0 | AS12: 206733.59 | AT12: 1460 | AU12: 0 | AV12: 284563.77 | AW12: 35223 | AX12: 0 | AY12: ='BILLING RATE CALC'!C36 -> 4294759 | AZ12: ='BILLING RATE CALC'!D36 -> 31824.958 | BA12: =AY12/AZ12 -> 134.9494
A13: Sixth Avenue | B13: 3419265.2 | C13: 31338.596 | D13: 145.35462 | F13: * * * * * * * * * * * | G13: * * * * * * * | H13: * * * * * * * | I13: * * * * * * * * * * * | J13: * * * * * * * | K13: * * * * * * * | L13: * * * * * * * * * * * | M13: * * * * * * * | N13: * * * * * * * | O13: * * * * * * * * * * * | P13: * * * * * * * | Q13: * * * * * * * | R13: * * * * * * * * * * * | S13: * * * * * * * | T13: * * * * * * * | U13: * * * * * * * * * * * | V13: * * * * * * * | W13: * * * * * * * | X13: * * * * * * * * * * * * | Y13: * * * * * * * | Z13: * * * * * * * | AA13: * * * * * * * * * * * * | AB13: * * * * * * * | AC13: * * * * * * * | AD13: * * * * * * * * * * * * | AE13: * * * * * * * | AF13: * * * * * * * | AG13: * * * * * * * * * * * * | AH13: * * * * * * * * * * * * * * | AI13: * * * * * * * | AJ13: * * * * * * * * * * * * | AK13: * * * * * * * | AL13: * * * * * * * | AM13: * * * * * * * * * * * * | AN13: * * * * * * * | AO13: * * * * * * * | AP13: * * * * * * * * * * * * | AQ13: * * * * * * * | AR13: * * * * * * * | AS13: * * * * * * * * * * * * | AT13: * * * * * * * | AU13: * * * * * * * | AV13: * * * * * * * * * * * * | AW13: * * * * * * * | AX13: * * * * * * * | AY13: * * * * * * * * * * * * | AZ13: * * * * * * * | BA13: * * * * * * *
A14: Spring Creek | B14: 13586190 | C14: 188029.75 | D14: 108.50299 | F14: 13814499 | G14: 174111.45 | H14: 117.00021 | I14: 13814499 | J14: 174105 | K14: 116.00893 | L14: 14201185 | M14: 177144 | N14: 115.67889 | O14: 15053553 | P14: 173736.05 | Q14: 116.93222 | R14: 16269860 | S14: 177677.44 | T14: 132.86333 | U14: 18421022 | V14: 172897 | W14: 147.59 | X14: 19526928 | Y14: 196419 | Z14: 139.76 | AA14: 19044803 | AB14: 195304 | AC14: 97.513637 | AD14: 20860193 | AE14: ='Qtrly''s-Cntsht Book'!X269 -> 200418.15 | AF14: =AD14/AE14 -> 104.08335 | AG14: 21259253 | AH14: ='Qtrly''s-Cntsht Book'!X239 -> 200520.05 | AI14: =AG14/AH14 -> 106.02058 | AJ14: 23701558 | AK14: ='Qtrly''s-Cntsht Book'!X210 -> 198029.48 | AL14: =AJ14/AK14 -> 119.68701 | AM14: 23895860 | AN14: 168351.08 | AO14: =AM14/AN14 -> 141.94064 | AP14: 21565442 | AQ14: 192632 | AR14: =AP14/AQ14 -> 111.9515 | AS14: 22390189 | AT14: 187704.29 | AU14: =AS14/AT14 -> 119.28437 | AV14: 24652733 | AW14: 178512 | AX14: =AV14/AW14 -> 138.10126 | AY14: ='BILLING RATE CALC'!C37 -> 22400761 | AZ14: ='BILLING RATE CALC'!D37 -> 143332.46 | BA14: =AY14/AZ14 -> 156.28533
A15: Wildwood CC | B15: 8134816.6 | C15: 130177.86 | D15: 98.73748 | F15: 8641325.7 | G15: 128241.29 | H15: 105.04069 | I15: 8641325.7 | J15: 128115 | K15: 104.11289 | L15: 8271519.8 | M15: 129930 | N15: 99.172782 | O15: 8861688.3 | P15: 129263.53 | Q15: 98.841315 | R15: 9695306.6 | S15: 134469.35 | T15: 113.39418 | U15: 10448269 | V15: 133648 | W15: 119.22 | X15: 10982562 | Y15: 136916 | Z15: 120.56 | AA15: 12067389 | AB15: 132834 | AC15: 90.845634 | AD15: 12779068 | AE15: ='Qtrly''s-Cntsht Book'!X270 -> 139381.94 | AF15: =AD15/AE15 -> 91.683817 | AG15: 12467852 | AH15: ='Qtrly''s-Cntsht Book'!X240 -> 146609.85 | AI15: =AG15/AH15 -> 85.04102 | AJ15: 14244441 | AK15: ='Qtrly''s-Cntsht Book'!X211 -> 157539.82 | AL15: =AJ15/AK15 -> 90.418036 | AM15: 15292805 | AN15: 158056.86 | AO15: =AM15/AN15 -> 96.755085 | AP15: 15360566 | AQ15: 157342 | AR15: =AP15/AQ15 -> 97.625341 | AS15: 15004487 | AT15: 146872.96 | AU15: =AS15/AT15 -> 102.15963 | AV15: 15176252 | AW15: 140723 | AX15: =AV15/AW15 -> 107.84486 | AY15: ='BILLING RATE CALC'!C38 -> 15506331 | AZ15: ='BILLING RATE CALC'!D38 -> 148795.29 | BA15: =AY15/AZ15 -> 104.21251
A16: YKCC | B16: 3868924.8 | C16: 35373.062 | D16: 145.62235 | F16: 4147309.4 | G16: 39512.345 | H16: 142.61973 | I16: 4147309.4 | J16: 39420 | K16: 141.87139 | L16: 4309167.8 | M16: 43920 | N16: 133.62545 | O16: 4247216.1 | P16: 41160.776 | Q16: 133.47211 | R16: 4428785.9 | S16: 42733.592 | T16: 144.93079 | U16: 4844664.5 | V16: 40962 | W16: 159.31 | X16: 5212389.8 | Y16: 39962 | Z16: 170.78 | AA16: 5636452.8 | AB16: 43264 | AC16: 130.28044 | AD16: 5676041.7 | AE16: ='Qtrly''s-Cntsht Book'!X271 -> 46919.837 | AF16: =AD16/AE16 -> 120.97317 | AG16: 5845332 | AH16: ='Qtrly''s-Cntsht Book'!X241 -> 57401.421 | AI16: =AG16/AH16 -> 101.83253 | AJ16: 7724430.6 | AK16: ='Qtrly''s-Cntsht Book'!X212 -> 56705.905 | AL16: =AJ16/AK16 -> 136.21916 | AM16: 8442685.9 | AN16: 71491.029 | AO16: =AM16/AN16 -> 118.09434 | AP16: 8305514 | AQ16: 70503 | AR16: =AP16/AQ16 -> 117.8037 | AS16: 8415108.7 | AT16: 67050.5 | AU16: =AS16/AT16 -> 125.50404 | AV16: 8463733 | AW16: 59288 | AX16: =AV16/AW16 -> 142.75626 | AY16: ='BILLING RATE CALC'!C39 -> 9406646.4 | AZ16: ='BILLING RATE CALC'!D39 -> 60523.083 | BA16: =AY16/AZ16 -> 155.42246
A17: Tents | B17: 165372.83 | C17: 5900.8333 | D17: 64.272798 | F17: 128974.18 | G17: 1520.8333 | H17: 122.4623 | I17: * * * * * * * * * * * | J17: * * * * * * * | K17: * * * * * * * | L17: * * * * * * * * * * * * | M17: * * * * * * * | N17: * * * * * * * | O17: * * * * * * * * * * * * | P17: * * * * * * * | Q17: * * * * * * * | R17: * * * * * * * * * * * * | S17: * * * * * * * | T17: * * * * * * * | U17: * * * * * * * * * * * * | V17: * * * * * * * | W17: * * * * * * * | X17: * * * * * * * * * * * * | Y17: * * * * * * * | Z17: * * * * * * * | AA17: * * * * * * * * * * * * | AB17: * * * * * * * | AC17: * * * * * * * | AD17: * * * * * * * * * * * * | AE17: * * * * * * * | AF17: * * * * * * * | AG17: * * * * * * * * * * * * | AH17: * * * * * * * * * * * * * * | AI17: * * * * * * * | AJ17: * * * * * * * * * * * * | AK17: * * * * * * * | AL17: * * * * * * * | AM17: * * * * * * * * * * * * | AN17: * * * * * * * | AO17: * * * * * * * | AP17: * * * * * * * * * * * * | AQ17: * * * * * * * | AR17: * * * * * * * | AS17: * * * * * * * * * * * * | AT17: * * * * * * * | AU17: * * * * * * * | AV17: * * * * * * * * * * * * | AW17: * * * * * * * | AX17: * * * * * * * | AY17: * * * * * * * * * * * * | AZ17: * * * * * * * | BA17: * * * * * * *
A18: Totals | B18: 80209970 | C18: 1040830.7 | D18: 113.31 | F18: 84520064 | G18: 1096697.2 | H18: 114.96 | I18: 87100985 | J18: 1130770 | K18: 113.69 | L18: 86838486 | M18: 1164612 | N18: 110.08 | O18: 92104112 | P18: 1187552.5 | Q18: 107.42 | R18: 1.0101998e+08 | S18: 1257892.6 | T18: 121.6 | U18: 1.1224797e+08 | V18: 1274555 | W18: 129.11 | X18: 1.1625757e+08 | Y18: 1356782 | Z18: 126.04 | AA18: 1.1762577e+08 | AB18: 1290018 | AC18: 134.21 | AD18: =SUM(AD2:AD17) -> 1.243756e+08 | AE18: =SUM(AE2:AE17) -> 1369943.2 | AF18: 136.44 | AG18: =SUM(AG2:AG17) -> 1.2377022e+08 | AH18: =SUM(AH2:AH17) -> 1399615.6 | AI18: 134.9 | AJ18: =SUM(AJ2:AJ17) -> 1.3794952e+08 | AK18: =SUM(AK2:AK17) -> 1410128.2 | AL18: 147.21 | AM18: =SUM(AM2:AM17) -> 1.9060805e+08 | AN18: =SUM(AN2:AN17) -> 1838805.5 | AO18: 142.66 | AP18: =SUM(AP2:AP17) -> 1.8881823e+08 | AQ18: =SUM(AQ2:AQ17) -> 1869445 | AR18: 141.17 | AS18: 1.8491717e+08 | AT18: 1757110 | AU18: 149.62 | AV18: =SUM(AV2:AV17) -> 1.8223228e+08 | AW18: =SUM(AW2:AW17) -> 1604161 | AX18: 166.91 | AY18: =SUM(AY2:AY17) -> 1.8029067e+08 | AZ18: =SUM(AZ2:AZ17) -> 1565372.5 | BA18: ='BILLING RATE CALC'!J40 -> 168.73919
AE19: 1369943 | AH19: 1399616 | AJ19: 1.3794952e+08 | AK19: 1410128 | AM19: 1.9060805e+08 | AN19: 1838806 | AP19: 1.8881823e+08 | AQ19: 1869445 | AS19: 1.8491717e+08 | AT19: 1757110 | AV19: 1.8223228e+08 | AW19: 1.604,161 | AY19: ='BILLING RATE CALC'!C40 -> 1.8029067e+08 | AZ19: ='BILLING RATE CALC'!D40 -> 1565372.5
A21: The "Total Cost" columns only represent costs associated with the Institutions and does not include other costs. The "Total" column should reflect "Inst. Cost" rate shown on BILLING RATE CALC tab.
A25: Revised: 11/29/18 lj
AC42: ; | AF42: ;

Sheet Sheet1
